Workbook

Sheet Context
A1: Context
A3: entity
A4: identifier | B4: entityCode
A5: scheme | B5: http://www.idx.co.id/xbrl
A7: period
A8: startDate | B8: 40544
A9: endDate | B9: 40816
A10: instant | B10: 40816
A11: startDate | B11: 40179
A12: endDate | B12: 40543
A13: instant | B13: 40543
A14: startDate | B14: 40179
A15: endDate | B15: 40451
A16: instant | B16: 40451
A17: instant | B17: 40178
A19: CurrentYearDuration
A20: entity
A21: identifier | B21: entityCode
A22: scheme | B22: http://www.idx.co.id/xbrl
A23: period
A24: startDate | B24: 40544
A25: endDate | B25: 40816
A27: CurrentYearInstant
A28: entity
A29: identifier | B29: entityCode
A30: scheme | B30: http://www.idx.co.id/xbrl
A31: period
A32: instant | B32: 40816
A34: PriorEndYearDuration
A35: entity
A36: identifier | B36: entityCode
A37: scheme | B37: http://www.idx.co.id/xbrl
A38: period
A39: startDate | B39: 40179
A40: endDate | B40: 40543
A42: PriorEndYearInstant
A43: entity
A44: identifier | B44: entityCode
A45: scheme | B45: http://www.idx.co.id/xbrl
A46: period
A47: instant | B47: 40543
A49: PriorYearDuration
A50: entity
A51: identifier | B51: entityCode
A52: scheme | B52: http://www.idx.co.id/xbrl
A53: period
A54: startDate | B54: 40179
A55: endDate | B55: 40451
A57: PriorYearInstant
A58: entity
A59: identifier | B59: entityCode
A60: scheme | B60: http://www.idx.co.id/xbrl
A61: period
A62: instant | B62: 40451
A64: Prior2YearsInstant
A65: entity
A66: identifier | B66: entityCode
A67: scheme | B67: http://www.idx.co.id/xbrl
A68: period
A69: instant | B69: 40178

Sheet InlineXBRL
A1: Inline XBRL file names | B1: Worksheet names
A2: 1000000.html | B2: 1000000

Sheet GENERAL INFO
A1: Informasi umum
A3: Period | C3: 2019-12-31 | D3: 2020-12-31 | E3: 2021-12-31 | F3: 2022-12-31 | G3: 2023-12-31 | H3: 2024-12-31 | I3: 2025-12-31
A4: Informasi umum
A5: Nama entitas | C5: PT Bank BRIsyariah Tbk | D5: PT Bank BRIsyariah Tbk | E5: PT Bank Syariah Indonesia Tbk | F5: PT Bank Syariah Indonesia Tbk | G5: PT Bank Syariah Indonesia Tbk | H5: PT Bank Syariah Indonesia Tbk | I5: PT Bank Syariah Indonesia Tbk
A6: Penjelasan perubahan nama dari akhir periode laporan sebelumnya
A7: Kode entitas | C7: BRIS | D7: BRIS | E7: BRIS | F7: BRIS | G7: BRIS | H7: BRIS | I7: BRIS
A8: Nomor identifikasi entitas | C8: AA744 | D8: AA744 | E8: AA744 | F8: AA744 | G8: AA744 | H8: AA744 | I8: AA744
A9: Industri utama entitas | C9: Keuangan dan Syariah / Financial and Sharia | D9: Keuangan dan Syariah / Financial and Sharia | E9: Keuangan dan Syariah / Financial and Sharia | F9: Keuangan dan Syariah / Financial and Sharia | G9: Keuangan dan Syariah / Financial and Sharia | H9: Keuangan dan Syariah / Financial and Sharia | I9: Keuangan dan Syariah / Financial and Sharia
A10: Standar akutansi yang dipilih | F10: PSAK | G10: PSAK | H10: PSAK | I10: PSAK
A11: Sektor | C11: 8. Finance | D11: 8. Finance | E11: 8. Finance | F11: G. Financials | G11: G. Financials | H11: G. Financials | I11: G. Financials
A12: Subsektor | C12: 81. Bank | D12: 81. Bank | E12: 81. Bank | F12: G1. Banks | G12: G1. Banks | H12: G1. Banks | I12: G1. Banks
A13: Industri | F13: G11. Banks | G13: G11. Banks | H13: G11. Banks | I13: G11. Banks
A14: Subindustri | F14: G111. Banks | G14: G111. Banks | H14: G111. Banks | I14: G111. Banks
A15: Informasi pemegang saham pengendali | C15: National Corporation | D15: National Corporation | E15: National Corporation | F15: National Corporation | G15: National Corporation | H15: National Corporation | I15: National Corporation
A16: Jenis entitas | C16: Local Company - Indonesia Jurisdiction | D16: Local Company - Indonesia Jurisdiction | E16: Local Company - Indonesia Jurisdiction | F16: Local Company - Indonesia Jurisdiction | G16: Local Company - Indonesia Jurisdiction | H16: Local Company - Indonesia Jurisdiction | I16: Local Company - Indonesia Jurisdiction
A17: Jenis efek yang dicatatkan | C17: Saham dan Obligasi / Stock and Bond | D17: Saham dan Obligasi / Stock and Bond | E17: Saham dan Obligasi / Stock and Bond | F17: Saham dan Obligasi / Stock and Bond | G17: Saham dan Obligasi / Stock and Bond | H17: Saham dan Obligasi / Stock and Bond | I17: Saham dan Obligasi / Stock and Bond
A18: Jenis papan perdagangan tempat entitas tercatat | F18: Utama / Main | G18: Utama / Main | H18: Utama / Main | I18: Utama / Main
A19: Apakah merupakan laporan keuangan satu entitas atau suatu kelompok entitas | C19: Entitas tunggal / Single entity | D19: Entitas tunggal / Single entity | E19: Entitas tunggal / Single entity | F19: Entitas tunggal / Single entity | G19: Entitas tunggal / Single entity | H19: Entitas tunggal / Single entity | I19: Entitas tunggal / Single entity
A20: Periode penyampaian laporan keuangan | C20: Tahunan / Annual | D20: Tahunan / Annual | E20: Tahunan / Annual | F20: Tahunan / Annual | G20: Tahunan / Annual | H20: Tahunan / Annual | I20: Tahunan / Annual
A21: Tanggal Surat Pernyataan Direksi | G21: 2024-01-30
A22: Tanggal awal periode berjalan | C22: 2019-01-01 | D22: 2020-01-01 | E22: 2021-01-01 | F22: 2022-01-01 | G22: 2023-01-01 | H22: 2024-01-01 | I22: 2025-01-01
A23: Tanggal akhir periode berjalan | C23: 2019-12-31 | D23: 2020-12-31 | E23: 2021-12-31 | F23: 2022-12-31 | G23: 2023-12-31 | H23: 2024-12-31 | I23: 2025-12-31
A24: Tanggal akhir tahun sebelumnya | C24: 2018-12-31 | D24: 2019-12-31 | E24: 2020-12-31 | F24: 2021-12-31 | G24: 2022-12-31 | H24: 2023-12-31 | I24: 2024-12-31
A25: Tanggal awal periode sebelumnya | C25: 2018-01-01 | D25: 2019-01-01 | E25: 2020-01-01 | F25: 2021-01-01 | G25: 2022-01-01 | H25: 2023-01-01 | I25: 2024-01-01
A26: Tanggal akhir periode sebelumnya | C26: 2018-12-31 | D26: 2019-12-31 | E26: 2020-12-31 | F26: 2021-12-31 | G26: 2022-12-31 | H26: 2023-12-31 | I26: 2024-12-31
A27: Tanggal akhir 2 tahun sebelumnya | F27: 2020-12-31 | G27: 2021-12-31 | H27: 2022-12-31 | I27: 2023-12-31
A28: Mata uang pelaporan | C28: Rupiah / IDR | D28: Rupiah / IDR | E28: Rupiah / IDR | F28: Rupiah / IDR | G28: Rupiah / IDR | H28: Rupiah / IDR | I28: Rupiah / IDR
A29: Kurs konversi pada tanggal pelaporan jika mata uang penyajian selain rupiah
A30: Pembulatan yang digunakan dalam penyajian jumlah dalam laporan keuangan | C30: Jutaan / In Million | D30: Jutaan / In Million | E30: Jutaan / In Million | F30: Jutaan / In Million | G30: Jutaan / In Million | H30: Jutaan / In Million | I30: Jutaan / In Million
A31: Jenis laporan atas laporan keuangan | C31: Diaudit / Audited | D31: Diaudit / Audited | E31: Diaudit / Audited | F31: Diaudit / Audited | G31: Diaudit / Audited | H31: Diaudit / Audited | I31: Diaudit / Audited
A32: Jenis opini auditor | C32: Wajar Tanpa Pengecualian / Unqualified | D32: Wajar Tanpa Pengecualian / Unqualified | E32: Wajar Tanpa Pengecualian / Unqualified | F32: Wajar Tanpa Modifikasian / Unqualified | G32: Wajar Tanpa Modifikasian / Unqualified | H32: Wajar Tanpa Modifikasian / Unqualified | I32: Wajar Tanpa Modifikasian / Unqualified
A33: Hal yang diungkapkan dalam paragraf pendapat untuk penekanan atas suatu masalah atau paragraf penjelasan lainnya, jika ada
A34: Hasil penugasan review
A35: Opini Hal Audit Utama | F35: Ya / Yes | G35: Ya / Yes
A36: Jumlah Hal Audit Utama | F36: 2
A37: Paragraf Hal Audit Utama | G37: 1. Cadangan kerugian penurunan nilai pada piutang, pinjaman qardh dan pembiayaan 2. Pengoperasian dan pengendalian atas sistem teknologi informasi (TI) pelaporan keuangan
A38: Tanggal laporan audit atau hasil laporan review | C38: 3 Februari 2020 | D38: January 26, 2021 | E38: January 19, 2022 | F38: 30 Januari 2023 | G38: 2024-01-30 | H38: 2025-02-04 | I38: 2026-01-29
A39: Auditor tahun berjalan | C39: Purwantono, Sungkoro & Surja | D39: Purwantono, Sungkoro & Surja | E39: Tanudiredja, Wibisana, Rintis dan Rekan | F39: Tanudiredja, Wibisana, Rintis, & Rekan | G39: Tanudiredja, Wibisana, Rintis & Rekan | H39: KAP Rintis, Jumadi, Rianto Rekan | I39: KAP Purwanto Susanti dan Surja
A40: Nama partner audit tahun berjalan | C40: Muhammad Kurniawan, CPA | D40: Christophorus Alvin Kossim | E40: Drs. M. Jusuf Wibisana, M.Ec., CPA | F40: Drs. M. Jusuf Wibisana, M.Ec., CPA | G40: Drs. M. Jusuf Wibisana, M.Ec., CPA | H40: Lucy Luciana Suhenda | I40: Yovita
A41: Lama tahun penugasan partner yang menandatangani
A42: Auditor tahun sebelumnya | C42: Purwantono, Sungkoro & Surja | D42: Purwantono, Sungkoro & Surja | E42: Purwantono, Sungkoro dan Surja | F42: Tanudiredja, Wibisana, Rintis, & Rekan | G42: Tanudiredja, Wibisana, Rintis & Rekan | H42: KAP Tanudiredja, Wibisana, Rintis dan Rekan | I42: KAP Rintis, Jumadi, Rianto Rekan
A43: Nama partner audit tahun sebelumnya | C43: Danil Setiadi Handaja, CPA | D43: Muhammad Kurniawan | E43: Christophorus Alvin Kossim | F43: Drs. M. Jusuf Wibisana, M.Ec., CPA | G43: Drs. M. Jusuf Wibisana, M.Ec., CPA | H43: Drs. M. Jusuf Wibisana, M.Ec., CPA | I43: Lucy Luciana Suhenda
A44: Kepatuhan terhadap pemenuhan peraturan OJK Nomor: 75/POJK.04/2017 tentang Tanggung Jawab Direksi Atas Laporan Keuangan | C44: Ya / Yes | D44: Ya / Yes | E44: Ya / Yes | F44: Ya / Yes | G44: Ya / Yes | H44: Ya / Yes | I44: Ya / Yes
A45: Kepatuhan terhadap pemenuhan independensi akuntan yang memberikan jasa audit di pasar modal sesuai dengan POJK Nomor 13/POJK.03/2017 tentang Penggunaan Jasa Akuntan Publik dalam Kegiatan Jasa Keuangan | C45: Ya / Yes | D45: Ya / Yes | E45: Ya / Yes | F45: Ya / Yes | G45: Ya / Yes | H45: Ya / Yes | I45: Ya / Yes

Sheet BALANCE SHEET
A1: Laporan posisi keuangan
A3: Period | C3: 2018-12-31 | D3: 2019-12-31 | E3: 2020-12-31 | F3: 2021-12-31 | G3: 2022-12-31 | H3: 2023-12-31 | I3: 2024-12-31 | J3: 2025-12-31
A4: Laporan posisi keuangan
A5: Aset
A6: Kas | C6: 231.268 | D6: 262.485 | E6: 3180.739 | F6: 4119.903 | G6: 4951.469 | H6: 5255.841 | I6: 8080.689 | J6: 8690.766
A7: Dana yang dibatasi penggunaannya
A8: Giro pada Bank Indonesia | C8: 1498.333 | D8: 1327.895 | E8: 1084.299 | F8: 11614.743 | G8: 20113.22 | H8: 17085.893 | I8: 13838.304 | J8: 29440.19
A9: Giro pada bank lain | C9: =C10+C11-C12 | D9: =D10+D11-D12 | E9: =E10+E11-E12 | F9: =F10+F11-F12 | G9: =G10+G11-G12 | H9: =H10+H11-H12 | I9: =I10+I11-I12 | J9: =J10+J11-J12 | ... AM9: =AM10+AM11-AM12
A10: Giro pada bank lain pihak ketiga | C10: 36.038 | D10: 6.815 | E10: 6463.68 | F10: 1254.347 | G10: 716.977 | H10: 1969.233 | I10: 1352.325 | J10: 2590.92
A11: Giro pada bank lain pihak berelasi | C11: 170.068 | D11: 295.923 | E11: 2220.518 | F11: 469.442 | G11: 150.515 | H11: 105.24 | I11: 128.549 | J11: 127.529
A12: Cadangan kerugian penurunan nilai pada giro pada bank lain | E12: 68.393 | F12: 17.238 | G12: 15.575 | H12: 20.745 | I12: 14.809 | J12: 17.787
A13: Penempatan pada Bank Indonesia dan bank lain | C13: =C14+C15-C16 | D13: =D14+D15-D16 | E13: =E14+E15-E16 | F13: =F14+F15-F16 | G13: =G14+G15-G16 | H13: =H14+H15-H16 | I13: =I14+I15-I16 | J13: =J14+J15-J16 | ... AM13: =AM14+AM15-AM16
A14: Penempatan pada Bank Indonesia dan bank lain pihak ketiga | C14: 4332 | D14: 3273 | E14: 500 | F14: 9083.837 | G14: 13289.238 | H14: 15604.885 | I14: 38527.975 | J14: 24012.853
A15: Penempatan pada Bank Indonesia dan bank lain pihak berelasi
A16: Cadangan kerugian penurunan nilai pada penempatan pada bank lain
A17: Total Cash | C17: =C6+C8+C9+C13 | D17: =D6+D8+D9+D13 | E17: =E6+E8+E9+E13 | F17: =F6+F8+F9+F13 | G17: =G6+G8+G9+G13 | H17: =H6+H8+H9+H13 | I17: =I6+I8+I9+I13 | J17: =J6+J8+J9+J13 | ... AM17: =AM6+AM8+AM9+AM13
A18: Expense from IS | C18: =IFERROR(HLOOKUP(C3,'INCOME STATEMENT'!$C$3:$AH$256, 82, FALSE), 0) + IFERROR(HLOOKUP(C3,'INCOME STATEMENT'!$C$3:$AH$256, 84, FALSE), 0) + IFERROR(HLOOKUP(C3,'INCOME STATEMENT'!$C$3:$AH$256, 85, FALSE), 0) + IFERROR(HLOOKUP(C3,'INCOME STATEMENT'!$C$3:$AH$256, 86, FALSE), 0) + IFERROR(HLOOKUP(C3,'INCOME STATEMENT'!$C$3:$AH$256, 75, FALSE), 0) | D18: =IFERROR(HLOOKUP(D3,'INCOME STATEMENT'!$C$3:$AH$256, 82, FALSE), 0) + IFERROR(HLOOKUP(D3,'INCOME STATEMENT'!$C$3:$AH$256, 84, FALSE), 0) + IFERROR(HLOOKUP(D3,'INCOME STATEMENT'!$C$3:$AH$256, 85, FALSE), 0) + IFERROR(HLOOKUP(D3,'INCOME STATEMENT'!$C$3:$AH$256, 86, FALSE), 0) + IFERROR(HLOOKUP(D3,'INCOME STATEMENT'!$C$3:$AH$256, 75, FALSE), 0) | E18: =IFERROR(HLOOKUP(E3,'INCOME STATEMENT'!$C$3:$AH$256, 82, FALSE), 0) + IFERROR(HLOOKUP(E3,'INCOME STATEMENT'!$C$3:$AH$256, 84, FALSE), 0) + IFERROR(HLOOKUP(E3,'INCOME STATEMENT'!$C$3:$AH$256, 85, FALSE), 0) + IFERROR(HLOOKUP(E3,'INCOME STATEMENT'!$C$3:$AH$256, 86, FALSE), 0) + IFERROR(HLOOKUP(E3,'INCOME STATEMENT'!$C$3:$AH$256, 75, FALSE), 0) | F18: =IFERROR(HLOOKUP(F3,'INCOME STATEMENT'!$C$3:$AH$256, 82, FALSE), 0) + IFERROR(HLOOKUP(F3,'INCOME STATEMENT'!$C$3:$AH$256, 84, FALSE), 0) + IFERROR(HLOOKUP(F3,'INCOME STATEMENT'!$C$3:$AH$256, 85, FALSE), 0) + IFERROR(HLOOKUP(F3,'INCOME STATEMENT'!$C$3:$AH$256, 86, FALSE), 0) + IFERROR(HLOOKUP(F3,'INCOME STATEMENT'!$C$3:$AH$256, 75, FALSE), 0) | G18: =IFERROR(HLOOKUP(G3,'INCOME STATEMENT'!$C$3:$AH$256, 82, FALSE), 0) + IFERROR(HLOOKUP(G3,'INCOME STATEMENT'!$C$3:$AH$256, 84, FALSE), 0) + IFERROR(HLOOKUP(G3,'INCOME STATEMENT'!$C$3:$AH$256, 85, FALSE), 0) + IFERROR(HLOOKUP(G3,'INCOME STATEMENT'!$C$3:$AH$256, 86, FALSE), 0) + IFERROR(HLOOKUP(G3,'INCOME STATEMENT'!$C$3:$AH$256, 75, FALSE), 0) | H18: =IFERROR(HLOOKUP(H3,'INCOME STATEMENT'!$C$3:$AH$256, 82, FALSE), 0) + IFERROR(HLOOKUP(H3,'INCOME STATEMENT'!$C$3:$AH$256, 84, FALSE), 0) + IFERROR(HLOOKUP(H3,'INCOME STATEMENT'!$C$3:$AH$256, 85, FALSE), 0) + IFERROR(HLOOKUP(H3,'INCOME STATEMENT'!$C$3:$AH$256, 86, FALSE), 0) + IFERROR(HLOOKUP(H3,'INCOME STATEMENT'!$C$3:$AH$256, 75, FALSE), 0) | I18: =IFERROR(HLOOKUP(I3,'INCOME STATEMENT'!$C$3:$AH$256, 82, FALSE), 0) + IFERROR(HLOOKUP(I3,'INCOME STATEMENT'!$C$3:$AH$256, 84, FALSE), 0) + IFERROR(HLOOKUP(I3,'INCOME STATEMENT'!$C$3:$AH$256, 85, FALSE), 0) + IFERROR(HLOOKUP(I3,'INCOME STATEMENT'!$C$3:$AH$256, 86, FALSE), 0) + IFERROR(HLOOKUP(I3,'INCOME STATEMENT'!$C$3:$AH$256, 75, FALSE), 0) | J18: =IFERROR(HLOOKUP(J3,'INCOME STATEMENT'!$C$3:$AH$256, 82, FALSE), 0) + IFERROR(HLOOKUP(J3,'INCOME STATEMENT'!$C$3:$AH$256, 84, FALSE), 0) + IFERROR(HLOOKUP(J3,'INCOME STATEMENT'!$C$3:$AH$256, 85, FALSE), 0) + IFERROR(HLOOKUP(J3,'INCOME STATEMENT'!$C$3:$AH$256, 86, FALSE), 0) + IFERROR(HLOOKUP(J3,'INCOME STATEMENT'!$C$3:$AH$256, 75, FALSE), 0) | ... AM18: =IFERROR(HLOOKUP(AM3,'INCOME STATEMENT'!$C$3:$AH$256, 82, FALSE), 0) + IFERROR(HLOOKUP(AM3,'INCOME STATEMENT'!$C$3:$AH$256, 84, FALSE), 0) + IFERROR(HLOOKUP(AM3,'INCOME STATEMENT'!$C$3:$AH$256, 85, FALSE), 0) + IFERROR(HLOOKUP(AM3,'INCOME STATEMENT'!$C$3:$AH$256, 86, FALSE), 0) + IFERROR(HLOOKUP(AM3,'INCOME STATEMENT'!$C$3:$AH$256, 75, FALSE), 0)
A19: Cash Buffer (Days) | C19: =IFERROR(C17/((C18/365)), 0) | D19: =IFERROR(D17/((D18/365)), 0) | E19: =IFERROR(E17/((E18/365)), 0) | F19: =IFERROR(F17/((F18/365)), 0) | G19: =IFERROR(G17/((G18/365)), 0) | H19: =IFERROR(H17/((H18/365)), 0) | I19: =IFERROR(I17/((I18/365)), 0) | J19: =IFERROR(J17/((J18/365)), 0) | ... AM19: =IFERROR(AM17/((AM18/365)), 0)
A20: Cash to Deposit (%) | C20: =IFERROR(C17/C135, 0) | D20: =IFERROR(D17/D135, 0) | E20: =IFERROR(E17/E135, 0) | F20: =IFERROR(F17/F135, 0) | G20: =IFERROR(G17/G135, 0) | H20: =IFERROR(H17/H135, 0) | I20: =IFERROR(I17/I135, 0) | J20: =IFERROR(J17/J135, 0) | ... AM20: =IFERROR(AM17/AM135, 0)
A21: Piutang asuransi | C21: =C22+C23-C24 | D21: =D22+D23-D24 | E21: =E22+E23-E24 | F21: =F22+F23-F24 | G21: =G22+G23-G24 | H21: =H22+H23-H24 | I21: =I22+I23-I24 | J21: =J22+J23-J24 | ... AM21: =AM22+AM23-AM24
A22: Piutang asuransi pihak ketiga
A23: Piutang asuransi pihak berelasi
A24: Cadangan kerugian penurunan nilai pada piutang asuransi
A25: Biaya akuisisi tangguhan
A26: Deposito pada lembaga kliring dan penjaminan
A27: Efek-efek yang diperdagangkan | C27: =C28+C29-C30 | D27: =D28+D29-D30 | E27: =E28+E29-E30 | F27: =F28+F29-F30 | G27: =G28+G29-G30 | H27: =H28+H29-H30 | I27: =I28+I29-I30 | J27: =J28+J29-J30 | ... AM27: =AM28+AM29-AM30
A28: Efek-efek yang diperdagangkan pihak ketiga | C28: 230 | D28: 1889.017 | E28: 18767.522 | F28: 28960.003 | G28: 9246.783 | H28: 25684.947 | I28: 24017.877 | J28: 20646.876
A29: Efek-efek yang diperdagangkan pihak berelasi | C29: 8868.114 | D29: 8379.253 | E29: 12977.006 | F29: 38431.042 | G29: 48444.551 | H29: 45415.721 | I29: 37924.183 | J29: 38811.843
A30: Cadangan kerugian penurunan nilai pada efek-efek yang diperdagangkan | F30: 18.075 | G30: 9.028 | H30: 130.497 | I30: 32.122 | J30: 29.875
A31: Investasi pemegang polis pada kontrak unit-linked
A32: Efek yang dibeli dengan janji dijual kembali
A33: Wesel ekspor dan tagihan lainnya | C33: =C34+C35-C36 | D33: =D34+D35-D36 | E33: =E34+E35-E36 | F33: =F34+F35-F36 | G33: =G34+G35-G36 | H33: =H34+H35-H36 | I33: =I34+I35-I36 | J33: =J34+J35-J36 | ... AM33: =AM34+AM35-AM36
A34: Wesel ekspor dan tagihan lainnya pihak ketiga | D34: 0 | E34: 89.219 | F34: 206.1 | G34: 96.935 | H34: 53.066 | I34: 116.292 | J34: 64.526
A35: Wesel ekspor dan tagihan lainnya pihak berelasi | G35: 63.636 | H35: 147.792 | I35: 193.454 | J35: 159.357
A36: Cadangan kerugian penurunan nilai pada wesel ekspor dan tagihan lainnya | F36: 2.061 | G36: 1.606 | H36: 2.009 | I36: 3.166 | J36: 2.239
A37: Tagihan akseptasi | C37: =C38+C39-C40 | D37: =D38+D39-D40 | E37: =E38+E39-E40 | F37: =F38+F39-F40 | G37: =G38+G39-G40 | H37: =H38+H39-H40 | I37: =I38+I39-I40 | J37: =J38+J39-J40 | ... AM37: =AM38+AM39-AM40
A38: Tagihan akseptasi pihak ketiga | D38: 1.381 | E38: 60.654 | F38: 53.823 | G38: 374.791 | H38: 244.074 | I38: 12.694 | J38: 587.439
A39: Tagihan akseptasi pihak berelasi | F39: 107.672 | G39: 106.612 | H39: 187.154 | I39: 172.451 | J39: 105.677
A40: Cadangan kerugian penurunan nilai pada tagihan akseptasi | F40: 1.615 | G40: 4.814 | H40: 4.312 | I40: 1.851 | J40: 6.931
A41: Tagihan derivatif | C41: =C42+C43 | D41: =D42+D43 | E41: =E42+E43 | F41: =F42+F43 | G41: =G42+G43 | H41: =H42+H43 | I41: =I42+I43 | J41: =J42+J43 | ... AM41: =AM42+AM43
A42: Tagihan derivatif pihak ketiga
A43: Tagihan derivatif pihak berelasi
A44: Total Credit | C44: =C47+C52+C56+C60+C64+C68+C72+C76+C80+C84+C96 | D44: =D47+D52+D56+D60+D64+D68+D72+D76+D80+D84+D96 | E44: =E47+E52+E56+E60+E64+E68+E72+E76+E80+E84+E96 | F44: =F47+F52+F56+F60+F64+F68+F72+F76+F80+F84+F96 | G44: =G47+G52+G56+G60+G64+G68+G72+G76+G80+G84+G96 | H44: =H47+H52+H56+H60+H64+H68+H72+H76+H80+H84+H96 | I44: =I47+I52+I56+I60+I64+I68+I72+I76+I80+I84+I96 | J44: =J47+J52+J56+J60+J64+J68+J72+J76+J80+J84+J96 | ... AM44: =AM47+AM52+AM56+AM60+AM64+AM68+AM72+AM76+AM80+AM84+AM96
A45: Credit Growth (%) | C45: =IFERROR(IF(((C44-B44)/B44)=-1, "", (C44-B44)/B44), "") | D45: =IFERROR(IF(((D44-C44)/C44)=-1, "", (D44-C44)/C44), "") | E45: =IFERROR(IF(((E44-D44)/D44)=-1, "", (E44-D44)/D44), "") | F45: =IFERROR(IF(((F44-E44)/E44)=-1, "", (F44-E44)/E44), "") | G45: =IFERROR(IF(((G44-F44)/F44)=-1, "", (G44-F44)/F44), "") | H45: =IFERROR(IF(((H44-G44)/G44)=-1, "", (H44-G44)/G44), "") | I45: =IFERROR(IF(((I44-H44)/H44)=-1, "", (I44-H44)/H44), "") | J45: =IFERROR(IF(((J44-I44)/I44)=-1, "", (J44-I44)/I44), "") | ... AM45: =IFERROR(IF(((AM44-AL44)/AL44)=-1, "", (AM44-AL44)/AL44), "")
A46: Credit to Asset (%) | C46: =IFERROR(C44/C125, 0) | D46: =IFERROR(D44/D125, 0) | E46: =IFERROR(E44/E125, 0) | F46: =IFERROR(F44/F125, 0) | G46: =IFERROR(G44/G125, 0) | H46: =IFERROR(H44/H125, 0) | I46: =IFERROR(I44/I125, 0) | J46: =IFERROR(J44/J125, 0) | ... AM46: =IFERROR(AM44/AM125, 0)
A47: Pinjaman yang diberikan | C47: =C48+C49-C50 | D47: =D48+D49-D50 | E47: =E48+E49-E50 | F47: =F48+F49-F50 | G47: =G48+G49-G50 | H47: =H48+H49-H50 | I47: =I48+I49-I50 | J47: =J48+J49-J50 | ... AM47: =AM48+AM49-AM50
A48: Pinjaman yang diberikan pihak ketiga
A49: Pinjaman yang diberikan pihak berelasi
A50: Cadangan kerugian penurunan nilai pada pinjaman yang diberikan
A51: Piutang dari lembaga kliring dan penjaminan
A52: Piutang nasabah | C52: =C53+C54-C55 | D52: =D53+D54-D55 | E52: =E53+E54-E55 | F52: =F53+F54-F55 | G52: =G53+G54-G55 | H52: =H53+H54-H55 | I52: =I53+I54-I55 | J52: =J53+J54-J55 | ... AM52: =AM53+AM54-AM55
A53: Piutang nasabah pihak ketiga
A54: Piutang nasabah pihak berelasi
A55: Cadangan kerugian penurunan nilai pada piutang nasabah
A56: Piutang murabahah | C56: =C57+C58-C59 | D56: =D57+D58-D59 | E56: =E57+E58-E59 | F56: =F57+F58-F59 | G56: =G57+G58-G59 | H56: =H57+H58-H59 | I56: =I57+I58-I59 | J56: =J57+J58-J59 | ... AM56: =AM57+AM58-AM59
A57: Piutang murabahah pihak ketiga | C57: 11289.907 | D57: 13260.868 | E57: 88945.718 | F57: 101184.93 | G57: 124648.18 | H57: 136391.38 | I57: 144205.65 | J57: 149274.35
A58: Piutang murabahah pihak berelasi | C58: 285.163 | D58: 278.503 | E58: 898.372 | F58: 500.628 | G58: 225.173 | H58: 111.712 | I58: 66.883 | J58: 53.803
A59: Cadangan kerugian penurunan nilai pada piutang murabahah | C59: 204.194 | D59: 366.869 | E59: 946.77 | F59: 3351.703 | G59: 4173.161 | H59: 4348.133 | I59: 4246.909 | J59: 4545.716
A60: Piutang istishna | C60: =C61+C62-C63 | D60: =D61+D62-D63 | E60: =E61+E62-E63 | F60: =F61+F62-F63 | G60: =G61+G62-G63 | H60: =H61+H62-H63 | I60: =I61+I62-I63 | J60: =J61+J62-J63 | ... AM60: =AM61+AM62-AM63
A61: Piutang istishna pihak ketiga | C61: 3.35 | D61: 2.709 | E61: 0.637 | F61: 0.359 | G61: 0.132 | H61: 0.03 | I61: 0.011 | J61: 0
A62: Piutang istishna pihak berelasi
A63: Cadangan kerugian penurunan nilai pada piutang istishna | C63: 0.138 | D63: 0.009 | E63: 0.03 | F63: 0.003 | G63: 0.001 | H63: 0.002 | I63: 0 | J63: 0
A64: Piutang ijarah | C64: =C65+C66-C67 | D64: =D65+D66-D67 | E64: =E65+E66-E67 | F64: =F65+F66-F67 | G64: =G65+G66-G67 | H64: =H65+H66-H67 | I64: =I65+I66-I67 | J64: =J65+J66-J67 | ... AM64: =AM65+AM66-AM67
A65: Piutang ijarah pihak ketiga | C65: 0 | D65: 19.589 | E65: 39.167 | F65: 101.57 | G65: 13.278 | H65: 217.241 | I65: 188.361 | J65: 166.499
A66: Piutang ijarah pihak berelasi | H66: 1.159 | I66: 0 | J66: 0
A67: Cadangan kerugian penurunan nilai pada piutang ijarah | C67: 0 | D67: 1.697 | E67: 12.982 | F67: 98.8 | G67: 11.625 | H67: 13.233 | I67: 18.46 | J67: 14.449
A68: Piutang pembiayaan konsumen | C68: =C69+C70-C71 | D68: =D69+D70-D71 | E68: =E69+E70-E71 | F68: =F69+F70-F71 | G68: =G69+G70-G71 | H68: =H69+H70-H71 | I68: =I69+I70-I71 | J68: =J69+J70-J71 | ... AM68: =AM69+AM70-AM71
A69: Piutang pembiayaan konsumen pihak ketiga
A70: Piutang pembiayaan konsumen pihak berelasi
A71: Cadangan kerugian penurunan nilai pada piutang pembiayaan konsumen
A72: Pinjaman qardh | C72: =C73+C74-C75 | D72: =D73+D74-D75 | E72: =E73+E74-E75 | F72: =F73+F74-F75 | G72: =G73+G74-G75 | H72: =H73+H74-H75 | I72: =I73+I74-I75 | J72: =J73+J74-J75 | ... AM72: =AM73+AM74-AM75
A73: Pinjaman qardh pihak ketiga | C73: 140.643 | D73: 137.519 | E73: 6963.07 | F73: 8133.403 | G73: 8000.432 | H73: 9468.085 | I73: 12863.002 | J73: 17201.419
A74: Pinjaman qardh pihak berelasi | C74: 226.361 | D74: 269.135 | E74: 141.199 | F74: 1285.828 | G74: 1701.177 | H74: 1838.996 | I74: 910.782 | J74: 520.509
A75: Cadangan kerugian penurunan nilai pada pinjaman qardh | C75: 2.644 | D75: 7.319 | E75: 1.607 | F75: 337.831 | G75: 834.596 | H75: 817.917 | I75: 787.694 | J75: 748.173
A76: Pembiayaan mudharabah | C76: =C77+C78-C79 | D76: =D77+D78-D79 | E76: =E77+E78-E79 | F76: =F77+F78-F79 | G76: =G77+G78-G79 | H76: =H77+H78-H79 | I76: =I77+I78-I79 | J76: =J77+J78-J79 | ... AM76: =AM77+AM78-AM79
A77: Pembiayaan mudharabah pihak ketiga | C77: 367.321 | D77: 219.458 | E77: 259.421 | F77: 1154.595 | G77: 816.175 | H77: 881.133 | I77: 937.079 | J77: 889.309
A78: Pembiayaan mudharabah pihak berelasi | C78: 117.526 | D78: 194.638 | E78: 1210.059 | F78: 473.842 | G78: 225.222 | H78: 1000 | I78: 2000 | J78: 2000
A79: Cadangan kerugian penurunan nilai pada pembiayaan mudharabah | C79: 9.547 | D79: 6.85 | E79: 7.419 | F79: 36.123 | G79: 39.44 | H79: 49.481 | I79: 93.488 | J79: 51.456
A80: Pembiayaan musyarakah | C80: =C81+C82-C83 | D80: =D81+D82-D83 | E80: =E81+E82-E83 | F80: =F81+F82-F83 | G80: =G81+G82-G83 | H80: =H81+H82-H83 | I80: =I81+I82-I83 | J80: =J81+J82-J83 | ... AM80: =AM81+AM82-AM83
A81: Pembiayaan musyarakah pihak ketiga | C81: 5938.089 | D81: 7938.564 | E81: 35725.705 | F81: 37198.108 | G81: 48707.593 | H81: 63452.727 | I81: 88044.668 | J81: 118731.49
A82: Pembiayaan musyarakah pihak berelasi | C82: 1810.04 | D82: 3289.289 | E82: 17622.828 | F82: 20356.328 | G82: 21882.918 | H82: 24763.47 | I82: 26142.55 | J82: 26140.288
A83: Cadangan kerugian penurunan nilai pada pembiayaan musyarakah | C83: 341.174 | D83: 363.148 | E83: 493.975 | F83: 3651.313 | G83: 4139.565 | H83: 4459.696 | I83: 5145.131 | J83: 5622.587
A84: Investasi sewa | C84: =C85+C86+C87+C88+C89-C90 | D84: =D85+D86+D87+D88+D89-D90 | E84: =E85+E86+E87+E88+E89-E90 | F84: =F85+F86+F87+F88+F89-F90 | G84: =G85+G86+G87+G88+G89-G90 | H84: =H85+H86+H87+H88+H89-H90 | I84: =I85+I86+I87+I88+I89-I90 | J84: =J85+J86+J87+J88+J89-J90 | ... AM84: =AM85+AM86+AM87+AM88+AM89-AM90
A85: Investasi sewa pihak ketiga
A86: Investasi sewa pihak berelasi
A87: Investasi sewa nilai residu yang terjamin
A88: Investasi sewa pendapatan pembiayaan tangguhan
A89: Investasi sewa simpanan jaminan
A90: Cadangan kerugian penurunan nilai pada investasi sewa
A91: Tagihan anjak piutang | C91: =C92+C93+C94-C95 | D91: =D92+D93+D94-D95 | E91: =E92+E93+E94-E95 | F91: =F92+F93+F94-F95 | G91: =G92+G93+G94-G95 | H91: =H92+H93+H94-H95 | I91: =I92+I93+I94-I95 | J91: =J92+J93+J94-J95 | ... AM91: =AM92+AM93+AM94-AM95
A92: Tagihan anjak piutang pihak ketiga
A93: Tagihan anjak piutang pihak berelasi
A94: Tagihan anjak piutang pada pendapatan anjak piutang tangguhan
A95: Cadangan kerugian penurunan nilai pada tagihan anjak piutang
A96: Piutang lainnya | C96: =C97+C98-C99 | D96: =D97+D98-D99 | E96: =E97+E98-E99 | F96: =F97+F98-F99 | G96: =G97+G98-G99 | H96: =H97+H98-H99 | I96: =I97+I98-I99 | J96: =J97+J98-J99 | ... AM96: =AM97+AM98-AM99
A97: Piutang lainnya pihak ketiga
A98: Piutang lainnya pihak berelasi
A99: Cadangan kerugian penurunan nilai pada piutang lainnya
A100: Aset keuangan lainnya | E100: 371.577
A101: Obligasi pemerintah
...

Sheet Asset Composition
A1: Asset Composition
C3: ='BALANCE SHEET'!C3 | D3: ='BALANCE SHEET'!D3 | E3: ='BALANCE SHEET'!E3 | F3: ='BALANCE SHEET'!F3 | G3: ='BALANCE SHEET'!G3 | H3: ='BALANCE SHEET'!H3 | I3: ='BALANCE SHEET'!I3 | J3: ='BALANCE SHEET'!J3 | ... AM3: ='BALANCE SHEET'!AM3
A4: Absolute
A5: Cash | C5: =IFERROR(HLOOKUP(C3,'BALANCE SHEET'!$C$3:$AM$258, 15, FALSE), 0) | D5: =IFERROR(HLOOKUP(D3,'BALANCE SHEET'!$C$3:$AM$258, 15, FALSE), 0) | E5: =IFERROR(HLOOKUP(E3,'BALANCE SHEET'!$C$3:$AM$258, 15, FALSE), 0) | F5: =IFERROR(HLOOKUP(F3,'BALANCE SHEET'!$C$3:$AM$258, 15, FALSE), 0) | G5: =IFERROR(HLOOKUP(G3,'BALANCE SHEET'!$C$3:$AM$258, 15, FALSE), 0) | H5: =IFERROR(HLOOKUP(H3,'BALANCE SHEET'!$C$3:$AM$258, 15, FALSE), 0) | I5: =IFERROR(HLOOKUP(I3,'BALANCE SHEET'!$C$3:$AM$258, 15, FALSE), 0) | J5: =IFERROR(HLOOKUP(J3,'BALANCE SHEET'!$C$3:$AM$258, 15, FALSE), 0) | ... AM5: =IFERROR(HLOOKUP(AM3,'BALANCE SHEET'!$C$3:$AM$258, 15, FALSE), 0)
A6: Credit | C6: =IFERROR(HLOOKUP(C3,'BALANCE SHEET'!$C$3:$AM$258, 42, FALSE), 0) | D6: =IFERROR(HLOOKUP(D3,'BALANCE SHEET'!$C$3:$AM$258, 42, FALSE), 0) | E6: =IFERROR(HLOOKUP(E3,'BALANCE SHEET'!$C$3:$AM$258, 42, FALSE), 0) | F6: =IFERROR(HLOOKUP(F3,'BALANCE SHEET'!$C$3:$AM$258, 42, FALSE), 0) | G6: =IFERROR(HLOOKUP(G3,'BALANCE SHEET'!$C$3:$AM$258, 42, FALSE), 0) | H6: =IFERROR(HLOOKUP(H3,'BALANCE SHEET'!$C$3:$AM$258, 42, FALSE), 0) | I6: =IFERROR(HLOOKUP(I3,'BALANCE SHEET'!$C$3:$AM$258, 42, FALSE), 0) | J6: =IFERROR(HLOOKUP(J3,'BALANCE SHEET'!$C$3:$AM$258, 42, FALSE), 0) | ... AM6: =IFERROR(HLOOKUP(AM3,'BALANCE SHEET'!$C$3:$AM$258, 42, FALSE), 0)
A7: PPE | C7: =IFERROR(HLOOKUP(C3,'BALANCE SHEET'!$C$3:$AM$258, 116, FALSE) + HLOOKUP(C3,'BALANCE SHEET'!$C$3:$AM$258, 118, FALSE) + HLOOKUP(C3,'BALANCE SHEET'!$C$3:$AM$258, 119, FALSE), 0) | D7: =IFERROR(HLOOKUP(D3,'BALANCE SHEET'!$C$3:$AM$258, 116, FALSE) + HLOOKUP(D3,'BALANCE SHEET'!$C$3:$AM$258, 118, FALSE) + HLOOKUP(D3,'BALANCE SHEET'!$C$3:$AM$258, 119, FALSE), 0) | E7: =IFERROR(HLOOKUP(E3,'BALANCE SHEET'!$C$3:$AM$258, 116, FALSE) + HLOOKUP(E3,'BALANCE SHEET'!$C$3:$AM$258, 118, FALSE) + HLOOKUP(E3,'BALANCE SHEET'!$C$3:$AM$258, 119, FALSE), 0) | F7: =IFERROR(HLOOKUP(F3,'BALANCE SHEET'!$C$3:$AM$258, 116, FALSE) + HLOOKUP(F3,'BALANCE SHEET'!$C$3:$AM$258, 118, FALSE) + HLOOKUP(F3,'BALANCE SHEET'!$C$3:$AM$258, 119, FALSE), 0) | G7: =IFERROR(HLOOKUP(G3,'BALANCE SHEET'!$C$3:$AM$258, 116, FALSE) + HLOOKUP(G3,'BALANCE SHEET'!$C$3:$AM$258, 118, FALSE) + HLOOKUP(G3,'BALANCE SHEET'!$C$3:$AM$258, 119, FALSE), 0) | H7: =IFERROR(HLOOKUP(H3,'BALANCE SHEET'!$C$3:$AM$258, 116, FALSE) + HLOOKUP(H3,'BALANCE SHEET'!$C$3:$AM$258, 118, FALSE) + HLOOKUP(H3,'BALANCE SHEET'!$C$3:$AM$258, 119, FALSE), 0) | I7: =IFERROR(HLOOKUP(I3,'BALANCE SHEET'!$C$3:$AM$258, 116, FALSE) + HLOOKUP(I3,'BALANCE SHEET'!$C$3:$AM$258, 118, FALSE) + HLOOKUP(I3,'BALANCE SHEET'!$C$3:$AM$258, 119, FALSE), 0) | J7: =IFERROR(HLOOKUP(J3,'BALANCE SHEET'!$C$3:$AM$258, 116, FALSE) + HLOOKUP(J3,'BALANCE SHEET'!$C$3:$AM$258, 118, FALSE) + HLOOKUP(J3,'BALANCE SHEET'!$C$3:$AM$258, 119, FALSE), 0) | ... AM7: =IFERROR(HLOOKUP(AM3,'BALANCE SHEET'!$C$3:$AM$258, 116, FALSE) + HLOOKUP(AM3,'BALANCE SHEET'!$C$3:$AM$258, 118, FALSE) + HLOOKUP(AM3,'BALANCE SHEET'!$C$3:$AM$258, 119, FALSE), 0)
A8: Investment | C8: =IFERROR(HLOOKUP(C3,'BALANCE SHEET'!$C$3:$AM$258, 25, FALSE) + HLOOKUP(C3,'BALANCE SHEET'!$C$3:$AM$258, 30, FALSE) + HLOOKUP(C3,'BALANCE SHEET'!$C$3:$AM$258, 99, FALSE) + HLOOKUP(C3,'BALANCE SHEET'!$C$3:$AM$258, 108, FALSE) + HLOOKUP(C3,'BALANCE SHEET'!$C$3:$AM$258, 109, FALSE), 0) | D8: =IFERROR(HLOOKUP(D3,'BALANCE SHEET'!$C$3:$AM$258, 25, FALSE) + HLOOKUP(D3,'BALANCE SHEET'!$C$3:$AM$258, 30, FALSE) + HLOOKUP(D3,'BALANCE SHEET'!$C$3:$AM$258, 99, FALSE) + HLOOKUP(D3,'BALANCE SHEET'!$C$3:$AM$258, 108, FALSE) + + HLOOKUP(D3,'BALANCE SHEET'!$C$3:$AM$258, 109, FALSE), 0) | E8: =IFERROR(HLOOKUP(E3,'BALANCE SHEET'!$C$3:$AM$258, 25, FALSE) + HLOOKUP(E3,'BALANCE SHEET'!$C$3:$AM$258, 30, FALSE) + HLOOKUP(E3,'BALANCE SHEET'!$C$3:$AM$258, 99, FALSE) + HLOOKUP(E3,'BALANCE SHEET'!$C$3:$AM$258, 108, FALSE) + + HLOOKUP(E3,'BALANCE SHEET'!$C$3:$AM$258, 109, FALSE), 0) | F8: =IFERROR(HLOOKUP(F3,'BALANCE SHEET'!$C$3:$AM$258, 25, FALSE) + HLOOKUP(F3,'BALANCE SHEET'!$C$3:$AM$258, 30, FALSE) + HLOOKUP(F3,'BALANCE SHEET'!$C$3:$AM$258, 99, FALSE) + HLOOKUP(F3,'BALANCE SHEET'!$C$3:$AM$258, 108, FALSE) + + HLOOKUP(F3,'BALANCE SHEET'!$C$3:$AM$258, 109, FALSE), 0) | G8: =IFERROR(HLOOKUP(G3,'BALANCE SHEET'!$C$3:$AM$258, 25, FALSE) + HLOOKUP(G3,'BALANCE SHEET'!$C$3:$AM$258, 30, FALSE) + HLOOKUP(G3,'BALANCE SHEET'!$C$3:$AM$258, 99, FALSE) + HLOOKUP(G3,'BALANCE SHEET'!$C$3:$AM$258, 108, FALSE) + + HLOOKUP(G3,'BALANCE SHEET'!$C$3:$AM$258, 109, FALSE), 0) | H8: =IFERROR(HLOOKUP(H3,'BALANCE SHEET'!$C$3:$AM$258, 25, FALSE) + HLOOKUP(H3,'BALANCE SHEET'!$C$3:$AM$258, 30, FALSE) + HLOOKUP(H3,'BALANCE SHEET'!$C$3:$AM$258, 99, FALSE) + HLOOKUP(H3,'BALANCE SHEET'!$C$3:$AM$258, 108, FALSE) + + HLOOKUP(H3,'BALANCE SHEET'!$C$3:$AM$258, 109, FALSE), 0) | I8: =IFERROR(HLOOKUP(I3,'BALANCE SHEET'!$C$3:$AM$258, 25, FALSE) + HLOOKUP(I3,'BALANCE SHEET'!$C$3:$AM$258, 30, FALSE) + HLOOKUP(I3,'BALANCE SHEET'!$C$3:$AM$258, 99, FALSE) + HLOOKUP(I3,'BALANCE SHEET'!$C$3:$AM$258, 108, FALSE) + + HLOOKUP(I3,'BALANCE SHEET'!$C$3:$AM$258, 109, FALSE), 0) | J8: =IFERROR(HLOOKUP(J3,'BALANCE SHEET'!$C$3:$AM$258, 25, FALSE) + HLOOKUP(J3,'BALANCE SHEET'!$C$3:$AM$258, 30, FALSE) + HLOOKUP(J3,'BALANCE SHEET'!$C$3:$AM$258, 99, FALSE) + HLOOKUP(J3,'BALANCE SHEET'!$C$3:$AM$258, 108, FALSE) + + HLOOKUP(J3,'BALANCE SHEET'!$C$3:$AM$258, 109, FALSE), 0) | K8: =IFERROR(HLOOKUP(K3,'BALANCE SHEET'!$C$3:$AM$258, 25, FALSE) + HLOOKUP(K3,'BALANCE SHEET'!$C$3:$AM$258, 30, FALSE) + HLOOKUP(K3,'BALANCE SHEET'!$C$3:$AM$258, 99, FALSE) + HLOOKUP(K3,'BALANCE SHEET'!$C$3:$AM$258, 108, FALSE) + + HLOOKUP(K3,'BALANCE SHEET'!$C$3:$AM$258, 109, FALSE), 0) | ... AM8: =IFERROR(HLOOKUP(AM3,'BALANCE SHEET'!$C$3:$AM$258, 25, FALSE) + HLOOKUP(AM3,'BALANCE SHEET'!$C$3:$AM$258, 30, FALSE) + HLOOKUP(AM3,'BALANCE SHEET'!$C$3:$AM$258, 99, FALSE) + HLOOKUP(AM3,'BALANCE SHEET'!$C$3:$AM$258, 108, FALSE) + + HLOOKUP(AM3,'BALANCE SHEET'!$C$3:$AM$258, 109, FALSE), 0)
A9: Others | C9: =IFERROR(HLOOKUP(C3,'BALANCE SHEET'!$C$3:$AM$258, 5, FALSE) + HLOOKUP(C3,'BALANCE SHEET'!$C$3:$AM$258, 19, FALSE) + HLOOKUP(C3,'BALANCE SHEET'!$C$3:$AM$258, 23, FALSE) + HLOOKUP(C3,'BALANCE SHEET'!$C$3:$AM$258, 24, FALSE) + HLOOKUP(C3,'BALANCE SHEET'!$C$3:$AM$258, 29, FALSE) + HLOOKUP(C3,'BALANCE SHEET'!$C$3:$AM$258, 31, FALSE) + HLOOKUP(C3,'BALANCE SHEET'!$C$3:$AM$258, 35, FALSE)+ HLOOKUP(C3,'BALANCE SHEET'!$C$3:$AM$258, 39, FALSE) + HLOOKUP(C3,'BALANCE SHEET'!$C$3:$AM$258, 49, FALSE) + HLOOKUP(C3,'BALANCE SHEET'!$C$3:$AM$258, 89, FALSE) + HLOOKUP(C3,'BALANCE SHEET'!$C$3:$AM$258, 98, FALSE) + HLOOKUP(C3,'BALANCE SHEET'!$C$3:$AM$258, 100, FALSE)+ HLOOKUP(C3,'BALANCE SHEET'!$C$3:$AM$258, 101, FALSE)+ HLOOKUP(C3,'BALANCE SHEET'!$C$3:$AM$258, 102, FALSE)+ HLOOKUP(C3,'BALANCE SHEET'!$C$3:$AM$258, 103, FALSE)+ HLOOKUP(C3,'BALANCE SHEET'!$C$3:$AM$258, 104, FALSE)+ HLOOKUP(C3,'BALANCE SHEET'!$C$3:$AM$258, 105, FALSE)+ HLOOKUP(C3,'BALANCE SHEET'!$C$3:$AM$258, 106, FALSE) + + HLOOKUP(C3,'BALANCE SHEET'!$C$3:$AM$258, 107, FALSE) + HLOOKUP(C3,'BALANCE SHEET'!$C$3:$AM$258, 112, FALSE)+ HLOOKUP(C3,'BALANCE SHEET'!$C$3:$AM$258, 113, FALSE)+ HLOOKUP(C3,'BALANCE SHEET'!$C$3:$AM$258, 114, FALSE)+ HLOOKUP(C3,'BALANCE SHEET'!$C$3:$AM$258, 115, FALSE)+ HLOOKUP(C3,'BALANCE SHEET'!$C$3:$AM$258, 117, FALSE)+ HLOOKUP(C3,'BALANCE SHEET'!$C$3:$AM$258, 120, FALSE)+ HLOOKUP(C3,'BALANCE SHEET'!$C$3:$AM$258, 121, FALSE)+ HLOOKUP(C3,'BALANCE SHEET'!$C$3:$AM$258, 122, FALSE), 0) | D9: =IFERROR(HLOOKUP(D3,'BALANCE SHEET'!$C$3:$AM$258, 5, FALSE) + HLOOKUP(D3,'BALANCE SHEET'!$C$3:$AM$258, 19, FALSE) + HLOOKUP(D3,'BALANCE SHEET'!$C$3:$AM$258, 23, FALSE) + HLOOKUP(D3,'BALANCE SHEET'!$C$3:$AM$258, 24, FALSE) + HLOOKUP(D3,'BALANCE SHEET'!$C$3:$AM$258, 29, FALSE) + HLOOKUP(D3,'BALANCE SHEET'!$C$3:$AM$258, 31, FALSE) + HLOOKUP(D3,'BALANCE SHEET'!$C$3:$AM$258, 35, FALSE)+ HLOOKUP(D3,'BALANCE SHEET'!$C$3:$AM$258, 39, FALSE) + HLOOKUP(D3,'BALANCE SHEET'!$C$3:$AM$258, 49, FALSE) + HLOOKUP(D3,'BALANCE SHEET'!$C$3:$AM$258, 89, FALSE) + HLOOKUP(D3,'BALANCE SHEET'!$C$3:$AM$258, 98, FALSE) + HLOOKUP(D3,'BALANCE SHEET'!$C$3:$AM$258, 100, FALSE)+ HLOOKUP(D3,'BALANCE SHEET'!$C$3:$AM$258, 101, FALSE)+ HLOOKUP(D3,'BALANCE SHEET'!$C$3:$AM$258, 102, FALSE)+ HLOOKUP(D3,'BALANCE SHEET'!$C$3:$AM$258, 103, FALSE)+ HLOOKUP(D3,'BALANCE SHEET'!$C$3:$AM$258, 104, FALSE)+ HLOOKUP(D3,'BALANCE SHEET'!$C$3:$AM$258, 105, FALSE)+ HLOOKUP(D3,'BALANCE SHEET'!$C$3:$AM$258, 106, FALSE) + + HLOOKUP(D3,'BALANCE SHEET'!$C$3:$AM$258, 107, FALSE) + HLOOKUP(D3,'BALANCE SHEET'!$C$3:$AM$258, 112, FALSE)+ HLOOKUP(D3,'BALANCE SHEET'!$C$3:$AM$258, 113, FALSE)+ HLOOKUP(D3,'BALANCE SHEET'!$C$3:$AM$258, 114, FALSE)+ HLOOKUP(D3,'BALANCE SHEET'!$C$3:$AM$258, 115, FALSE)+ HLOOKUP(D3,'BALANCE SHEET'!$C$3:$AM$258, 117, FALSE)+ HLOOKUP(D3,'BALANCE SHEET'!$C$3:$AM$258, 120, FALSE)+ HLOOKUP(D3,'BALANCE SHEET'!$C$3:$AM$258, 121, FALSE)+ HLOOKUP(D3,'BALANCE SHEET'!$C$3:$AM$258, 122, FALSE), 0) | E9: =IFERROR(HLOOKUP(E3,'BALANCE SHEET'!$C$3:$AM$258, 5, FALSE) + HLOOKUP(E3,'BALANCE SHEET'!$C$3:$AM$258, 19, FALSE) + HLOOKUP(E3,'BALANCE SHEET'!$C$3:$AM$258, 23, FALSE) + HLOOKUP(E3,'BALANCE SHEET'!$C$3:$AM$258, 24, FALSE) + HLOOKUP(E3,'BALANCE SHEET'!$C$3:$AM$258, 29, FALSE) + HLOOKUP(E3,'BALANCE SHEET'!$C$3:$AM$258, 31, FALSE) + HLOOKUP(E3,'BALANCE SHEET'!$C$3:$AM$258, 35, FALSE)+ HLOOKUP(E3,'BALANCE SHEET'!$C$3:$AM$258, 39, FALSE) + HLOOKUP(E3,'BALANCE SHEET'!$C$3:$AM$258, 49, FALSE) + HLOOKUP(E3,'BALANCE SHEET'!$C$3:$AM$258, 89, FALSE) + HLOOKUP(E3,'BALANCE SHEET'!$C$3:$AM$258, 98, FALSE) + HLOOKUP(E3,'BALANCE SHEET'!$C$3:$AM$258, 100, FALSE)+ HLOOKUP(E3,'BALANCE SHEET'!$C$3:$AM$258, 101, FALSE)+ HLOOKUP(E3,'BALANCE SHEET'!$C$3:$AM$258, 102, FALSE)+ HLOOKUP(E3,'BALANCE SHEET'!$C$3:$AM$258, 103, FALSE)+ HLOOKUP(E3,'BALANCE SHEET'!$C$3:$AM$258, 104, FALSE)+ HLOOKUP(E3,'BALANCE SHEET'!$C$3:$AM$258, 105, FALSE)+ HLOOKUP(E3,'BALANCE SHEET'!$C$3:$AM$258, 106, FALSE) + + HLOOKUP(E3,'BALANCE SHEET'!$C$3:$AM$258, 107, FALSE) + HLOOKUP(E3,'BALANCE SHEET'!$C$3:$AM$258, 112, FALSE)+ HLOOKUP(E3,'BALANCE SHEET'!$C$3:$AM$258, 113, FALSE)+ HLOOKUP(E3,'BALANCE SHEET'!$C$3:$AM$258, 114, FALSE)+ HLOOKUP(E3,'BALANCE SHEET'!$C$3:$AM$258, 115, FALSE)+ HLOOKUP(E3,'BALANCE SHEET'!$C$3:$AM$258, 117, FALSE)+ HLOOKUP(E3,'BALANCE SHEET'!$C$3:$AM$258, 120, FALSE)+ HLOOKUP(E3,'BALANCE SHEET'!$C$3:$AM$258, 121, FALSE)+ HLOOKUP(E3,'BALANCE SHEET'!$C$3:$AM$258, 122, FALSE), 0) | F9: =IFERROR(HLOOKUP(F3,'BALANCE SHEET'!$C$3:$AM$258, 5, FALSE) + HLOOKUP(F3,'BALANCE SHEET'!$C$3:$AM$258, 19, FALSE) + HLOOKUP(F3,'BALANCE SHEET'!$C$3:$AM$258, 23, FALSE) + HLOOKUP(F3,'BALANCE SHEET'!$C$3:$AM$258, 24, FALSE) + HLOOKUP(F3,'BALANCE SHEET'!$C$3:$AM$258, 29, FALSE) + HLOOKUP(F3,'BALANCE SHEET'!$C$3:$AM$258, 31, FALSE) + HLOOKUP(F3,'BALANCE SHEET'!$C$3:$AM$258, 35, FALSE)+ HLOOKUP(F3,'BALANCE SHEET'!$C$3:$AM$258, 39, FALSE) + HLOOKUP(F3,'BALANCE SHEET'!$C$3:$AM$258, 49, FALSE) + HLOOKUP(F3,'BALANCE SHEET'!$C$3:$AM$258, 89, FALSE) + HLOOKUP(F3,'BALANCE SHEET'!$C$3:$AM$258, 98, FALSE) + HLOOKUP(F3,'BALANCE SHEET'!$C$3:$AM$258, 100, FALSE)+ HLOOKUP(F3,'BALANCE SHEET'!$C$3:$AM$258, 101, FALSE)+ HLOOKUP(F3,'BALANCE SHEET'!$C$3:$AM$258, 102, FALSE)+ HLOOKUP(F3,'BALANCE SHEET'!$C$3:$AM$258, 103, FALSE)+ HLOOKUP(F3,'BALANCE SHEET'!$C$3:$AM$258, 104, FALSE)+ HLOOKUP(F3,'BALANCE SHEET'!$C$3:$AM$258, 105, FALSE)+ HLOOKUP(F3,'BALANCE SHEET'!$C$3:$AM$258, 106, FALSE) + + HLOOKUP(F3,'BALANCE SHEET'!$C$3:$AM$258, 107, FALSE) + HLOOKUP(F3,'BALANCE SHEET'!$C$3:$AM$258, 112, FALSE)+ HLOOKUP(F3,'BALANCE SHEET'!$C$3:$AM$258, 113, FALSE)+ HLOOKUP(F3,'BALANCE SHEET'!$C$3:$AM$258, 114, FALSE)+ HLOOKUP(F3,'BALANCE SHEET'!$C$3:$AM$258, 115, FALSE)+ HLOOKUP(F3,'BALANCE SHEET'!$C$3:$AM$258, 117, FALSE)+ HLOOKUP(F3,'BALANCE SHEET'!$C$3:$AM$258, 120, FALSE)+ HLOOKUP(F3,'BALANCE SHEET'!$C$3:$AM$258, 121, FALSE)+ HLOOKUP(F3,'BALANCE SHEET'!$C$3:$AM$258, 122, FALSE), 0) | G9: =IFERROR(HLOOKUP(G3,'BALANCE SHEET'!$C$3:$AM$258, 5, FALSE) + HLOOKUP(G3,'BALANCE SHEET'!$C$3:$AM$258, 19, FALSE) + HLOOKUP(G3,'BALANCE SHEET'!$C$3:$AM$258, 23, FALSE) + HLOOKUP(G3,'BALANCE SHEET'!$C$3:$AM$258, 24, FALSE) + HLOOKUP(G3,'BALANCE SHEET'!$C$3:$AM$258, 29, FALSE) + HLOOKUP(G3,'BALANCE SHEET'!$C$3:$AM$258, 31, FALSE) + HLOOKUP(G3,'BALANCE SHEET'!$C$3:$AM$258, 35, FALSE)+ HLOOKUP(G3,'BALANCE SHEET'!$C$3:$AM$258, 39, FALSE) + HLOOKUP(G3,'BALANCE SHEET'!$C$3:$AM$258, 49, FALSE) + HLOOKUP(G3,'BALANCE SHEET'!$C$3:$AM$258, 89, FALSE) + HLOOKUP(G3,'BALANCE SHEET'!$C$3:$AM$258, 98, FALSE) + HLOOKUP(G3,'BALANCE SHEET'!$C$3:$AM$258, 100, FALSE)+ HLOOKUP(G3,'BALANCE SHEET'!$C$3:$AM$258, 101, FALSE)+ HLOOKUP(G3,'BALANCE SHEET'!$C$3:$AM$258, 102, FALSE)+ HLOOKUP(G3,'BALANCE SHEET'!$C$3:$AM$258, 103, FALSE)+ HLOOKUP(G3,'BALANCE SHEET'!$C$3:$AM$258, 104, FALSE)+ HLOOKUP(G3,'BALANCE SHEET'!$C$3:$AM$258, 105, FALSE)+ HLOOKUP(G3,'BALANCE SHEET'!$C$3:$AM$258, 106, FALSE) + + HLOOKUP(G3,'BALANCE SHEET'!$C$3:$AM$258, 107, FALSE) + HLOOKUP(G3,'BALANCE SHEET'!$C$3:$AM$258, 112, FALSE)+ HLOOKUP(G3,'BALANCE SHEET'!$C$3:$AM$258, 113, FALSE)+ HLOOKUP(G3,'BALANCE SHEET'!$C$3:$AM$258, 114, FALSE)+ HLOOKUP(G3,'BALANCE SHEET'!$C$3:$AM$258, 115, FALSE)+ HLOOKUP(G3,'BALANCE SHEET'!$C$3:$AM$258, 117, FALSE)+ HLOOKUP(G3,'BALANCE SHEET'!$C$3:$AM$258, 120, FALSE)+ HLOOKUP(G3,'BALANCE SHEET'!$C$3:$AM$258, 121, FALSE)+ HLOOKUP(G3,'BALANCE SHEET'!$C$3:$AM$258, 122, FALSE), 0) | H9: =IFERROR(HLOOKUP(H3,'BALANCE SHEET'!$C$3:$AM$258, 5, FALSE) + HLOOKUP(H3,'BALANCE SHEET'!$C$3:$AM$258, 19, FALSE) + HLOOKUP(H3,'BALANCE SHEET'!$C$3:$AM$258, 23, FALSE) + HLOOKUP(H3,'BALANCE SHEET'!$C$3:$AM$258, 24, FALSE) + HLOOKUP(H3,'BALANCE SHEET'!$C$3:$AM$258, 29, FALSE) + HLOOKUP(H3,'BALANCE SHEET'!$C$3:$AM$258, 31, FALSE) + HLOOKUP(H3,'BALANCE SHEET'!$C$3:$AM$258, 35, FALSE)+ HLOOKUP(H3,'BALANCE SHEET'!$C$3:$AM$258, 39, FALSE) + HLOOKUP(H3,'BALANCE SHEET'!$C$3:$AM$258, 49, FALSE) + HLOOKUP(H3,'BALANCE SHEET'!$C$3:$AM$258, 89, FALSE) + HLOOKUP(H3,'BALANCE SHEET'!$C$3:$AM$258, 98, FALSE) + HLOOKUP(H3,'BALANCE SHEET'!$C$3:$AM$258, 100, FALSE)+ HLOOKUP(H3,'BALANCE SHEET'!$C$3:$AM$258, 101, FALSE)+ HLOOKUP(H3,'BALANCE SHEET'!$C$3:$AM$258, 102, FALSE)+ HLOOKUP(H3,'BALANCE SHEET'!$C$3:$AM$258, 103, FALSE)+ HLOOKUP(H3,'BALANCE SHEET'!$C$3:$AM$258, 104, FALSE)+ HLOOKUP(H3,'BALANCE SHEET'!$C$3:$AM$258, 105, FALSE)+ HLOOKUP(H3,'BALANCE SHEET'!$C$3:$AM$258, 106, FALSE) + + HLOOKUP(H3,'BALANCE SHEET'!$C$3:$AM$258, 107, FALSE) + HLOOKUP(H3,'BALANCE SHEET'!$C$3:$AM$258, 112, FALSE)+ HLOOKUP(H3,'BALANCE SHEET'!$C$3:$AM$258, 113, FALSE)+ HLOOKUP(H3,'BALANCE SHEET'!$C$3:$AM$258, 114, FALSE)+ HLOOKUP(H3,'BALANCE SHEET'!$C$3:$AM$258, 115, FALSE)+ HLOOKUP(H3,'BALANCE SHEET'!$C$3:$AM$258, 117, FALSE)+ HLOOKUP(H3,'BALANCE SHEET'!$C$3:$AM$258, 120, FALSE)+ HLOOKUP(H3,'BALANCE SHEET'!$C$3:$AM$258, 121, FALSE)+ HLOOKUP(H3,'BALANCE SHEET'!$C$3:$AM$258, 122, FALSE), 0) | I9: =IFERROR(HLOOKUP(I3,'BALANCE SHEET'!$C$3:$AM$258, 5, FALSE) + HLOOKUP(I3,'BALANCE SHEET'!$C$3:$AM$258, 19, FALSE) + HLOOKUP(I3,'BALANCE SHEET'!$C$3:$AM$258, 23, FALSE) + HLOOKUP(I3,'BALANCE SHEET'!$C$3:$AM$258, 24, FALSE) + HLOOKUP(I3,'BALANCE SHEET'!$C$3:$AM$258, 29, FALSE) + HLOOKUP(I3,'BALANCE SHEET'!$C$3:$AM$258, 31, FALSE) + HLOOKUP(I3,'BALANCE SHEET'!$C$3:$AM$258, 35, FALSE)+ HLOOKUP(I3,'BALANCE SHEET'!$C$3:$AM$258, 39, FALSE) + HLOOKUP(I3,'BALANCE SHEET'!$C$3:$AM$258, 49, FALSE) + HLOOKUP(I3,'BALANCE SHEET'!$C$3:$AM$258, 89, FALSE) + HLOOKUP(I3,'BALANCE SHEET'!$C$3:$AM$258, 98, FALSE) + HLOOKUP(I3,'BALANCE SHEET'!$C$3:$AM$258, 100, FALSE)+ HLOOKUP(I3,'BALANCE SHEET'!$C$3:$AM$258, 101, FALSE)+ HLOOKUP(I3,'BALANCE SHEET'!$C$3:$AM$258, 102, FALSE)+ HLOOKUP(I3,'BALANCE SHEET'!$C$3:$AM$258, 103, FALSE)+ HLOOKUP(I3,'BALANCE SHEET'!$C$3:$AM$258, 104, FALSE)+ HLOOKUP(I3,'BALANCE SHEET'!$C$3:$AM$258, 105, FALSE)+ HLOOKUP(I3,'BALANCE SHEET'!$C$3:$AM$258, 106, FALSE) + + HLOOKUP(I3,'BALANCE SHEET'!$C$3:$AM$258, 107, FALSE) + HLOOKUP(I3,'BALANCE SHEET'!$C$3:$AM$258, 112, FALSE)+ HLOOKUP(I3,'BALANCE SHEET'!$C$3:$AM$258, 113, FALSE)+ HLOOKUP(I3,'BALANCE SHEET'!$C$3:$AM$258, 114, FALSE)+ HLOOKUP(I3,'BALANCE SHEET'!$C$3:$AM$258, 115, FALSE)+ HLOOKUP(I3,'BALANCE SHEET'!$C$3:$AM$258, 117, FALSE)+ HLOOKUP(I3,'BALANCE SHEET'!$C$3:$AM$258, 120, FALSE)+ HLOOKUP(I3,'BALANCE SHEET'!$C$3:$AM$258, 121, FALSE)+ HLOOKUP(I3,'BALANCE SHEET'!$C$3:$AM$258, 122, FALSE), 0) | J9: =IFERROR(HLOOKUP(J3,'BALANCE SHEET'!$C$3:$AM$258, 5, FALSE) + HLOOKUP(J3,'BALANCE SHEET'!$C$3:$AM$258, 19, FALSE) + HLOOKUP(J3,'BALANCE SHEET'!$C$3:$AM$258, 23, FALSE) + HLOOKUP(J3,'BALANCE SHEET'!$C$3:$AM$258, 24, FALSE) + HLOOKUP(J3,'BALANCE SHEET'!$C$3:$AM$258, 29, FALSE) + HLOOKUP(J3,'BALANCE SHEET'!$C$3:$AM$258, 31, FALSE) + HLOOKUP(J3,'BALANCE SHEET'!$C$3:$AM$258, 35, FALSE)+ HLOOKUP(J3,'BALANCE SHEET'!$C$3:$AM$258, 39, FALSE) + HLOOKUP(J3,'BALANCE SHEET'!$C$3:$AM$258, 49, FALSE) + HLOOKUP(J3,'BALANCE SHEET'!$C$3:$AM$258, 89, FALSE) + HLOOKUP(J3,'BALANCE SHEET'!$C$3:$AM$258, 98, FALSE) + HLOOKUP(J3,'BALANCE SHEET'!$C$3:$AM$258, 100, FALSE)+ HLOOKUP(J3,'BALANCE SHEET'!$C$3:$AM$258, 101, FALSE)+ HLOOKUP(J3,'BALANCE SHEET'!$C$3:$AM$258, 102, FALSE)+ HLOOKUP(J3,'BALANCE SHEET'!$C$3:$AM$258, 103, FALSE)+ HLOOKUP(J3,'BALANCE SHEET'!$C$3:$AM$258, 104, FALSE)+ HLOOKUP(J3,'BALANCE SHEET'!$C$3:$AM$258, 105, FALSE)+ HLOOKUP(J3,'BALANCE SHEET'!$C$3:$AM$258, 106, FALSE) + + HLOOKUP(J3,'BALANCE SHEET'!$C$3:$AM$258, 107, FALSE) + HLOOKUP(J3,'BALANCE SHEET'!$C$3:$AM$258, 112, FALSE)+ HLOOKUP(J3,'BALANCE SHEET'!$C$3:$AM$258, 113, FALSE)+ HLOOKUP(J3,'BALANCE SHEET'!$C$3:$AM$258, 114, FALSE)+ HLOOKUP(J3,'BALANCE SHEET'!$C$3:$AM$258, 115, FALSE)+ HLOOKUP(J3,'BALANCE SHEET'!$C$3:$AM$258, 117, FALSE)+ HLOOKUP(J3,'BALANCE SHEET'!$C$3:$AM$258, 120, FALSE)+ HLOOKUP(J3,'BALANCE SHEET'!$C$3:$AM$258, 121, FALSE)+ HLOOKUP(J3,'BALANCE SHEET'!$C$3:$AM$258, 122, FALSE), 0) | ... AM9: =IFERROR(HLOOKUP(AM3,'BALANCE SHEET'!$C$3:$AM$258, 5, FALSE) + HLOOKUP(AM3,'BALANCE SHEET'!$C$3:$AM$258, 19, FALSE) + HLOOKUP(AM3,'BALANCE SHEET'!$C$3:$AM$258, 23, FALSE) + HLOOKUP(AM3,'BALANCE SHEET'!$C$3:$AM$258, 24, FALSE) + HLOOKUP(AM3,'BALANCE SHEET'!$C$3:$AM$258, 29, FALSE) + HLOOKUP(AM3,'BALANCE SHEET'!$C$3:$AM$258, 31, FALSE) + HLOOKUP(AM3,'BALANCE SHEET'!$C$3:$AM$258, 35, FALSE)+ HLOOKUP(AM3,'BALANCE SHEET'!$C$3:$AM$258, 39, FALSE) + HLOOKUP(AM3,'BALANCE SHEET'!$C$3:$AM$258, 49, FALSE) + HLOOKUP(AM3,'BALANCE SHEET'!$C$3:$AM$258, 89, FALSE) + HLOOKUP(AM3,'BALANCE SHEET'!$C$3:$AM$258, 98, FALSE) + HLOOKUP(AM3,'BALANCE SHEET'!$C$3:$AM$258, 100, FALSE)+ HLOOKUP(AM3,'BALANCE SHEET'!$C$3:$AM$258, 101, FALSE)+ HLOOKUP(AM3,'BALANCE SHEET'!$C$3:$AM$258, 102, FALSE)+ HLOOKUP(AM3,'BALANCE SHEET'!$C$3:$AM$258, 103, FALSE)+ HLOOKUP(AM3,'BALANCE SHEET'!$C$3:$AM$258, 104, FALSE)+ HLOOKUP(AM3,'BALANCE SHEET'!$C$3:$AM$258, 105, FALSE)+ HLOOKUP(AM3,'BALANCE SHEET'!$C$3:$AM$258, 106, FALSE) + + HLOOKUP(AM3,'BALANCE SHEET'!$C$3:$AM$258, 107, FALSE) + HLOOKUP(AM3,'BALANCE SHEET'!$C$3:$AM$258, 112, FALSE)+ HLOOKUP(AM3,'BALANCE SHEET'!$C$3:$AM$258, 113, FALSE)+ HLOOKUP(AM3,'BALANCE SHEET'!$C$3:$AM$258, 114, FALSE)+ HLOOKUP(AM3,'BALANCE SHEET'!$C$3:$AM$258, 115, FALSE)+ HLOOKUP(AM3,'BALANCE SHEET'!$C$3:$AM$258, 117, FALSE)+ HLOOKUP(AM3,'BALANCE SHEET'!$C$3:$AM$258, 120, FALSE)+ HLOOKUP(AM3,'BALANCE SHEET'!$C$3:$AM$258, 121, FALSE)+ HLOOKUP(AM3,'BALANCE SHEET'!$C$3:$AM$258, 122, FALSE), 0)
A10: Total Asset Sum | C10: =SUM(C5:C9) | D10: =SUM(D5:D9) | E10: =SUM(E5:E9) | F10: =SUM(F5:F9) | G10: =SUM(G5:G9) | H10: =SUM(H5:H9) | I10: =SUM(I5:I9) | J10: =SUM(J5:J9) | ... AM10: =SUM(AM5:AM9)
A11: Total Asset Check | C11: =IFERROR(HLOOKUP(C3,'BALANCE SHEET'!$C$3:$AM$258, 123, FALSE), 0) | D11: =IFERROR(HLOOKUP(D3,'BALANCE SHEET'!$C$3:$AM$258, 123, FALSE), 0) | E11: =IFERROR(HLOOKUP(E3,'BALANCE SHEET'!$C$3:$AM$258, 123, FALSE), 0) | F11: =IFERROR(HLOOKUP(F3,'BALANCE SHEET'!$C$3:$AM$258, 123, FALSE), 0) | G11: =IFERROR(HLOOKUP(G3,'BALANCE SHEET'!$C$3:$AM$258, 123, FALSE), 0) | H11: =IFERROR(HLOOKUP(H3,'BALANCE SHEET'!$C$3:$AM$258, 123, FALSE), 0) | I11: =IFERROR(HLOOKUP(I3,'BALANCE SHEET'!$C$3:$AM$258, 123, FALSE), 0) | J11: =IFERROR(HLOOKUP(J3,'BALANCE SHEET'!$C$3:$AM$258, 123, FALSE), 0) | ... AM11: =IFERROR(HLOOKUP(AM3,'BALANCE SHEET'!$C$3:$AM$258, 123, FALSE), 0)
A12: Percentage
A13: Cash | C13: =IFERROR(C5/C$10, 0) | D13: =IFERROR(D5/D$10, 0) | E13: =IFERROR(E5/E$10, 0) | F13: =IFERROR(F5/F$10, 0) | G13: =IFERROR(G5/G$10, 0) | H13: =IFERROR(H5/H$10, 0) | I13: =IFERROR(I5/I$10, 0) | J13: =IFERROR(J5/J$10, 0) | ... AM13: =IFERROR(AM5/AM$10, 0)
A14: Credit | C14: =IFERROR(C6/C$10, 0) | D14: =IFERROR(D6/D$10, 0) | E14: =IFERROR(E6/E$10, 0) | F14: =IFERROR(F6/F$10, 0) | G14: =IFERROR(G6/G$10, 0) | H14: =IFERROR(H6/H$10, 0) | I14: =IFERROR(I6/I$10, 0) | J14: =IFERROR(J6/J$10, 0) | ... AM14: =IFERROR(AM6/AM$10, 0)
A15: PPE | C15: =IFERROR(C7/C$10, 0) | D15: =IFERROR(D7/D$10, 0) | E15: =IFERROR(E7/E$10, 0) | F15: =IFERROR(F7/F$10, 0) | G15: =IFERROR(G7/G$10, 0) | H15: =IFERROR(H7/H$10, 0) | I15: =IFERROR(I7/I$10, 0) | J15: =IFERROR(J7/J$10, 0) | ... AM15: =IFERROR(AM7/AM$10, 0)
A16: Investment | C16: =IFERROR(C8/C$10, 0) | D16: =IFERROR(D8/D$10, 0) | E16: =IFERROR(E8/E$10, 0) | F16: =IFERROR(F8/F$10, 0) | G16: =IFERROR(G8/G$10, 0) | H16: =IFERROR(H8/H$10, 0) | I16: =IFERROR(I8/I$10, 0) | J16: =IFERROR(J8/J$10, 0) | ... AM16: =IFERROR(AM8/AM$10, 0)
A17: Others | C17: =IFERROR(C9/C$10, 0) | D17: =IFERROR(D9/D$10, 0) | E17: =IFERROR(E9/E$10, 0) | F17: =IFERROR(F9/F$10, 0) | G17: =IFERROR(G9/G$10, 0) | H17: =IFERROR(H9/H$10, 0) | I17: =IFERROR(I9/I$10, 0) | J17: =IFERROR(J9/J$10, 0) | ... AM17: =IFERROR(AM9/AM$10, 0)
A18: Total Percentage Sum | C18: =SUM(C13:C17) | D18: =SUM(D13:D17) | E18: =SUM(E13:E17) | F18: =SUM(F13:F17) | G18: =SUM(G13:G17) | H18: =SUM(H13:H17) | I18: =SUM(I13:I17) | J18: =SUM(J13:J17) | ... AM18: =SUM(AM13:AM17)

Sheet INCOME STATEMENT
A1: Laporan laba rugi dan penghasilan komprehensif lain
A3: Period | C3: 2018-12-31 | D3: 2019-12-31 | E3: 2020-12-31 | F3: 2021-12-31 | G3: 2022-12-31 | H3: 2023-12-31 | I3: 2024-12-31 | J3: 2025-12-31
A4: Laporan laba rugi dan penghasilan komprehensif lain
A5: Gross Operating Revenue (without recoveries, change in fair value, & one off) | C5: =C11+C19+C20+C28+C29+C30+C22+C25+C27+C33+C34+C38+C47+C48+C49+C50+C61+C52+C53+C54+C55+C56+C57+C60+C63+C62+C64+C69 | D5: =D11+D19+D20+D28+D29+D30+D22+D25+D27+D33+D34+D38+D47+D48+D49+D50+D61+D52+D53+D54+D55+D56+D57+D60+D63+D62+D64+D69 | E5: =E11+E19+E20+E28+E29+E30+E22+E25+E27+E33+E34+E38+E47+E48+E49+E50+E61+E52+E53+E54+E55+E56+E57+E60+E63+E62+E64+E69 | F5: =F11+F19+F20+F28+F29+F30+F22+F25+F27+F33+F34+F38+F47+F48+F49+F50+F61+F52+F53+F54+F55+F56+F57+F60+F63+F62+F64+F69 | G5: =G11+G19+G20+G28+G29+G30+G22+G25+G27+G33+G34+G38+G47+G48+G49+G50+G61+G52+G53+G54+G55+G56+G57+G60+G63+G62+G64+G69 | H5: =H11+H19+H20+H28+H29+H30+H22+H25+H27+H33+H34+H38+H47+H48+H49+H50+H61+H52+H53+H54+H55+H56+H57+H60+H63+H62+H64+H69 | I5: =I11+I19+I20+I28+I29+I30+I22+I25+I27+I33+I34+I38+I47+I48+I49+I50+I61+I52+I53+I54+I55+I56+I57+I60+I63+I62+I64+I69 | J5: =J11+J19+J20+J28+J29+J30+J22+J25+J27+J33+J34+J38+J47+J48+J49+J50+J61+J52+J53+J54+J55+J56+J57+J60+J63+J62+J64+J69 | ... AL5: =AL11+AL19+AL20+AL28+AL29+AL30+AL22+AL25+AL27+AL33+AL34+AL38+AL47+AL48+AL49+AL50+AL61+AL52+AL53+AL54+AL55+AL56+AL57+AL60+AL63+AL62+AL64+AL69
A6: Gross Operating Revenue Growth (%) | C6: =IFERROR(IF(((C5-B5)/B5)=-1, "", (C5-B5)/B5), "") | D6: =IFERROR(IF(((D5-C5)/C5)=-1, "", (D5-C5)/C5), "") | E6: =IFERROR(IF(((E5-D5)/D5)=-1, "", (E5-D5)/D5), "") | F6: =IFERROR(IF(((F5-E5)/E5)=-1, "", (F5-E5)/E5), "") | G6: =IFERROR(IF(((G5-F5)/F5)=-1, "", (G5-F5)/F5), "") | H6: =IFERROR(IF(((H5-G5)/G5)=-1, "", (H5-G5)/G5), "") | I6: =IFERROR(IF(((I5-H5)/H5)=-1, "", (I5-H5)/H5), "") | J6: =IFERROR(IF(((J5-I5)/I5)=-1, "", (J5-I5)/I5), "") | ... AL6: =IFERROR(IF(((AL5-AK5)/AK5)=-1, "", (AL5-AK5)/AK5), "")
A7: Net Operating Revenue (without recoveries, change in fair value, & one off) | C7: =C5 - (C14+C23+C24+C26+C32+C35+C36+C37+C39+C40+C41+C42+C43+C77) | D7: =D5 - (D14+D23+D24+D26+D32+D35+D36+D37+D39+D40+D41+D42+D43+D77) | E7: =E5 - (E14+E23+E24+E26+E32+E35+E36+E37+E39+E40+E41+E42+E43+E77) | F7: =F5 - (F14+F23+F24+F26+F32+F35+F36+F37+F39+F40+F41+F42+F43+F77) | G7: =G5 - (G14+G23+G24+G26+G32+G35+G36+G37+G39+G40+G41+G42+G43+G77) | H7: =H5 - (H14+H23+H24+H26+H32+H35+H36+H37+H39+H40+H41+H42+H43+H77) | I7: =I5 - (I14+I23+I24+I26+I32+I35+I36+I37+I39+I40+I41+I42+I43+I77) | J7: =J5 - (J14+J23+J24+J26+J32+J35+J36+J37+J39+J40+J41+J42+J43+J77) | ... AL7: =AL5 - (AL14+AL23+AL24+AL26+AL32+AL35+AL36+AL37+AL39+AL40+AL41+AL42+AL43+AL77)
A8: Net Operating Revenue Growth (%) | C8: =IFERROR(IF(((C7-B7)/B7)=-1, "", (C7-B7)/B7), "") | D8: =IFERROR(IF(((D7-C7)/C7)=-1, "", (D7-C7)/C7), "") | E8: =IFERROR(IF(((E7-D7)/D7)=-1, "", (E7-D7)/D7), "") | F8: =IFERROR(IF(((F7-E7)/E7)=-1, "", (F7-E7)/E7), "") | G8: =IFERROR(IF(((G7-F7)/F7)=-1, "", (G7-F7)/F7), "") | H8: =IFERROR(IF(((H7-G7)/G7)=-1, "", (H7-G7)/G7), "") | I8: =IFERROR(IF(((I7-H7)/H7)=-1, "", (I7-H7)/H7), "") | J8: =IFERROR(IF(((J7-I7)/I7)=-1, "", (J7-I7)/I7), "") | ... AL8: =IFERROR(IF(((AL7-AK7)/AK7)=-1, "", (AL7-AK7)/AK7), "")
A9: Total Asset Turnover Ratio (TATO) (%) | C9: =IFERROR(C7/HLOOKUP(C3,'BALANCE SHEET'!$C$3:$AH$258, 123, FALSE), "") | D9: =IFERROR(D7/HLOOKUP(D3,'BALANCE SHEET'!$C$3:$AH$258, 123, FALSE), "") | E9: =IFERROR(E7/HLOOKUP(E3,'BALANCE SHEET'!$C$3:$AH$258, 123, FALSE), "") | F9: =IFERROR(F7/HLOOKUP(F3,'BALANCE SHEET'!$C$3:$AH$258, 123, FALSE), "") | G9: =IFERROR(G7/HLOOKUP(G3,'BALANCE SHEET'!$C$3:$AH$258, 123, FALSE), "") | H9: =IFERROR(H7/HLOOKUP(H3,'BALANCE SHEET'!$C$3:$AH$258, 123, FALSE), "") | I9: =IFERROR(I7/HLOOKUP(I3,'BALANCE SHEET'!$C$3:$AH$258, 123, FALSE), "") | J9: =IFERROR(J7/HLOOKUP(J3,'BALANCE SHEET'!$C$3:$AH$258, 123, FALSE), "") | ... AL9: =IFERROR(AL7/HLOOKUP(AL3,'BALANCE SHEET'!$C$3:$AH$258, 123, FALSE), "")
A10: Pendapatan dan beban operasional
A11: Pendapatan bunga
A12: Gross Interest Income Growth (%) | C12: =IFERROR(IF(((C11-B11)/B11)=-1, "", (C11-B11)/B11), "") | D12: =IFERROR(IF(((D11-C11)/C11)=-1, "", (D11-C11)/C11), "") | E12: =IFERROR(IF(((E11-D11)/D11)=-1, "", (E11-D11)/D11), "") | F12: =IFERROR(IF(((F11-E11)/E11)=-1, "", (F11-E11)/E11), "") | G12: =IFERROR(IF(((G11-F11)/F11)=-1, "", (G11-F11)/F11), "") | H12: =IFERROR(IF(((H11-G11)/G11)=-1, "", (H11-G11)/G11), "") | I12: =IFERROR(IF(((I11-H11)/H11)=-1, "", (I11-H11)/H11), "") | J12: =IFERROR(IF(((J11-I11)/I11)=-1, "", (J11-I11)/I11), "") | ... AL12: =IFERROR(IF(((AL11-AK11)/AK11)=-1, "", (AL11-AK11)/AK11), "")
A13: Gross Interest Margin (GIM) (%) | C13: =IFERROR(C11/HLOOKUP(C3,'BALANCE SHEET'!$C$3:$AH$258, 125, FALSE), "") | D13: =IFERROR(D11/HLOOKUP(D3,'BALANCE SHEET'!$C$3:$AH$258, 125, FALSE), "") | E13: =IFERROR(E11/HLOOKUP(E3,'BALANCE SHEET'!$C$3:$AH$258, 125, FALSE), "") | F13: =IFERROR(F11/HLOOKUP(F3,'BALANCE SHEET'!$C$3:$AH$258, 125, FALSE), "") | G13: =IFERROR(G11/HLOOKUP(G3,'BALANCE SHEET'!$C$3:$AH$258, 125, FALSE), "") | H13: =IFERROR(H11/HLOOKUP(H3,'BALANCE SHEET'!$C$3:$AH$258, 125, FALSE), "") | I13: =IFERROR(I11/HLOOKUP(I3,'BALANCE SHEET'!$C$3:$AH$258, 125, FALSE), "") | J13: =IFERROR(J11/HLOOKUP(J3,'BALANCE SHEET'!$C$3:$AH$258, 125, FALSE), "") | ... AL13: =IFERROR(AL11/HLOOKUP(AL3,'BALANCE SHEET'!$C$3:$AH$258, 125, FALSE), "")
A14: Beban bunga
A15: Cost of Fund (COF) (%) | C15: =IFERROR(C$14/HLOOKUP(C$3,'BALANCE SHEET'!$C$3:$AH$258, 203, FALSE), "") | D15: =IFERROR(D$14/HLOOKUP(D$3,'BALANCE SHEET'!$C$3:$AH$258, 203, FALSE), "") | E15: =IFERROR(E$14/HLOOKUP(E$3,'BALANCE SHEET'!$C$3:$AH$258, 203, FALSE), "") | F15: =IFERROR(F$14/HLOOKUP(F$3,'BALANCE SHEET'!$C$3:$AH$258, 203, FALSE), "") | G15: =IFERROR(G$14/HLOOKUP(G$3,'BALANCE SHEET'!$C$3:$AH$258, 203, FALSE), "") | H15: =IFERROR(H$14/HLOOKUP(H$3,'BALANCE SHEET'!$C$3:$AH$258, 203, FALSE), "") | I15: =IFERROR(I$14/HLOOKUP(I$3,'BALANCE SHEET'!$C$3:$AH$258, 203, FALSE), "") | J15: =IFERROR(J$14/HLOOKUP(J$3,'BALANCE SHEET'!$C$3:$AH$258, 203, FALSE), "") | ... AL15: =IFERROR(AL$14/HLOOKUP(AL$3,'BALANCE SHEET'!$C$3:$AH$258, 203, FALSE), "")
A16: Pendapatan bunga bersih | C16: =C11-C14 | D16: =D11-D14 | E16: =E11-E14 | F16: =F11-F14 | G16: =G11-G14 | H16: =H11-H14 | I16: =I11-I14 | J16: =J11-J14 | ... AL16: =AL11-AL14
A17: Net Interest Income Growth (%) | C17: =IFERROR(IF(((C16-B16)/B16)=-1, "", (C16-B16)/B16), "") | D17: =IFERROR(IF(((D16-C16)/C16)=-1, "", (D16-C16)/C16), "") | E17: =IFERROR(IF(((E16-D16)/D16)=-1, "", (E16-D16)/D16), "") | F17: =IFERROR(IF(((F16-E16)/E16)=-1, "", (F16-E16)/E16), "") | G17: =IFERROR(IF(((G16-F16)/F16)=-1, "", (G16-F16)/F16), "") | H17: =IFERROR(IF(((H16-G16)/G16)=-1, "", (H16-G16)/G16), "") | I17: =IFERROR(IF(((I16-H16)/H16)=-1, "", (I16-H16)/H16), "") | J17: =IFERROR(IF(((J16-I16)/I16)=-1, "", (J16-I16)/I16), "") | ... AL17: =IFERROR(IF(((AL16-AK16)/AK16)=-1, "", (AL16-AK16)/AK16), "")
A18: Net Interest Margin (NIM) (%) | C18: =IFERROR(C16/HLOOKUP(C3,'BALANCE SHEET'!$C$3:$AH$258, 125, FALSE), "") | D18: =IFERROR(D16/HLOOKUP(D3,'BALANCE SHEET'!$C$3:$AH$258, 125, FALSE), "") | E18: =IFERROR(E16/HLOOKUP(E3,'BALANCE SHEET'!$C$3:$AH$258, 125, FALSE), "") | F18: =IFERROR(F16/HLOOKUP(F3,'BALANCE SHEET'!$C$3:$AH$258, 125, FALSE), "") | G18: =IFERROR(G16/HLOOKUP(G3,'BALANCE SHEET'!$C$3:$AH$258, 125, FALSE), "") | H18: =IFERROR(H16/HLOOKUP(H3,'BALANCE SHEET'!$C$3:$AH$258, 125, FALSE), "") | I18: =IFERROR(I16/HLOOKUP(I3,'BALANCE SHEET'!$C$3:$AH$258, 125, FALSE), "") | J18: =IFERROR(J16/HLOOKUP(J3,'BALANCE SHEET'!$C$3:$AH$258, 125, FALSE), "") | ... AL18: =IFERROR(AL16/HLOOKUP(AL3,'BALANCE SHEET'!$C$3:$AH$258, 125, FALSE), "")
A19: Pendapatan pengelolaan dana oleh bank sebagai mudharib | C19: 3120.307 | D19: 3374.863 | E19: 16929.592 | F19: 17808.432 | G19: 19622.865 | H19: 22251.743 | I19: 25298.203 | J19: 28265.491
A20: Hak pihak ketiga atas bagi hasil dana syirkah temporer | C20: -1317.1 | D20: -1320.886 | E20: -1458.915 | F20: -4378.807 | G20: -4032.169 | H20: -5993.168 | I20: -7889.029 | J20: -9136.405
A21: Pendapatan asuransi
A22: Pendapatan dari premi asuransi
A23: Premi reasuransi
A24: Premi retrosesi
A25: Penurunan (kenaikan) premi yang belum merupakan pendapatan
A26: Penurunan (kenaikan) pendapatan premi disesikan kepada reasuradur
A27: Pendapatan komisi asuransi
A28: Pendapatan bersih investasi
A29: Penerimaan ujrah
A30: Pendapatan asuransi lainnya
A31: Beban asuransi
A32: Beban klaim
... A43: Beban asuransi lainnya
A44: Net Operating Revenue before Provisions | C44: =C5 - (C14+C23+C24+C26+C32+C35+C36+C37+C39+C40+C41+C42+C43) | D44: =D5-D14-D32 | E44: =E5-E14-E32 | F44: =F5-F14-F32 | G44: =G5-G14-G32 | H44: =H5-H14-H32 | I44: =I5-I14-I32 | J44: =J5-J14-J32 | K44: =K5-K14-K32 | ... AL44: =AL5-AL14-AL32
A45: GPM (%) | C45: =IFERROR(C44/C5, "") | D45: =IFERROR(D44/D5, "") | E45: =IFERROR(E44/E5, "") | F45: =IFERROR(F44/F5, "") | G45: =IFERROR(G44/G5, "") | H45: =IFERROR(H44/H5, "") | I45: =IFERROR(I44/I5, "") | J45: =IFERROR(J44/J5, "") | ... AL45: =IFERROR(AL44/AL5, "")
A46: Pendapatan dari pembiayaan
A47: Pendapatan dari pembiayaan konsumen
A48: Pendapatan dari sewa pembiayaan
A49: Pendapatan dari sewa operasi
A50: Pendapatan dari anjak piutang
A51: Pendapatan sekuritas
A52: Pendapatan kegiatan penjamin emisi dan penjualan efek
A53: Pendapatan pembiayaan transaksi nasabah
A54: Pendapatan jasa biro administrasi efek
A55: Pendapatan kegiatan jasa manajer investasi
A56: Pendapatan kegiatan jasa penasehat keuangan
A57: Keuntungan (kerugian) dari transaksi perdagangan efek yang telah direalisasi
... A60: Pendapatan investasi
A61: Pendapatan provisi dan komisi dari transaksi lainnya selain kredit | E61: 71.87 | F61: 61.074 | G61: 125.046 | H61: 101.813 | I61: 168.141 | J61: 165.017
A62: Pendapatan transaksi perdagangan
A63: Pendapatan dividen
A64: Keuntungan (kerugian) yang telah direalisasi atas instrumen derivatif
A65: Penerimaan kembali aset yang telah dihapusbukukan | E65: 540.173 | F65: 762.536 | G65: 1013.903 | H65: 1091.582 | I65: 1290.918 | J65: 1304.733
A66: Keuntungan (kerugian) selisih kurs mata uang asing | F66: 40.198 | G66: 80.785 | H66: 60.972 | I66: 65.316 | J66: 70.647
A67: Keuntungan (kerugian) pelepasan aset tetap
A68: Keuntungan (kerugian) pelepasan agunan yang diambil alih
A69: Pendapatan operasional lainnya | C69: 174.182 | D69: 206.288 | E69: 310.231 | F69: 2148.438 | G69: 2481.377 | H69: 2950.099 | I69: 4032.104 | J69: 5396.199
A70: Pemulihan penyisihan kerugian penurunan nilai
A71: Pemulihan penyisihan kerugian penurunan nilai aset keuangan
A72: Pemulihan penyisihan kerugian penurunan nilai aset keuangan - sewa pembiayaan
A73: Pemulihan penyisihan kerugian penurunan nilai aset keuangan - piutang pembiayaan konsumen
A74: Pemulihan penyisihan kerugian penurunan nilai aset non-keuangan
A75: Pemulihan penyisihan kerugian penurunan nilai aset non-keuangan - agunan yang diambil alih
A76: Pemulihan penyisihan estimasi kerugian atas komitmen dan kontinjensi
A77: Pembentukan kerugian penurunan nilai | C77: =C80+C81 | D77: =D80+D81 | E77: =E80+E81 | F77: =F80+F81 | G77: =G80+G81 | H77: =H80+H81 | I77: =I80+I81 | J77: =J80+J81 | ... AL77: =AL80+AL81
A78: CKPN to Net Revenue (%) | C78: =IFERROR(C77/C7, "") | D78: =IFERROR(D77/D7, "") | E78: =IFERROR(E77/E7, "") | F78: =IFERROR(F77/F7, "") | G78: =IFERROR(G77/G7, "") | H78: =IFERROR(H77/H7, "") | I78: =IFERROR(I77/I7, "") | J78: =IFERROR(J77/J7, "") | ... AL78: =IFERROR(AL77/AL7, "")
A79: Credit Cost (%) | C79: =IFERROR(C77/HLOOKUP(C3,'BALANCE SHEET'!$C$3:$AH$258, 42, FALSE), "") | D79: =IFERROR(D77/HLOOKUP(D3,'BALANCE SHEET'!$C$3:$AH$258, 42, FALSE), "") | E79: =IFERROR(E77/HLOOKUP(E3,'BALANCE SHEET'!$C$3:$AH$258, 42, FALSE), "") | F79: =IFERROR(F77/HLOOKUP(F3,'BALANCE SHEET'!$C$3:$AH$258, 42, FALSE), "") | G79: =IFERROR(G77/HLOOKUP(G3,'BALANCE SHEET'!$C$3:$AH$258, 42, FALSE), "") | H79: =IFERROR(H77/HLOOKUP(H3,'BALANCE SHEET'!$C$3:$AH$258, 42, FALSE), "") | I79: =IFERROR(I77/HLOOKUP(I3,'BALANCE SHEET'!$C$3:$AH$258, 42, FALSE), "") | J79: =IFERROR(J77/HLOOKUP(J3,'BALANCE SHEET'!$C$3:$AH$258, 42, FALSE), "") | ... AL79: =IFERROR(AL77/HLOOKUP(AL3,'BALANCE SHEET'!$C$3:$AH$258, 42, FALSE), "")
A80: Pembentukan penyisihan kerugian penurunan nilai aset produktif | C80: 249.655 | D80: 622.672 | E80: 3605.079 | F80: 3644.417 | G80: 3689.765 | H80: 2648.914 | I80: 2003.111 | J80: 2449.922
A81: Pembentukan penyisihan kerugian penurunan nilai aset non-produktif | C81: 370.555 | D81: 230.377 | E81: 14.555 | F81: -91.002 | G81: 47.749 | H81: -29.681 | I81: -100.801 | J81: -94.747
A82: Pembalikan (beban) estimasi kerugian komitmen dan kontijensi | C82: 0.913 | D82: -0.751 | E82: -1.629 | F82: 3.173 | G82: -11.283 | H82: -3.246 | I82: 8.443 | J82: -1.776
A83: Beban operasional lainnya
A84: Beban umum dan administrasi | C84: 440.196 | D84: 463.646 | E84: 3463.591 | F84: 3970.211 | G84: 4856.436 | H84: 5169.938 | I84: 6342.626 | J84: 8109.463
A85: Beban penjualan
A86: Beban sewa, pemeliharaan, dan perbaikan | D86: 137.149 | E86: 75.219
A87: Beban provisi dan komisi | D87: 0.173
A88: Beban operasional lainnya | C88: 760.423 | D88: 868.687 | E88: 4565.838 | F88: 4914.246 | G88: 5180.305 | H88: 5268.996 | I88: 5683.077 | J88: 5841.544
A89: Jumlah laba operasional | C89: 157.473 | D89: 118.378 | E89: 3052.164 | F89: 4006.165 | G89: 5506.269 | H89: 7401.628 | I89: 9046.083 | J89: 9757.724
A90: Operating Profit Growth (%) | C90: =IFERROR(IF(((C89-B89)/B89)=-1, "", (C89-B89)/B89), "") | D90: =IFERROR(IF(((D89-C89)/C89)=-1, "", (D89-C89)/C89), "") | E90: =IFERROR(IF(((E89-D89)/D89)=-1, "", (E89-D89)/D89), "") | F90: =IFERROR(IF(((F89-E89)/E89)=-1, "", (F89-E89)/E89), "") | G90: =IFERROR(IF(((G89-F89)/F89)=-1, "", (G89-F89)/F89), "") | H90: =IFERROR(IF(((H89-G89)/G89)=-1, "", (H89-G89)/G89), "") | I90: =IFERROR(IF(((I89-H89)/H89)=-1, "", (I89-H89)/H89), "") | J90: =IFERROR(IF(((J89-I89)/I89)=-1, "", (J89-I89)/I89), "") | ... AL90: =IFERROR(IF(((AL89-AK89)/AK89)=-1, "", (AL89-AK89)/AK89), "")
A91: OPM (%) | C91: =IFERROR(C89/C5, "") | D91: =IFERROR(D89/D5, "") | E91: =IFERROR(E89/E5, "") | F91: =IFERROR(F89/F5, "") | G91: =IFERROR(G89/G5, "") | H91: =IFERROR(H89/H5, "") | I91: =IFERROR(I89/I5, "") | J91: =IFERROR(J89/J5, "") | ... AL91: =IFERROR(AL89/AL5, "")
A92: Pendapatan dan beban bukan operasional
A93: Pendapatan bukan operasional | C93: 0 | D93: 0 | E93: 841.019 | F93: 19.582 | G93: 8.883 | H93: 0.272 | I93: 7.139 | J93: 4.477
A94: Beban bukan operasional | C94: 5.959 | D94: 343.015 | E94: 869.046 | F94: 65.223 | G94: 0.349 | H94: 2.428 | I94: 2.827 | J94: 0.789
A95: Bagian atas laba (rugi) entitas asosiasi yang dicatat dengan menggunakan metode ekuitas
A96: Bagian atas laba (rugi) entitas ventura bersama yang dicatat menggunakan metode ekuitas
A97: Jumlah laba (rugi) sebelum pajak penghasilan | C97: 151.514 | D97: 116.865 | E97: 3005.197 | F97: 3960.524 | G97: 5514.803 | H97: 7399.472 | I97: 9050.395 | J97: 9761.412
A98: Pendapatan (beban) pajak | C98: -44.914 | D98: -42.849 | E98: -157.177 | F98: -932.319 | G98: -1254.621 | H98: -1695.729 | I98: -2044.507 | J98: -2193.889
A99: Jumlah laba (rugi) dari operasi yang dilanjutkan | C99: 106.6 | D99: 74.016 | E99: 248.054 | F99: 3028.205 | G99: 4260.182 | H99: 5703.743 | I99: 7005.888 | J99: 7567.523
A100: Laba (rugi) dari operasi yang dihentikan
A101: Jumlah laba (rugi) | C101: 106.6 | D101: 74.016 | E101: 2187.649 | F101: 3028.205 | G101: 4260.182 | H101: 5703.743 | I101: 7005.888 | J101: 7567.523
A102: Pendapatan komprehensif lainnya, sebelum pajak
A103: Pendapatan komprehensif lainnya yang tidak akan direklasifikasi ke laba rugi, sebelum pajak
A104: Pendapatan komprehensif lainnya atas keuntungan (kerugian) hasil revaluasi aset tetap, sebelum pajak
A105: Pendapatan komprehensif lainnya atas pengukuran kembali kewajiban manfaat pasti, sebelum pajak
A106: Penyesuaian lainnya atas pendapatan komprehensif lainnya yang tidak akan direklasifikasi ke laba rugi, sebelum pajak
A107: Jumlah pendapatan komprehensif lainnya yang tidak akan direklasifikasi ke laba rugi, sebelum pajak
A108: Pendapatan komprehensif lainnya yang akan direklasifikasi ke laba rugi, sebelum pajak
A109: Keuntungan (kerugian) selisih kurs penjabaran, sebelum pajak
A110: Penyesuaian reklasifikasi selisih kurs penjabaran, sebelum pajak
A111: Keuntungan (kerugian) yang belum direalisasi atas perubahan nilai wajar aset keuangan melalui penghasilan komprehensif lain, sebelum pajak
A112: Penyesuaian reklasifikasi atas aset keuangan nilai wajar melalui pendapatan komprehensif lainnya, sebelum pajak
A113: Keuntungan (kerugian) lindung nilai arus kas, sebelum pajak
...

Sheet CASH FLOW
A1: Laporan arus kas
A3: Period | C3: 2018-12-31 | D3: 2019-12-31 | E3: 2020-12-31 | F3: 2021-12-31 | G3: 2022-12-31 | H3: 2023-12-31 | I3: 2024-12-31 | J3: 2025-12-31
A4: Laporan arus kas
A5: Arus kas dari aktivitas operasi
A6: Arus kas sebelum perubahan dalam aset dan liabilitas operasi
A7: Penerimaan bunga, hasil investasi, provisi, dan komisi
A8: Pembayaran bunga dan bonus, provisi dan komisi
A9: Bunga bank dan deposito berjangka
A10: Penerimaan pendapatan pengelolaan dana sebagai mudharib | C10: 3048.88 | D10: 3370.838 | E10: 16842.565 | F10: 17729.782 | G10: 19343.529 | H10: 22356.599 | I10: 25260.645 | J10: 26738.361
A11: Pembayaran bagi hasil dana syirkah temporer | C11: 1294.887 | D11: 1326.279 | E11: 1444.135 | F11: 4390.339 | G11: 3997.872 | H11: 5930.162 | I11: 7854.159 | J11: 9169.299
A12: Penerimaan premi asuransi
A13: Penerimaan klaim reasuransi
A14: Penerimaan (pembayaran) komisi
A15: Penerimaan klaim retrosesi
A16: Penerimaan dari ujrah
A17: Penerimaan dari (pembayaran kepada) lembaga kliring dan penjaminan
A18: Penerimaan dari (pembayaran kepada) nasabah
A19: Pencairan (penempatan) deposito pada lembaga kliring dan penjaminan
A20: Pendapatan dari transaksi operasional lainnya | C20: 191.517 | D20: 250.534 | E20: 360.909 | F20: 2249.71 | G20: 2723.083 | H20: 3115.816 | I20: 4266.371 | J20: 5333.634
A21: Penerimaan kembali aset yang telah dihapusbukukan | E21: 854.564 | F21: 998.496 | G21: 1377.882 | H21: 1703.364 | I21: 2097.759 | J21: 2163.536
A22: Pembayaran biaya akuisisi ditangguhkan
A23: Pembayaran atas beban keuangan dan beban administrasi bank
A24: Pembayaran gaji dan tunjangan
A25: Pembayaran pajak penghasilan badan
A26: Pembayaran beban umum dan administrasi
A27: Laba (rugi) selisih kurs
A28: Penerimaan pengembalian (pembayaran) pajak penghasilan | C28: -140.65 | D28: -61.519 | E28: -943.242 | F28: -1344.08 | G28: -1446.72 | H28: -1855.197 | I28: -1985.972 | J28: -2571.361
A29: Pembayaran beban operasional lainnya | C29: 1109.325 | D29: 1317.195 | E29: 7910.953 | F29: 10191.04 | G29: 11781.973 | H29: 12698.368 | I29: 14283.894 | J29: 12984.706
A30: Penerimaan pendapatan non-operasional | C30: -6.093 | D30: -2.263 | E30: -54.177 | F30: 65.766 | G30: 24.903 | H30: 25.571 | I30: 112.287 | J30: 58.064
A31: Pengembalian (penempatan) uang jaminan
A32: Penerimaan (pengeluaran) kas lainnya dari aktivitas operasi | C32: -12.089 | D32: -9.26 | E32: -215.495 | F32: -238.8 | G32: -355.386 | H32: -378.191 | I32: -495.604 | J32: -589.382
A33: Penurunan (kenaikan) aset operasi
A34: Penurunan (kenaikan) penempatan pada bank lain dan Bank Indonesia | C34: -450 | D34: -300 | E34: 1000 | F34: 6958.439 | G34: 0
A35: Penurunan (kenaikan) efek yang diperdagangkan | E35: 290.58 | F35: -566.235 | G35: 1663.206 | H35: -3972.56 | I35: -1472.899 | J35: -5934.019
A36: Penurunan (kenaikan) efek yang dibeli dengan janji dijual kembali
A37: Penurunan (kenaikan) investasi pemegang polis pada kontrak unit-linked
A38: Penurunan (kenaikan) wesel ekspor dan tagihan lainnya | E38: 41.747 | F38: -116.881 | G38: 45.529 | H38: -40.287 | I38: -115.758 | J38: 92.732
A39: Penurunan (kenaikan) tagihan akseptasi | F39: 133.842 | G39: -319.908 | H39: 50.175 | I39: 246.083 | J39: -507.971
A40: Penurunan (kenaikan) pinjaman yang diberikan
A41: Penurunan (kenaikan) piutang pembiayaan konsumen
A42: Penurunan (kenaikan) investasi sewa
A43: Penurunan (kenaikan) tagihan anjak piutang
A44: Penurunan (kenaikan) piutang dan pembiayaan syariah
A45: Penurunan (kenaikan) piutang murabahah | C45: -688.105 | D45: -2227.133 | E45: -10352.837 | F45: -11841.47 | G45: -23187.796 | H45: -11629.74 | I45: -7769.438 | J45: -7068.769
A46: Penurunan (kenaikan) piutang istishna | C46: 1.071 | D46: 91.785 | E46: 0.684 | F46: 0.278 | G46: 0.228 | H46: 0.102 | I46: 0.019 | J46: 0.011
A47: Penurunan (kenaikan) piutang ijarah | E47: -16.064 | F47: -62.403 | G47: 88.292 | H47: -205.122 | I47: 30.039 | J47: 13.296
A48: Penurunan (kenaikan) pinjaman qardh | C48: 171.239 | D48: -39.731 | E48: 84.295 | F48: -138.376 | G48: -282.378 | H48: -1605.472 | I48: -2466.703 | J48: -4017.08
A49: Penurunan (kenaikan) pembiayaan mudharabah | C49: 373.172 | D49: 400.787 | E49: 83.057 | F49: 1042.545 | G49: 587.04 | H49: -839.736 | I49: -1055.946 | J49: 5.828
A50: Penurunan (kenaikan) pembiayaan musyarakah | C50: -2170.909 | D50: -4326.613 | E50: -3547.666 | F50: -4205.903 | G50: -13036.075 | H50: -17625.686 | I50: -25971.021 | J50: -31177.1
A51: Penurunan (kenaikan) aset ijarah | C51: -812.211 | D51: 79.452 | E51: 463.878 | F51: 607.896 | G51: -583.008 | H51: -705.535 | I51: -932.147 | J51: -743.842
A52: Penurunan (kenaikan) piutang lainnya
A53: Penurunan (kenaikan) agunan yang diambil alih
A54: Penurunan (kenaikan) tagihan derivatif
A55: Penurunan (kenaikan) aset reasuransi
A56: Penurunan (kenaikan) aset lainnya | C56: -387.644 | D56: 13.569 | E56: -213.698 | F56: -708.132 | G56: -208.881 | H56: -2.886 | I56: 245.969 | J56: -3233.185
A57: Kenaikan (penurunan) liabilitas operasi
A58: Kenaikan (penurunan) liabilitas segera | C58: 11.133 | D58: -3.573 | E58: -121.921 | F58: -384.081 | G58: 430.314 | H58: 322.716 | I58: -421.137 | J58: 144.553
A59: Kenaikan (penurunan) giro dan tabungan simpanan nasabah
A60: Kenaikan (penurunan) deposito berjangka nasabah
A61: Kenaikan (penurunan) giro wadiah simpanan nasabah | C61: 509.892 | D61: -237.422 | E61: 4298.968 | F61: -8410.999 | G61: 707.157 | H61: -950.328 | I61: -1700.445 | J61: 8643.395
A62: Kenaikan (penurunan) tabungan wadiah simpanan nasabah | C62: 852.159 | D62: 1337.961 | E62: 8445.342 | F62: 5255.306 | G62: 8057.21 | H62: 2811.969 | I62: 8253.693 | J62: 8031.054
A63: Kenaikan (penurunan) deposito wakalah simpanan nasabah
A64: Kenaikan (penurunan) simpanan dari bank lain | C64: 794.607 | D64: -792.941 | E64: 699.11 | F64: -690.622 | G64: 2102.759 | H64: -457.396 | I64: 2390.047 | J64: 2014.981
A65: Kenaikan (penurunan) giro mudharabah | C65: 153.729 | D65: 3787.539 | E65: -2457.24
A66: Kenaikan (penurunan) tabungan mudharabah | C66: 388.625 | D66: 366.245 | E66: 4121.661
A67: Kenaikan (penurunan) efek yang dijual dengan janji dibeli kembali
A68: Kenaikan (penurunan) liabilitas akseptasi | E68: 58.083 | F68: -133.842 | G68: 319.908 | H68: -50.175 | I68: -246.083 | J68: 507.971
A69: Kenaikan (penurunan) liabilitas pemegang polis pada kontrak unit-linked
A70: Kenaikan (penurunan) liabilitas derivatif
A71: Kenaikan (penurunan) dana syirkah temporer | C71: 611.086 | D71: 8.104 | E71: 6965.779 | F71: 26590.653 | G71: 19398.991 | H71: 30269.572 | I71: 27023.092 | J71: 35713.613
A72: Kenaikan (penurunan) liabilitas lainnya | C72: 609.786 | D72: 736.896 | E72: -1703.51 | F72: 467.298 | G72: 215.497 | H72: 331.992 | I72: 3657.463 | J72: 2701.245
A73: Jumlah arus kas bersih yang diperoleh dari (digunakan untuk) aktivitas operasi | C73: 644.983 | D73: -200.219 | E73: 12187.412 | F73: 16696.794 | G73: 1885.53 | H73: 2041.035 | I73: 6812.261 | J73: 14165.56
A74: Arus kas dari aktivitas investasi
A75: Penerimaan dari penyertaan saham dalam klasifikasi biaya perolehan diamortisasi dan nilai wajar melalui pendapatan komprehensif lainnya
A76: Pencairan (penempatan) obligasi dan (atau) sukuk | C76: -1687.046 | D76: -1170.156 | E76: -10661.812 | F76: -17783.534 | G76: 8036.505 | H76: -9592.005 | I76: 10424.931 | J76: 9370.466
A77: Penerimaan dividen dari aktivitas investasi
A78: Penerimaan dari penjualan (perolehan) properti investasi
A79: Penerimaan dari penjualan (perolehan) aset tetap | C79: -61.866 | D79: -20.554 | E79: -71.314 | F79: -787.504 | G79: -2041.797 | H79: -826.243 | I79: -2935.755 | J79: -2205.15
A80: Penerimaan dari penjualan (perolehan) aset takberwujud selain goodwill | I80: -1144.967 | J80: -752.929
A81: Pencairan (penempatan) aset keuangan nilai wajar melalui pendapatan komprehensif lainnya
A82: Penempatan aset keuangan biaya perolehan diamortisasi
A83: Pencairan aset keuangan biaya perolehan diamortisasi
A84: Penerimaan dari (pembayaran kepada) pinjaman polis
A85: Pembayaran untuk perolehan entitas anak
A86: Penerimaan dari pelepasan entitas anak
A87: Pembayaran untuk perolehan tambahan kepemilikan pada entitas anak
A88: Pencairan (penempatan) efek-efek yang diperdagangkan
A89: Penerimaan dari pelepasan kepentingan di entitas anak tanpa hilangnya pengendalian dari kegiatan investasi
A90: Pembayaran untuk perolehan kepemilikan pada entitas asosiasi
A91: Penerimaan dari pelepasan kepemilikan pada entitas asosiasi
A92: Penerimaan (pengeluaran) kas lainnya dari aktivitas investasi | I92: 1.274 | J92: 1.44
A93: Jumlah arus kas bersih yang diperoleh dari (digunakan untuk) aktivitas investasi | C93: -1748.912 | D93: -1190.71 | E93: -2842.544 | F93: -18571.038 | G93: 5994.708 | H93: -11404.359 | I93: 6345.483 | J93: 6413.827
A94: Arus kas dari aktivitas pendanaan
A95: Kenaikan (penurunan) efek yang diterbitkan | E95: 96 | F95: 0
A96: Penerbitan sukuk mudharabah | H96: 203.759 | I96: 3015.731 | J96: 5008.26
A97: Penempatan sertifikat investasi mudharabah
A98: Biaya emisi sukuk mudharabah
A99: Penerimaan pinjaman yang diterima | F99: 0 | G99: 742.5 | H99: 776.25 | I99: 8001.935 | J99: 1400
A100: Pembayaran pinjaman yang diterima | G100: 0 | H100: 781.307 | I100: 7778.995 | J100: 2400
A101: Penerimaan pinjaman subordinasi
...

Sheet ACCOUNTING POLICIES
A1: Kebijakan akuntansi signifikan
A2: 1
A3: Period | C3: 2022-12-31 | D3: 2023-12-31 | E3: 2024-12-31 | F3: 2025-12-31
A4: Kebijakan akuntansi signifikan
A5: Dasar penyusunan laporan keuangan konsolidasian | C5: Berikut ini adalah ikhtisar kebijakan akuntansi penting yang diterapkan dalam penyusunan laporan keuangan Bank yang disusun berdasarkan Standar Akuntansi Keuangan di Indonesia yang mencakup Pernyataan Standar Akuntansi Keuangan ("PSAK"), Pernyataan Standar Akuntansi Keuangan Syariah ("PSAK Syariah"), Interpretasi Standar Akuntansi Keuangan ("ISAK") yang diterbitkan oleh Ikatan Akuntan Indonesia, Pedoman Akuntansi Perbankan Syariah Indonesia (PAPSI Revisi 2013) dan Peraturan Badan Pengawas Pasar Modal dan Lembaga Keuangan ("BAPEPAMLK") No. VIII.G.7 tentang Penyajian dan Pengungkapan Laporan Keuangan Emitenatau Perusahaan Publik, yang terlampir dalam surat keputusan No. KEP-347/BL/2012. Peraturan tersebut sekarang merupakan regulasi dari Otoritas Jasa Keuangan ("OJK").Laporan keuangan disusun sesuai dengan PSAK No. 101 “Penyajian Laporan Keuangan Syariah”. Berdasarkan PSAK No. 101 (Revisi 2019), laporan keuangan bank syariah yang lengkap terdiri dari komponen-komponensebagai berikut:(i) Laporan posisi keuangan;(ii) Laporan laba rugi dan penghasilankomprehensif lain;(iii) Laporan perubahan ekuitas;(iv) Laporan arus kas;(v) Laporan rekonsiliasi pendapatan danbagi hasil;(vi) Laporan sumber dan penyaluran danazakat;(vii) Laporan sumber dan penggunaan danakebajikan; dan(viii) Catatan atas laporan keuanganLaporan posisi keuangan, laporan laba rugi dan penghasilan komprehensif lain, laporan arus kas dan laporan perubahan ekuitas merupakan laporan keuangan yang mencerminkan kegiatan komersial Bank sesuai prinsip syariah.Laporan keuangan disajikan berdasarkan nilaihistoris, kecuali disebutkan lain sebagaimana diuraikan dalam kebijakan akuntansi masing-masing akun tersebut, dan disusun dengan dasar akrual, kecuali laporan arus kas dan laporan rekonsiliasi pendapatan dan bagi hasil.Laporan arus kas disusun dengan menggunakan metode langsung dengan mengelompokkan arus kas dalam aktivitas operasi, investasi dan pendanaan. Untukpenyajian laporan arus kas, kas dan setara kas terdiri dari kas, giro dan penempatan pada Bank Indonesia, giro pada bank lain, penempatan pada bank lain yang jatuh tempo dalam 3 (tiga) bulan dari tanggal akuisisi.Laporan rekonsiliasi pendapatan dan bagi hasil merupakan rekonsiliasi antara pendapatan bank syariah yang menggunakan dasar akrual (accrual basis) denganpendapatan yang dibagihasilkan kepada pemilik dana yang menggunakan dasar kas (cash basis).Laporan sumber dan penyaluran dana zakat dan laporan sumber dan penggunaan dana kebajikan merupakan laporan keuangan yang mencerminkan peran Bank sebagai pemegang amanah dana kegiatan sosial yang dikelola secara terpisah.Laporan sumber dan penyaluran dana zakat merupakan laporan yang menunjukkan sumber dan penyaluran dana zakat dalam jangka waktu tertentu, serta dana zakat yangbelum disalurkan pada tanggal tertentu.Laporan sumber dan penggunaan dana kebajikan menunjukkan sumber dan penggunaan dana kebajikan dalam jangka waktu tertentu serta saldo dana kebajikanpada tanggal tertentu.Zakat adalah sebagian dari harta yang wajib dikeluarkan oleh muzakki (pembayar zakat) untuk diserahkan kepada mustahiq (penerima zakat). Sumber dana zakat, infaq dan shadaqah berasal dari Bank dan pihak lain yang diterima Bank untuk disalurkan kepada pihak yangberhak sesuai dengan prinsip syariah.Bank tidak secara langsung menjalankan fungsi pengelolaan dana zakat dan dana kebajikan.Mata uang pelaporan yang digunakan dalam laporan keuangan adalah mata uang Rupiah (“Rp”) yang juga merupakan mata uang fungsional. Angka-angka yang disajikan dalam laporan keuangan, kecuali bila dinyatakan secara khusus, adalah dibulatkan dalam jutaan Rupiah. | D5: Berikut ini adalah ikhtisar kebijakan akuntansi penting yang diterapkan dalam penyusunan laporan keuangan Bank yang disusun berdasarkan Standar Akuntansi Keuangan di Indonesia yang mencakup Pernyataan Standar Akuntansi Keuangan ("PSAK"), Pernyataan Standar Akuntansi Keuangan Syariah ("PSAK Syariah"), Interpretasi Standar Akuntansi Keuangan ("ISAK") yang diterbitkan oleh Ikatan Akuntan Indonesia, Pedoman Akuntansi Perbankan Syariah Indonesia (PAPSI Revisi 2013) dan Peraturan Badan Pengawas Pasar Modal dan Lembaga Keuangan ("BAPEPAM-LK") No. VIII.G.7 tentang Penyajian dan Pengungkapan Laporan Keuangan Emiten atau Perusahaan Publik, yang terlampir dalam surat keputusan No. KEP-347/BL/2012. Peraturan tersebut sekarang merupakan regulasi dari Otoritas Jasa Keuangan ("OJK").Laporan keuangan disusun sesuai dengan PSAK No. 101 “Penyajian Laporan Keuangan Syariah”. Berdasarkan PSAK No. 101 (Revisi 2019), laporan keuangan bank syariah yang lengkap terdiri dari komponen-komponen sebagai berikut:(i) Laporan posisi keuangan;(ii) Laporan laba rugi dan penghasilan komprehensif lain;(iii) Laporan perubahan ekuitas;(iv) Laporan arus kas;(v) Laporan rekonsiliasi pendapatan dan bagi hasil;(vi) Laporan sumber dan penyaluran dana zakat;(vii) Laporan sumber dan penggunaan dana kebajikan; dan(viii) Catatan atas laporan keuangan.Laporan posisi keuangan, laporan laba rugi dan penghasilan komprehensif lain, laporan arus kas dan laporan perubahan ekuitas merupakan laporan keuangan yang mencerminkan kegiatan komersial Bank sesuai prinsip syariah.Laporan keuangan disajikan berdasarkan nilai historis, kecuali disebutkan lain sebagaimana diuraikan dalam kebijakan akuntansi masing-masing akun tersebut, dan disusun dengan dasar akrual, kecuali laporan arus kas dan laporan rekonsiliasi pendapatan dan bagi hasil.Laporan arus kas disusun dengan menggunakan metode langsung dengan mengelompokkan arus kas dalam aktivitas operasi, investasi dan pendanaan. Untuk penyajian laporan arus kas, kas dan setara kas terdiri dari kas, giro dan penempatan pada Bank Indonesia, giro pada bank lain, dan penempatan pada bank lain yang jatuh tempo dalam 3 (tiga) bulan dari tanggal akuisisi.Laporan rekonsiliasi pendapatan dan bagi hasil merupakan rekonsiliasi antara pendapatan bank syariah yang menggunakan dasar akrual (accrual basis) dengan pendapatan yang dibagihasilkan kepada pemilik dana yang menggunakan dasar kas (cash basis).Laporan sumber dan penyaluran dana zakat dan laporan sumber dan penggunaan dana kebajikan merupakan laporan keuangan yang mencerminkan peran Bank sebagai pemegang amanah dana kegiatan sosial yang dikelola secara terpisah.Laporan sumber dan penyaluran dana zakat merupakan laporan yang menunjukkan sumber dan penyaluran dana zakat dalam jangka waktu tertentu, serta dana zakat yang belum disalurkan pada tanggal tertentu.Laporan sumber dan penggunaan dana kebajikan menunjukkan sumber dan penggunaan dana kebajikan dalam jangka waktu tertentu serta saldo dana kebajikan pada tanggal tertentu.Zakat adalah sebagian dari harta yang wajib dikeluarkan oleh muzakki (pembayar zakat) untuk diserahkan kepada mustahiq (penerima zakat). Sumber dana zakat, infaq dan shadaqah berasal dari Bank dan pihak lain yang diterima Bank untuk disalurkan kepada pihak yang berhak sesuai dengan prinsip syariah.Bank tidak secara langsung menjalankan fungsi pengelolaan dana zakat dan dana kebajikan.Mata uang pelaporan yang digunakan dalam laporan keuangan adalah mata uang Rupiah (“Rp”) yang juga merupakan mata uang fungsional. Angka-angka yang disajikan dalam laporan keuangan, kecuali bila dinyatakan secara khusus, adalah dibulatkan dalam jutaan Rupiah. | E5: ikhtisar kebijakan akuntansi penting yang diterapkan dalam penyusunan laporan keuangan Bank yang disusun berdasarkan Standar Akuntansi Keuangan di Indonesia yang mencakup Pernyataan Standar Akuntansi Keuangan (), Pernyataan Standar Akuntansi Keuangan Syariah ( Syariah), Interpretasi Standar Akuntansi Keuangan () yang diterbitkan oleh Ikatan Akuntan Indonesia, Pedoman Akuntansi Perbankan Syariah Indonesia (PAPSI Revisi 2013) serta peraturan regulator pasar modal yaitu Peraturan No. VIII.G.7 tentang dan Pengungkapan Laporan Keuangan Emiten dan Perusahaan Publik yang terlampir dalam surat keputusan No. KEP-347/BL/2012. Peraturan tersebut sekarang merupakan regulasi dari Otoritas Jasa Keuangan (). Laporan keuangan disusun sesuai dengan PSAK 401, Laporan Keuangan Syariah. Berdasarkan PSAK 401, laporan keuangan bank syariah yang lengkap terdiri dari komponen-komponen sebagai berikut: (i) Laporan posisi keuangan; (ii) Laporan laba rugi dan penghasilan komprehensif lain; (iii) Laporan perubahan ekuitas; (iv) Laporan arus kas; (v) Laporan rekonsiliasi pendapatan dan bagi hasil; (vi) Laporan sumber dan penyaluran dana zakat; (vii) Laporan sumber dan penggunaan dana kebajikan; dan (viii) Catatan atas laporan keuangan. Laporan posisi keuangan, laporan laba rugi dan penghasilan komprehensif lain, laporan arus kas dan laporan perubahan ekuitas merupakan laporan keuangan yang mencerminkan kegiatan komersial Bank sesuai prinsip syariah. Laporan keuangan disajikan berdasarkan nilai historis, kecuali disebutkan lain sebagaimana diuraikan dalam kebijakan akuntansi masing-masing akun tersebut, dan disusun dengan dasar akrual, kecuali laporan arus kas dan laporan rekonsiliasi pendapatan dan bagi hasil. Laporan arus kas disusun dengan menggunakan metode langsung dengan mengelompokkan arus kas dalam aktivitas operasi, investasi dan pendanaan. Untuk penyajian laporan arus kas, kas dan setara kas terdiri dari kas, giro dan penempatan pada Bank Indonesia, giro pada bank lain, dan penempatan pada bank lain yang jatuh tempo dalam 3 (tiga) bulan dari tanggal akuisisi. Laporan rekonsiliasi pendapatan dan bagi hasil merupakan rekonsiliasi antara pendapatan bank syariah yang menggunakan dasar akrual (accrual basis) dengan pendapatan yang dibagihasilkan kepada pemilik dana yang menggunakan dasar kas (cash basis). Laporan sumber dan penyaluran dana zakat dan laporan sumber dan penggunaan dana kebajikan merupakan laporan keuangan yang mencerminkan peran Bank sebagai pemegang amanah dana kegiatan sosial yang dikelola secara terpisah. Laporan sumber dan penyaluran dana zakat merupakan laporan yang menunjukkan sumber dan penyaluran dana zakat dalam jangka waktu tertentu, serta dana zakat yang belum disalurkan pada tanggal tertentu. Laporan sumber dan penggunaan dana kebajikan menunjukkan sumber dan penggunaan dana kebajikan dalam jangka waktu tertentu serta saldo dana kebajikan pada tanggal tertentu. Zakat adalah sebagian dari harta yang wajib dikeluarkan oleh muzakki (pembayar zakat) untuk diserahkan kepada mustahiq (penerima zakat). Sumber dana zakat, infaq dan shadaqah berasal dari Bank dan pihak lain yang diterima Bank untuk disalurkan kepada pihak yang berhak sesuai dengan prinsip syariah. Bank tidak secara langsung menjalankan fungsi pengelolaan dana zakat dan dana kebajikan. Mata uang pelaporan yang digunakan dalam laporan keuangan adalah mata uang Rupiah () yang juga merupakan mata uang fungsional. Angka-angka yang disajikan dalam laporan keuangan, kecuali bila dinyatakan secara khusus, adalah dibulatkan dalam jutaan Rupiah. | F5: Ikhtisar kebijakan akuntansi material yang diterapkan dalam penyusunan laporan keuangan Bank yang disusun berdasarkan Standar Akuntansi Keuangan di Indonesia yang mencakup Pernyataan Standar Akuntansi Keuangan (), Pernyataan Standar Akuntansi Keuangan Syariah ( Syariah), Interpretasi Standar Akuntansi Keuangan () yang diterbitkan oleh Ikatan Akuntan Indonesia, Pedoman Akuntansi Perbankan Syariah Indonesia ( Revisi 2013) serta peraturan regulator pasar modal yaitu Peraturan No. VIII.G.7 tentang dan Pengungkapan Laporan Keuangan Emiten dan Perusahaan Publik yang terlampir dalam surat keputusan No. KEP-347/BL/2012. Peraturan tersebut sekarang merupakan regulasi dari Otoritas Jasa Keuangan ().
A6: Prinsip-prinsip konsolidasi | C6: Pada 31 Desember 2021, Bank memiliki investasi pada beberapa reksa dana dengan kepemilikan 100% atas unit penyertaan yang diterbitkan dan memiliki kendali atas reksa dana tersebut. Reksa dana tersebut telah dikonsolidasi dalam laporan keuangan.Pada tanggal pelaporan, Bank menyajikan reksa dana yang dikonsolidasikan berdasarkan underlying aset dan liabilitas atas reksa dana yang dimiliki Bank dan sebagai investasi pada reksa dana untuk bagian yang dimiliki oleh pihak ketiga.Bank mengendalikan suatu reksa dana ketika Bank terekspos terhadap, atau memiliki hak atas, pengembalian variabel dari keterlibatannya terhadap reksa dana dan memiliki kemampuan untuk mempengaruhi pengembalian tersebut melalui kekuasaannya atas entitas tersebutSeluruh transaksi dan saldo yang material antara Bank dan reksa dana yang dikonsolidasi telah dieliminasi dalam penyajian laporan keuangan.Bila pengendalian atas suatu reksa dana diperoleh dalam periode berjalan, hasil usaha reksa dana tersebut dimasukkan dalam laporan laba rugi sejak tanggal pengendalian diperoleh. Bila pengendalian berakhir dalam periode berjalan, hasil usaha entitas tersebut dimasukkan ke dalam laporan keuangan untuk periode dimana pengendalian masih berlangsung.
A7: Kas dan setara kas
A8: Aset tetap | C8: Aset tetap dinilai sebesar harga perolehan dikurangi akumulasi penyusutan, kecuali tanah dinilai dengan metode revaluasi. Harga perolehan termasuk pengeluaran yang dapat diatribusikan secara langsung atas perolehan aset tersebut. Tanah disajikan sebesar nilai wajar, berdasarkan penilaian yang dilakukan oleh penilai independen eksternal yang telah terdaftar di OJK. Penilaian atas aset tersebut dilakukan secara berkala untuk memastikan bahwa nilai wajar aset yang direvaluasi tidak berbeda secara material dengan jumlah tercatatnya. Aset tetap lainnya disajikan sebesar harga perolehan dikurangi dengan penyusutan. Harga perolehan termasuk pengeluaran yang dapat diatribusikan secara langsung atas perolehan aset tersebut. Tanah tidak disusutkan. Aset tetap, kecuali tanah, disusutkan sejak bulan ketika aset tersebut digunakan dengan menggunakan metode garis lurus selama taksiran masa manfaat aset. Biaya-biaya setelah pengakuan awal diakui sebagai bagian nilai tercatat aset atau sebagai aset yang terpisah, sebagaimana mestinya, hanya jika kemungkinan besar Bank mendapat manfaat ekonomis di masa depan berkenaan dengan aset tersebut dan biaya perolehan aset dapat diukur dengan andal. Nilai tercatat dari komponen yang diganti dihapuskan. Biaya perbaikan dan pemeliharaan dibebankan ke dalam laporan laba rugi dalam tahun keuangan ketika biaya-biaya tersebut terjadi.Kenaikan nilai tercatat yang timbul dari revaluasi tanah dikreditkan pada “selisih revaluasi aset tetap” sebagai bagian dari pendapatan komprehensif lainnya.Penurunan yang menghapus nilai kenaikan yang sebelumnya atas aset yang sama dibebankan terhadap “selisih revaluasi aset tetap” sebagai bagian dari pendapatan komprehensif lainnya; penurunan lainnya dibebankan pada laporan laba rugi.Nilai tercatat aset segera diturunkan sebesar jumlah yang dapat dipulihkan jika nilai tercatat aset lebih besar dari estimasi jumlah yang dapat dipulihkan.Apabila aset tetap dilepas, maka nilai harga perolehan dan akumulasi penyusutannya dikeluarkan dari laporan posisi keuangan dan keuntungan atau kerugian bersih atas pelepasan aset tetap diakui pada “pendapatan dan beban non-usaha” dalam laporan laba rugi. Jika aset yang direvaluasi dijual, jumlah yang dicatat di dalam ekuitas dipindahkan ke saldo laba. | D8: Aset tetap dinilai sebesar harga perolehan dikurangi akumulasi penyusutan, kecuali tanah dinilai dengan metode revaluasi. Harga perolehan termasuk pengeluaran yang dapat diatribusikan secara langsung atas perolehan aset tersebut. Tanah disajikan sebesar nilai wajar, berdasarkan penilaian yang dilakukan oleh penilai independen eksternal yang telah terdaftar di OJK. Penilaian atas aset tersebut dilakukan secara berkala untuk memastikan bahwa nilai wajar aset yang direvaluasi tidak berbeda secara material dengan jumlah tercatatnya. Aset tetap lainnya disajikan sebesar harga perolehan dikurangi dengan penyusutan. Harga perolehan termasuk pengeluaran yang dapat diatribusikan secara langsung atas perolehan aset tersebut. Tanah tidak disusutkan. Aset tetap, kecuali tanah, disusutkan sejak bulan ketika aset tersebut digunakan dengan menggunakan metode garis lurus selama taksiran masa manfaat aset. Biaya-biaya setelah pengakuan awal diakui sebagai bagian nilai tercatat aset atau sebagai aset yang terpisah, sebagaimana mestinya, hanya jika kemungkinan besar Bank mendapat manfaat ekonomis di masa depan berkenaan dengan aset tersebut dan biaya perolehan aset dapat diukur dengan andal. Nilai tercatat dari komponen yang diganti dihapuskan. Biaya perbaikan dan pemeliharaan dibebankan ke dalam laporan laba rugi dalam tahun keuangan ketika biaya-biaya tersebut terjadi.Kenaikan nilai tercatat yang timbul dari revaluasi tanah dikreditkan pada “selisih revaluasi aset tetap” sebagai bagian dari pendapatan komprehensif lainnya.Penurunan yang menghapus nilai kenaikan yang sebelumnya atas aset yang sama dibebankan terhadap “selisih revaluasi aset tetap” sebagai bagian dari pendapatan komprehensif lainnya; penurunan lainnya dibebankan pada laporan laba rugi.Nilai tercatat aset segera diturunkan sebesar jumlah yang dapat dipulihkan jika nilai tercatat aset lebih besar dari estimasi jumlah yang dapat dipulihkan.Apabila aset tetap dilepas, maka nilai harga perolehan dan akumulasi penyusutannya dikeluarkan dari laporan posisi keuangan dan keuntungan atau kerugian bersih atas pelepasan aset tetap diakui pada “pendapatan dan beban non-usaha” dalam laporan laba rugi. Jika aset yang direvaluasi dijual, jumlah yang dicatat di dalam ekuitas dipindahkan ke saldo laba. | E8: Aset tetap dinilai sebesar harga perolehan dikurangi akumulasi penyusutan, kecuali tanah dinilai dengan metode revaluasi. Harga perolehan termasuk pengeluaran yang dapat diatribusikan secara langsung atas perolehan aset tersebut. Tanah disajikan sebesar nilai wajar, berdasarkan penilaian yang dilakukan oleh penilai independen eksternal yang telah terdaftar di OJK. Penilaian atas aset tersebut dilakukan secara berkala untuk memastikan bahwa nilai wajar aset yang direvaluasi tidak berbeda secara material dengan jumlah tercatatnya. Aset tetap lainnya disajikan sebesar harga perolehan dikurangi dengan penyusutan. Harga perolehan termasuk pengeluaran yang dapat diatribusikan secara langsung atas perolehan aset tersebut. Tanah tidak disusutkan. Aset tetap, kecuali tanah, disusutkan sejak bulan ketika aset tersebut digunakan dengan menggunakan metode garis lurus selama taksiran masa manfaat aset. Biaya-biaya setelah pengakuan awal diakui sebagai bagian nilai tercatat aset atau sebagai aset yang terpisah, sebagaimana mestinya, hanya jika kemungkinan besar Bank mendapat manfaat ekonomis di masa depan berkenaan dengan aset tersebut dan biaya perolehan aset dapat diukur dengan andal. Nilai tercatat dari komponen yang diganti dihapuskan. Biaya perbaikan dan pemeliharaan dibebankan ke dalam laporan laba rugi dalam tahun keuangan ketika biaya-biaya tersebut terjadi.Kenaikan nilai tercatat yang timbul dari revaluasi tanah dikreditkan pada revaluasi aset tetap sebagai bagian dari pendapatan komprehensif lainnya.Penurunan yang menghapus nilai kenaikan yang sebelumnya atas aset yang sama dibebankan terhadap revaluasi aset tetap sebagai bagian dari pendapatan komprehensif lainnya; penurunan lainnya dibebankan pada laporan laba rugi.Nilai tercatat aset segera diturunkan sebesar jumlah yang dapat dipulihkan jika nilai tercatat aset lebih besar dari estimasi jumlah yang dapat dipulihkan.Apabila aset tetap dilepas, maka nilai harga perolehan dan akumulasi penyusutannya dikeluarkan dari laporan posisi keuangan dan keuntungan atau kerugian bersih atas pelepasan aset tetap diakui pada dan beban non-usaha dalam laporan laba rugi. Jika aset yang direvaluasi dijual, jumlah yang dicatat di dalam ekuitas dipindahkan ke saldo laba. | F8: Aset tetap dinilai sebesar harga perolehan dikurangi akumulasi penyusutan, kecuali tanah dinilai dengan metode revaluasi. Harga perolehan termasuk pengeluaran yang dapat diatribusikan secara langsung atas perolehan aset tersebut. Tanah disajikan sebesar nilai wajar, berdasarkan penilaian yang dilakukan oleh penilai independen eksternal yang telah terdaftar di OJK. Penilaian atas aset tersebut dilakukan secara berkala untuk memastikan bahwa nilai wajar aset yang direvaluasi tidak berbeda secara material dengan jumlah tercatatnya. Aset tetap lainnya disajikan sebesar harga perolehan dikurangi dengan penyusutan. Harga perolehan termasuk pengeluaran yang dapat diatribusikan secara langsung atas perolehan aset tersebut. Tanah tidak disusutkan. Aset tetap, kecuali tanah, disusutkan sejak bulan ketika aset tersebut digunakan dengan menggunakan metode garis lurus selama taksiran masa manfaat aset. Biaya-biaya setelah pengakuan awal diakui sebagai bagian nilai tercatat aset atau sebagai aset yang terpisah, sebagaimana mestinya, hanya jika kemungkinan besar Bank mendapat manfaat ekonomis di masa depan berkenaan dengan aset tersebut dan biaya perolehan aset dapat diukur dengan andal. Nilai tercatat dari komponen yang diganti dihapuskan. Biaya perbaikan dan pemeliharaan dibebankan ke dalam laporan laba rugi dalam tahun keuangan ketika biaya-biaya tersebut terjadi.Kenaikan nilai tercatat yang timbul dari revaluasi tanah dikreditkan pada revaluasi aset tetap sebagai bagian dari pendapatan komprehensif lainnya.Penurunan yang menghapus nilai kenaikan yang sebelumnya atas aset yang sama dibebankan terhadap revaluasi aset tetap sebagai bagian dari pendapatan komprehensif lainnya; penurunan lainnya dibebankan pada laporan laba rugi.Nilai tercatat aset segera diturunkan sebesar jumlah yang dapat dipulihkan jika nilai tercatat aset lebih besar dari estimasi jumlah yang dapat dipulihkan.Apabila aset tetap dilepas, maka nilai harga perolehan dan akumulasi penyusutannya dikeluarkan dari laporan posisi keuangan dan keuntungan atau kerugian bersih atas pelepasan aset tetap diakui pada dan beban non-usaha dalam laporan laba rugi. Jika aset yang direvaluasi dijual, jumlah yang dicatat di dalam ekuitas dipindahkan ke saldo laba.
A9: Penurunan nilai aset nonkeuangan | C9: AYDA yang telah dilakukan upaya penyelesaian, ditetapkan memiliki kualitas:a) Lancar, apabila dimiliki sampai dengan 1 (satu) tahun.b) Kurang Lancar, apabila dimiliki 1 (satu) tahun sampai dengan 3 (tiga) tahun.c) Diragukan, apabila dimiliki 3 (tiga) tahun sampai dengan 5 (lima) tahun.d) Macet, apabila dimiliki lebih dari 5 (lima) tahun.Kualitas rekening perantara dan temporary account ditetapkan sebagai berikut:1) Lancar, apabila tercatat dalam pembukuan Bank sampai dengan 180 (seratus delapan puluh) hari.2) Macet, apabila tercatat dalam pembukuan Bank lebih dari 180 (seratus delapan puluh) hari.Kualitas properti terbengkalai ditetapkan sebagai berikut:a) Lancar, apabila dimiliki sampai dengan 1 (satu) tahun.b) Kurang Lancar, apabila dimiliki 1 (satu) tahun sampai dengan 3 (tiga) tahun.c) Diragukan, apabila dimiliki 3 (tiga) tahun sampai dengan 5 (lima) tahun.d) Macet, apabila dimiliki lebih dari 5 (lima) tahun. | D9: AYDA adalah aset yang diperoleh Bank, baik melalui pelelangan atau di luar pelelangan berdasarkan penyerahan secara sukarela oleh pemilik agunan atau berdasarkan kuasa untuk menjual di luar lelang dari pemilik agunan dalam hal nasabah tidak memenuhi kewajibannya kepada Bank.Bank wajib melakukan upaya penyelesaian terhadap AYDA yang dimiliki dan mendokumentasikan upaya penyelesaian AYDA. Bank wajib melakukan penilaian kembali terhadap AYDA atas dasar nilai realisasi bersih:a) Pada saat pengambilalihan agunan; danb) Pada masa-masa berikutnya setelah dilakukan pengambilalihan agunan.Penetapan nilai realisasi bersih wajib dilakukan oleh penilai independen, untuk AYDA dengan nilai Rp5.000 (lima milyar Rupiah) atau lebih. Sementara untuk AYDA dengan nilai di bawah Rp5.000 (lima milyar Rupiah) dapat menggunakan penilai internal Bank.Bank wajib menggunakan nilai yang terendah apabila terdapat beberapa nilai dari penilai independen atau penilai internal Bank.AYDA yang telah dilakukan upaya penyelesaian, ditetapkan memiliki kualitas:a) Lancar, apabila dimiliki sampai dengan 1 (satu) tahun.b) Kurang Lancar, apabila dimiliki 1 (satu) tahun sampai dengan 3 (tiga) tahun.c) Diragukan, apabila dimiliki 3 (tiga) tahun sampai dengan 5 (lima) tahun.d) Macet, apabila dimiliki lebih dari 5 (lima) tahun.AYDA sehubungan dengan penyelesaian pembiayaan (disajikan dalam akun aset lain) diakui sebesar nilai realisasi bersih maksimum sebesar kewajiban nasabah. Nilai realisasi bersih adalah nilai wajar aset setelah dikurangi estimasi biaya pelepasan. Setelah pengakuan awal, AYDA dicatat sebesar nilai yang lebih rendah antara nilai tercatat dengan nilai wajarnya setelah dikurangi biaya untuk menjualnya. | E9: AYDA adalah aset yang diperoleh Bank, baik melalui pelelangan atau di luar pelelangan berdasarkan penyerahan secara sukarela oleh pemilik agunan atau berdasarkan kuasa untuk menjual di luar lelang dari pemilik agunan dalam hal nasabah tidak memenuhi kewajibannya kepada Bank.Bank wajib melakukan upaya penyelesaian terhadap AYDA yang dimiliki dan mendokumentasikan upaya penyelesaian AYDA. Bank wajib melakukan penilaian kembali terhadap AYDA atas dasar nilai realisasi bersih:a) Pada saat pengambilalihan agunan; danb) Pada masa-masa berikutnya setelah dilakukan pengambilalihan agunan.Penetapan nilai realisasi bersih wajib dilakukan oleh penilai independen, untuk AYDA dengan nilai Rp5.000 (lima milyar Rupiah) atau lebih. Sementara untuk AYDA dengan nilai di bawah Rp5.000 (lima milyar Rupiah) dapat menggunakan penilai internal Bank.Bank wajib menggunakan nilai yang terendah apabila terdapat beberapa nilai dari penilai independen atau penilai internal Bank.AYDA yang telah dilakukan upaya penyelesaian, ditetapkan memiliki kualitas:a) Lancar, apabila dimiliki sampai dengan 1 (satu) tahun.b) Kurang Lancar, apabila dimiliki 1 (satu) tahun sampai dengan 3 (tiga) tahun.c) Diragukan, apabila dimiliki 3 (tiga) tahun sampai dengan 5 (lima) tahun.d) Macet, apabila dimiliki lebih dari 5 (lima) tahun.AYDA sehubungan dengan penyelesaian pembiayaan (disajikan dalam akun aset lain) diakui sebesar nilai realisasi bersih maksimum sebesar kewajiban nasabah. Nilai realisasi bersih adalah nilai wajar aset setelah dikurangi estimasi biaya pelepasan. Setelah pengakuan awal, AYDA dicatat sebesar nilai yang lebih rendah antara nilai tercatat dengan nilai wajarnya setelah dikurangi biaya untuk menjualnya. | F9: AYDA adalah aset yang diperoleh Bank, baik melalui pelelangan atau di luar pelelangan berdasarkan penyerahan secara sukarela oleh pemilik agunan atau berdasarkan kuasa untuk menjual di luar lelang dari pemilik agunan dalam hal nasabah tidak memenuhi kewajibannya kepada Bank. Bank wajib melakukan upaya penyelesaian terhadap AYDA yang dimiliki dan mendokumentasikan upaya penyelesaian AYDA. Rekening perantara adalah akun tagihan yang timbul dari transaksi antar kantor yang belum diselesaikan dalam jangka waktu tertentu. Temporary account adalah akun yang digunakan dalam operasional perbankan sehari-hari yang bersifat sementara dan harus segera diselesaikan dalam jangka waktu tertentu yang telah ditetapkan oleh Bank. Properti terbengkalai adalah aset tetap dalam bentuk properti yang dimiliki Bank tetapi tidak digunakan untuk kegiatan usaha Bank yang lazim.
A10: Beban tangguhan | C10: Beban pajak tahun berjalan ditetapkan berdasarkan taksiran penghasilan kena pajak tahun berjalan. Aset dan liabilitas pajak tangguhan diakui atas perbedaan temporer aset dan liabilitas antara pelaporan komersial dan pajak pada setiap tanggal pelaporan.Aset pajak tangguhan diakui untuk seluruh perbedaan temporer yang boleh dikurangkan dan saldo rugi fiskal yang belum dikompensasikan, sepanjang perbedaan temporer dan rugi fiskal yang belum dikompensasikan tersebut dapat dimanfaatkan untuk mengurangi laba fiskal pada masa yang akan datang.Jumlah tercatat aset pajak tangguhan ditelaah pada setiap tanggal posisi keuangan dan nilai tercatat aset pajak tangguhan tersebut diturunkan apabila tidak lagi terdapat kemungkinan besar bahwa laba fiskal yang memadai akan tersedia untuk mengkompensasi sebagian atau semua manfaat aset pajak tangguhan.Perubahan terhadap liabilitas pajak diakui pada saat surat ketetapan pajak diterima, atau apabila diajukan keberatan dan atau banding oleh Bank, pada saat telah ada keputusan atas banding dan atau keberatan tersebut. Jika perlu, manajemen akan membentuk provisi berdasarkan jumlah yang diestimasikan akan dibayar kepada otoritas pajak.Aset dan liabilitas atas pajak tangguhan dan pajak kini dapat saling hapus apabila terdapat hak yang berkekuatan hukum untuk melakukan salinghapus.Aset dan liabilitas pajak tangguhan diukur berdasarkan tarif pajak yang akan berlaku pada tahun saat aset direalisasikan atau liabilitas diselesaikan berdasarkan peraturan perpajakan yang berlaku atau yang telah secara substantif diberlakukan pada tanggal laporan posisi keuangan. Pengaruh pajak terkait dengan penyisihan untuk dan/atau pembalikan seluruh perbedaan temporer selama tahun berjalan, termasuk pengaruh perubahan tarif pajak, diakui sebagai “Manfaat/(Beban) Pajak Penghasilan” dan termasuk dalam laba atau rugi bersih tahun berjalan, kecuali untuk transaksi-transaksi yang sebelumnya telah langsung dibebankan ke laba komprehensif lainnya dan dilaporkan ke ekuitas.
A11: Pengakuan pendapatan dan beban | C11: Pendapatan pengelolaan dana sebagai mudharib terdiri dari pendapatan dari transaksi piutang murabahah, istishna, pendapatan dari ijarah, pendapatan bagi hasil dari pembiayaan mudharabah dan musyarakah dan pendapatan usaha utama lainnya.Pendapatan atas piutang murabahah menggunakan metode setara tingkat imbal hasil efektif (margin efektif). Margin efektif adalah margin yang secara tepat mendiskontokan estimasi pembayaran atau penerimaan kas di masa datang selama perkiraan umur dari piutang murabahah.Pada saat menghitung margin efektif, Bank mengestimasi arus kas di masa datang dengan mempertimbangkan seluruh persyaratan kontraktual dalam instrumen keuangan tersebut, tetapi tidak mempertimbangkan kerugian piutang di masa mendatang. Perhitungan ini mencakup seluruh komisi, provisi dan bentuk lain yang diterima oleh para pihak dalam kontrak yang merupakan bagian tak terpisahkan dari margin efektif, biaya transaksi dan seluruh premi atau diskon lainnya.Pendapatan istishna diakui apabila telah terjadi penyerahan barang.Pendapatan ijarah diakui selama masa akad secara proporsional.Pendapatan usaha musyarakah yang menjadi hak mitra aktif diakui sebesar haknya sesuai dengan kesepakatan, sedangkan pendapatan usaha untuk mitra pasif diakui sebagai hak pihak mitra pasif atas bagi hasil dan liabilitas.Pendapatan usaha mudharabah diakui dalam periode terjadinya hak bagi hasil sesuai nisbah yang disepakati dan tidak diperkenankan mengakui pendapatan dari proyeksi hasil usaha. Kerugian akibat kelalaian atau kesalahan pengelola dana dibebankan pada pengelola dana dan tidak mengurangi investasi mudharabah.Pendapatan usaha utama lainnya terdiri dari pendapatan dari pinjaman qardh, pendapatan dari SBIS, pendapatan dari FASBIS, pendapatan dari penempatan pada bank syariah lain dan pendapatan bagi hasil investasi pada surat berharga.Hak pihak ketiga atas bagi hasil dana syirkah temporer merupakan bagian bagi hasil milik pihak ketiga yang didasarkan pada prinsip mudharabah mutlaqah atas pengelolaan dana mereka oleh Bank. Pendapatan yang dibagikan adalah pendapatan yang telah diterima (cash basis).Bagian laba Bank yang dibagikan kepada pemilik dana dihitung dari pendapatan yang telah diterima.Jumlah pendapatan margin dan bagi hasil atas pembiayaan yang diberikan dan dari aset produktif lainnya yang akan dibagikan kepada nasabah penyimpan dana. Bank menghitung secara proporsional sesuai dengan alokasi dana nasabah dan Bank yang dipakai dalam pembiayaan yang diberikan dan aset produktif lainnya yang disalurkan. Dari jumlah pendapatan margin dan bagi hasil yang tersedia untuk nasabah tersebut kemudian dibagihasilkan kepada nasabah penabung dan deposan sebagai shahibul maal dan Bank sebagai mudharib sesuai dengan porsi nisbah bagi hasil yang telah disepakati bersama sebelumnya, sedangkan untuk nasabah giro dan tabungan dengan akad wadiah dapat diberikan bonus berdasarkan kebijakan Bank.Pendapatan margin dan bagi hasil atas pembiayaan yang diberikan dan aset produktif lainnya yang didapatkan melalui penggunaan dana Bank, seluruhnya menjadi milik Bank, termasuk pendapatan dari investasi Bank berbasis imbalan. | D11: Pendapatan pengelolaan dana sebagai mudharib terdiri dari pendapatan dari transaksi piutang murabahah, istishna, pendapatan dari ijarah, pendapatan bagi hasil dari pembiayaan mudharabah dan musyarakah dan pendapatan usaha utama lainnya.Pendapatan atas piutang murabahah menggunakan metode setara tingkat imbal hasil efektif (margin efektif). Margin efektif adalah margin yang secara tepat mendiskontokan estimasi pembayaran atau penerimaan kas di masa datang selama perkiraan umur dari piutang murabahah.Pada saat menghitung margin efektif, Bank mengestimasi arus kas di masa datang dengan mempertimbangkan seluruh persyaratan kontraktual dalam instrumen keuangan tersebut, tetapi tidak mempertimbangkan kerugian piutang di masa mendatang. Perhitungan ini mencakup seluruh komisi, provisi dan bentuk lain yang diterima oleh para pihak dalam kontrak yang merupakan bagian tak terpisahkan dari margin efektif, biaya transaksi dan seluruh premi atau diskon lainnya.Pendapatan istishna diakui apabila telah terjadi penyerahan barang.Pendapatan ijarah diakui selama masa akad secara proporsional.Pendapatan usaha musyarakah yang menjadi hak mitra aktif diakui sebesar haknya sesuai dengan kesepakatan, sedangkan pendapatan usaha untuk mitra pasif diakui sebagai hak pihak mitra pasif atas bagi hasil dan liabilitas.Pendapatan usaha mudharabah diakui dalam periode terjadinya hak bagi hasil sesuai nisbah yang disepakati dan tidak diperkenankan mengakui pendapatan dari proyeksi hasil usaha. Kerugian akibat kelalaian atau kesalahan pengelola dana dibebankan pada pengelola dana dan tidak mengurangi investasi mudharabah.Pendapatan usaha utama lainnya terdiri dari pendapatan dari pinjaman qardh, pendapatan dari SBIS, pendapatan dari FASBIS, pendapatan dari penempatan pada bank syariah lain dan pendapatan bagi hasil investasi pada surat berharga.Hak pihak ketiga atas bagi hasil dana syirkah temporer merupakan bagian bagi hasil milik pihak ketiga yang didasarkan pada prinsip mudharabah mutlaqah atas pengelolaan dana mereka oleh Bank. Pendapatan yang dibagikan adalah pendapatan yang telah diterima (cash basis).Bagian laba Bank yang dibagikan kepada pemilik dana dihitung dari pendapatan yang telah diterima.Jumlah pendapatan margin dan bagi hasil atas pembiayaan yang diberikan dan dari aset produktif lainnya yang akan dibagikan kepada nasabah penyimpan dana. Bank menghitung secara proporsional sesuai dengan alokasi dana nasabah dan Bank yang dipakai dalam pembiayaan yang diberikan dan aset produktif lainnya yang disalurkan. Dari jumlah pendapatan margin dan bagi hasil yang tersedia untuk nasabah tersebut kemudian dibagihasilkan kepada nasabah penabung dan deposan sebagai shahibul maal dan Bank sebagai mudharib sesuai dengan porsi nisbah bagi hasil yang telah disepakati bersama sebelumnya, sedangkan untuk nasabah giro dan tabungan dengan akad wadiah dapat diberikan bonus berdasarkan kebijakan Bank.Pendapatan margin dan bagi hasil atas pembiayaan yang diberikan dan aset produktif lainnya yang didapatkan melalui penggunaan dana Bank, seluruhnya menjadi milik Bank, termasuk pendapatan dari investasi Bank berbasis imbalan.Pendapatan imbalan jasa perbankan diakui pada periode akuntansi dimana jasa diberikan, dengan mengacu pada tingkat penyelesaian dari suatu transaksi dan dinilai berdasarkan jasa aktual yang telah diberikan sebagai proporsi atas total jasa yang harus diberikan. | E11: Pendapatan pengelolaan dana sebagai mudharib terdiri dari pendapatan dari transaksi piutang murabahah, istishna, pendapatan dari ijarah, pendapatan bagi hasil dari pembiayaan mudharabah dan musyarakah dan pendapatan usaha utama lainnya.Pendapatan atas piutang murabahah menggunakan metode setara tingkat imbal hasil efektif (margin efektif). Margin efektif adalah margin yang secara tepat mendiskontokan estimasi pembayaran atau penerimaan kas di masa datang selama perkiraan umur dari piutang murabahah.Pada saat menghitung margin efektif, Bank mengestimasi arus kas di masa datang dengan mempertimbangkan seluruh persyaratan kontraktual dalam instrumen keuangan tersebut, tetapi tidak mempertimbangkan kerugian piutang di masa mendatang. Perhitungan ini mencakup seluruh komisi, provisi dan bentuk lain yang diterima oleh para pihak dalam kontrak yang merupakan bagian tak terpisahkan dari margin efektif, biaya transaksi dan seluruh premi atau diskon lainnya.Pendapatan istishna diakui apabila telah terjadi penyerahan barang.Pendapatan ijarah diakui selama masa akad secara proporsional.Pendapatan usaha musyarakah yang menjadi hak mitra aktif diakui sebesar haknya sesuai dengan kesepakatan, sedangkan pendapatan usaha untuk mitra pasif diakui sebagai hak pihak mitra pasif atas bagi hasil dan liabilitas.Pendapatan usaha mudharabah diakui dalam periode terjadinya hak bagi hasil sesuai nisbah yang disepakati dan tidak diperkenankan mengakui pendapatan dari proyeksi hasil usaha. Kerugian akibat kelalaian atau kesalahan pengelola dana dibebankan pada pengelola dana dan tidak mengurangi investasi mudharabah.Pendapatan usaha utama lainnya terdiri dari pendapatan dari pinjaman qardh, pendapatan dari SBIS, pendapatan dari FASBIS, pendapatan dari penempatan pada bank syariah lain dan pendapatan bagi hasil investasi pada surat berharga.Hak pihak ketiga atas bagi hasil dana syirkah temporer merupakan bagian bagi hasil milik pihak ketiga yang didasarkan pada prinsip mudharabah mutlaqah atas pengelolaan dana mereka oleh Bank. Pendapatan yang dibagikan adalah pendapatan yang telah diterima (cash basis).Bagian laba Bank yang dibagikan kepada pemilik dana dihitung dari pendapatan yang telah diterima.Jumlah pendapatan margin dan bagi hasil atas pembiayaan yang diberikan dan dari aset produktif lainnya yang akan dibagikan kepada nasabah penyimpan dana. Bank menghitung secara proporsional sesuai dengan alokasi dana nasabah dan Bank yang dipakai dalam pembiayaan yang diberikan dan aset produktif lainnya yang disalurkan. Dari jumlah pendapatan margin dan bagi hasil yang tersedia untuk nasabah tersebut kemudian dibagihasilkan kepada nasabah penabung dan deposan sebagai shahibul maal dan Bank sebagai mudharib sesuai dengan porsi nisbah bagi hasil yang telah disepakati bersama sebelumnya, sedangkan untuk nasabah giro dan tabungan dengan akad wadiah dapat diberikan bonus berdasarkan kebijakan Bank.Pendapatan margin dan bagi hasil atas pembiayaan yang diberikan dan aset produktif lainnya yang didapatkan melalui penggunaan dana Bank, seluruhnya menjadi milik Bank, termasuk pendapatan dari investasi Bank berbasis imbalan.Pendapatan imbalan jasa perbankan diakui pada periode akuntansi dimana jasa diberikan, dengan mengacu pada tingkat penyelesaian dari suatu transaksi dan dinilai berdasarkan jasa aktual yang telah diberikan sebagai proporsi atas total jasa yang harus diberikan. | F11: Pendapatan pengelolaan dana sebagai mudharib terdiri dari pendapatan dari transaksi piutang murabahah, istishna, pendapatan dari ijarah, pendapatan bagi hasil dari pembiayaan mudharabah dan musyarakah dan pendapatan usaha utama lainnya.Pendapatan atas piutang murabahah menggunakan metode setara tingkat imbal hasil efektif (margin efektif). Margin efektif adalah margin yang secara tepat mendiskontokan estimasi pembayaran atau penerimaan kas di masa datang selama perkiraan umur dari piutang murabahah.Pada saat menghitung margin efektif, Bank mengestimasi arus kas di masa datang dengan mempertimbangkan seluruh persyaratan kontraktual dalam instrumen keuangan tersebut, tetapi tidak mempertimbangkan kerugian piutang di masa mendatang. Perhitungan ini mencakup seluruh komisi, provisi dan bentuk lain yang diterima oleh para pihak dalam kontrak yang merupakan bagian tak terpisahkan dari margin efektif, biaya transaksi dan seluruh premi atau diskon lainnya.Pendapatan istishna diakui apabila telah terjadi penyerahan barang.Pendapatan ijarah diakui selama masa akad secara proporsional.Pendapatan usaha musyarakah yang menjadi hak mitra aktif diakui sebesar haknya sesuai dengan kesepakatan, sedangkan pendapatan usaha untuk mitra pasif diakui sebagai hak pihak mitra pasif atas bagi hasil dan liabilitas.Pendapatan usaha mudharabah diakui dalam periode terjadinya hak bagi hasil sesuai nisbah yang disepakati dan tidak diperkenankan mengakui pendapatan dari proyeksi hasil usaha. Kerugian akibat kelalaian atau kesalahan pengelola dana dibebankan pada pengelola dana dan tidak mengurangi investasi mudharabah.Pendapatan usaha utama lainnya terdiri dari pendapatan dari pinjaman qardh, pendapatan dari SBIS, pendapatan dari FASBIS, pendapatan dari penempatan pada bank syariah lain dan pendapatan bagi hasil investasi pada surat berharga.Hak pihak ketiga atas bagi hasil dana syirkah temporer merupakan bagian bagi hasil milik pihak ketiga yang didasarkan pada prinsip mudharabah mutlaqah atas pengelolaan dana mereka oleh Bank. Pendapatan yang dibagikan adalah pendapatan yang telah diterima (cash basis).Bagian laba Bank yang dibagikan kepada pemilik dana dihitung dari pendapatan yang telah diterima.Jumlah pendapatan margin dan bagi hasil atas pembiayaan yang diberikan dan dari aset produktif lainnya yang akan dibagikan kepada nasabah penyimpan dana. Bank menghitung secara proporsional sesuai dengan alokasi dana nasabah dan Bank yang dipakai dalam pembiayaan yang diberikan dan aset produktif lainnya yang disalurkan. Dari jumlah pendapatan margin dan bagi hasil yang tersedia untuk nasabah tersebut kemudian dibagihasilkan kepada nasabah penabung dan deposan sebagai shahibul maal dan Bank sebagai mudharib sesuai dengan porsi nisbah bagi hasil yang telah disepakati bersama sebelumnya, sedangkan untuk nasabah giro dan tabungan dengan akad wadiah dapat diberikan bonus berdasarkan kebijakan Bank.Pendapatan margin dan bagi hasil atas pembiayaan yang diberikan dan aset produktif lainnya yang didapatkan melalui penggunaan dana Bank, seluruhnya menjadi milik Bank, termasuk pendapatan dari investasi Bank berbasis imbalan.Pendapatan imbalan jasa perbankan diakui pada periode akuntansi dimana jasa diberikan, dengan mengacu pada tingkat penyelesaian dari suatu transaksi dan dinilai berdasarkan jasa aktual yang telah diberikan sebagai proporsi atas total jasa yang harus diberikan.
A12: Penjabaran mata uang asing | C12: Bank menyelenggarakan catatan akuntansinya dalam Rupiah Indonesia. Transaksi yang melibatkan mata uang asing dicatat pada nilai tukar pada saat terjadinya transaksi. Pada tanggal laporan posisi keuangan, aset dan liabilitas moneter dalam mata uang asing dijabarkan ke dalam mata uang Rupiah dengan menggunakan kurs Reuters pada pukul 16:00 WIB (Waktu Indonesia Bagian Barat).Keuntungan atau kerugian yang timbul sebagai akibat dari penjabaran aset dan liabilitas moneter dalam mata uang asing dicatat dalam laporan laba rugi dan penghasilan komprehensif lain tahun berjalan. | D12: Bank menyelenggarakan catatan akuntansinya dalam Rupiah Indonesia. Transaksi yang melibatkan mata uang asing dicatat pada nilai tukar pada saat terjadinya transaksi. Pada tanggal laporan posisi keuangan, aset dan liabilitas moneter dalam mata uang asing dijabarkan ke dalam mata uang Rupiah dengan menggunakan kurs Reuters pada pukul 16:00 WIB (Waktu Indonesia Bagian Barat).Keuntungan atau kerugian yang timbul sebagai akibat dari penjabaran aset dan liabilitas moneter dalam mata uang asing dicatat dalam laporan laba rugi dan penghasilan komprehensif lain tahun berjalan. | E12: Bank menyelenggarakan catatan akuntansinya dalam Rupiah Indonesia. Transaksi yang melibatkan mata uang asing dicatat pada nilai tukar pada saat terjadinya transaksi. Pada tanggal laporan posisi keuangan, aset dan liabilitas moneter dalam mata uang asing dijabarkan ke dalam mata uang Rupiah dengan menggunakan kurs Reuters pada pukul 16:00 WIB (Waktu Indonesia Bagian Barat).Keuntungan atau kerugian yang timbul sebagai akibat dari penjabaran aset dan liabilitas moneter dalam mata uang asing dicatat dalam laporan laba rugi dan penghasilan komprehensif lain tahun berjalan. | F12: Bank menyelenggarakan catatan akuntansinya dalam Rupiah Indonesia sebagai mata uang fungsional. Transaksi yang melibatkan mata uang asing dicatat pada nilai tukar pada saat terjadinya transaksi. Pada tanggal laporan posisi keuangan, aset dan liabilitas moneter dalam mata uang asing dijabarkan ke dalam mata uang Rupiah dengan menggunakan kurs Reuters pada pukul 16:00 WIB (Waktu Indonesia Bagian Barat). Keuntungan atau kerugian yang timbul sebagai akibat dari penjabaran aset dan liabilitas moneter dalam mata uang asing dicatat dalam laporan laba rugi dan penghasilan komprehensif lain tahun berjalan.
A13: Transaksi dengan pihak berelasi | C13: Bank melakukan transaksi dengan pihak-pihak berelasi seperti yang didefinisikan dalam PSAK No. 7 (Revisi 2015) tentang “Pengungkapan Pihak-pihak Berelasi” dan Peraturan Bapepam dan LK No. KEP-347/BL/2012 tanggal 25 Juni 2012 tentang “Penyajian dan Pengungkapan Laporan Keuangan Emiten atau Perusahaan Publik”.Suatu pihak dianggap pihak berelasi dengan Bank jika:(1) langsung, atau tidak langsung yang melalui satu atau lebih perantara, suatu pihak (i) mengendalikan, atau dikendalikan oleh, atau berada di bawah pengendalian bersama, dengan Bank; (ii) memiliki kepentingan dalam Bank yang memberikan pengaruh signifikan atas Bank; atau (iii) memiliki pengendalian bersama atas Bank;(2) suatu pihak yang berada dalam kelompok usaha yang sama dengan Bank;(3) suatu pihak adalah ventura bersamadi mana Bank sebagai venturer;(4) suatu pihak adalah anggota dari personil manajemen kunci Bank;(5) suatu pihak adalah anggota keluarga dekat dari individu yang diuraikan dalam butir (1) atau (4);(6) suatu pihak adalah entitas yang dikendalikan, dikendalikan bersama atau dipengaruhi signifikan oleh atau untuk pihak yang memiliki hak suara signifikan pada beberapa entitas, langsung maupun tidak langsung, yaitu individu seperti diuraikan dalam butir (4) atau (5); dan(7) suatu pihak adalah suatu program imbalan pasca kerja untuk imbalan kerja dari Bank atau entitas yang terkait dengan Bank. | D13: Bank melakukan transaksi dengan pihak-pihak berelasi seperti yang didefinisikan dalam PSAK No. 7 (Revisi 2015) tentang “Pengungkapan Pihak-pihak Berelasi” dan Peraturan Bapepam dan LK No. KEP-347/BL/2012 tanggal 25 Juni 2012 tentang “Penyajian dan Pengungkapan Laporan Keuangan Emiten atau Perusahaan Publik”.Suatu pihak dianggap pihak berelasi dengan Bank jika:(1) langsung, atau tidak langsung yang melalui satu atau lebih perantara, suatu pihak (i) mengendalikan, atau dikendalikan oleh, atau berada di bawah pengendalian bersama, dengan Bank; (ii) memiliki kepentingan dalam Bank yang memberikan pengaruh signifikan atas Bank; atau (iii) memiliki pengendalian bersama atas Bank;(2) suatu pihak yang berada dalam kelompok usaha yang sama dengan Bank;(3) suatu pihak adalah ventura bersamadi mana Bank sebagai venturer;(4) suatu pihak adalah anggota dari personil manajemen kunci Bank;(5) suatu pihak adalah anggota keluarga dekat dari individu yang diuraikan dalam butir (1) atau (4);(6) suatu pihak adalah entitas yang dikendalikan, dikendalikan bersama atau dipengaruhi signifikan oleh atau untuk pihak yang memiliki hak suara signifikan pada beberapa entitas, langsung maupun tidak langsung, yaitu individu seperti diuraikan dalam butir (4) atau (5); dan(7) suatu pihak adalah suatu program imbalan pasca kerja untuk imbalan kerja dari Bank atau entitas yang terkait dengan Bank. | E13: Bank melakukan transaksi dengan pihak-pihak berelasi seperti yang didefinisikan dalam PSAK 224 tentang Pihak-pihak Berelasi dan Peraturan No. VIII.G.7 tentang dan Pengungkapan Laporan Keuangan Emiten atau Perusahaan Publik. Suatu pihak dianggap pihak berelasi dengan Bank jika: (1) langsung, atau tidak langsung yang melalui satu atau lebih perantara, suatu pihak (i) mengendalikan, atau dikendalikan oleh, atau berada di bawah pengendalian bersama, dengan Bank; (ii) memiliki kepentingan dalam Bank yang memberikan pengaruh signifikan atas Bank; atau (iii) memiliki pengendalian bersama atas Bank; (2) suatu pihak yang berada dalam kelompok usaha yang sama dengan Bank; (3) suatu pihak adalah ventura bersama dimana Bank sebagai venturer; (4) suatu pihak adalah anggota dari personil manajemen kunci Bank; (5) suatu pihak adalah anggota keluarga dekat dari individu yang diuraikan dalam butir (1) atau (4); (6) suatu pihak adalah entitas yang dikendalikan, dikendalikan bersama atau dipengaruhi signifikan oleh atau untuk pihak yang memiliki hak suara signifikan pada beberapa entitas, langsung maupun tidak langsung, yaitu individu seperti diuraikan dalam butir (4) atau (5); dan (7) suatu pihak adalah suatu program imbalan pasca kerja untuk imbalan kerja dari Bank atau entitas yang terkait dengan Bank. | F13: Bank melakukan transaksi dengan pihak-pihak berelasi seperti yang didefinisikan dalam PSAK 224 tentang Pihak-pihak Berelasi dan Peraturan No. VIII.G.7 tentang dan Pengungkapan Laporan Keuangan Emiten atau Perusahaan Publik. Suatu pihak dianggap pihak berelasi dengan Bank jika: (1) langsung, atau tidak langsung yang melalui satu atau lebih perantara, suatu pihak (i) mengendalikan, atau dikendalikan oleh, atau berada di bawah pengendalian bersama, dengan Bank; (ii) memiliki kepentingan dalam Bank yang memberikan pengaruh signifikan atas Bank; atau (iii) memiliki pengendalian bersama atas Bank; (2) suatu pihak yang berada dalam kelompok usaha yang sama dengan Bank; (3) suatu pihak adalah ventura bersama dimana Bank sebagai venturer; (4) suatu pihak adalah anggota dari personil manajemen kunci Bank; (5) suatu pihak adalah anggota keluarga dekat dari individu yang diuraikan dalam butir (1) atau (4); (6) suatu pihak adalah entitas yang dikendalikan, dikendalikan bersama atau dipengaruhi signifikan oleh atau untuk pihak yang memiliki hak suara signifikan pada beberapa entitas, langsung maupun tidak langsung, yaitu individu seperti diuraikan dalam butir (4) atau (5); dan (7) suatu pihak adalah suatu program imbalan pasca kerja untuk imbalan kerja dari Bank atau entitas yang terkait dengan Bank.
A14: Pajak penghasilan | C14: Aset dan liabilitas pajak tangguhan diukur berdasarkan tarif pajak yang akan berlaku pada tahun saat aset direalisasikan atau liabilitas diselesaikan berdasarkan peraturan perpajakan yang berlaku atau yang telah secara substantif diberlakukan pada tanggal laporan posisi keuangan. Pengaruh pajak terkait dengan penyisihan untuk dan/atau pembalikan seluruh perbedaan temporer selama tahun berjalan, termasuk pengaruh perubahan tarif pajak, diakui sebagai “Manfaat/(Beban) Pajak Penghasilan” dan termasuk dalam laba atau rugi bersih tahun berjalan, kecuali untuk transaksi-transaksi yang sebelumnya telah langsung dibebankan ke laba komprehensif lainnya dan dilaporkan ke ekuitas. | D14: Aset dan liabilitas pajak tangguhan diukur berdasarkan tarif pajak yang akan berlaku pada tahun saat aset direalisasikan atau liabilitas diselesaikan berdasarkan peraturan perpajakan yang berlaku atau yang telah secara substantif diberlakukan pada tanggal laporan posisi keuangan. Pengaruh pajak terkait dengan penyisihan untuk dan/atau pembalikan seluruh perbedaan temporer selama tahun berjalan, termasuk pengaruh perubahan tarif pajak, diakui sebagai “Manfaat/(Beban) Pajak Penghasilan” dan termasuk dalam laba atau rugi bersih tahun berjalan, kecuali untuk transaksi-transaksi yang sebelumnya telah langsung dibebankan ke laba komprehensif lainnya dan dilaporkan ke ekuitas. | E14: Aset dan liabilitas pajak tangguhan diukur berdasarkan tarif pajak yang akan berlaku pada tahun saat aset direalisasikan atau liabilitas diselesaikan berdasarkan peraturan perpajakan yang berlaku atau yang telah secara substantif diberlakukan pada tanggal laporan posisi keuangan. Pengaruh pajak terkait dengan penyisihan untuk dan/atau pembalikan seluruh perbedaan temporer selama tahun berjalan, termasuk pengaruh perubahan tarif pajak, diakui sebagai /(Beban) Pajak Penghasilan dan termasuk dalam laba atau rugi bersih tahun berjalan, kecuali untuk transaksi-transaksi yang sebelumnya telah langsung dibebankan ke laba komprehensif lainnya dan dilaporkan ke ekuitas. | F14: Aset dan liabilitas pajak tangguhan diukur berdasarkan tarif pajak yang akan berlaku pada tahun saat aset direalisasikan atau liabilitas diselesaikan berdasarkan peraturan perpajakan yang berlaku atau yang telah secara substantif diberlakukan pada tanggal laporan posisi keuangan. Pengaruh pajak terkait dengan penyisihan untuk dan/atau pembalikan seluruh perbedaan temporer selama tahun berjalan, termasuk pengaruh perubahan tarif pajak, diakui sebagai /(Beban) Pajak Penghasilan dan termasuk dalam laba atau rugi bersih tahun berjalan, kecuali untuk transaksi-transaksi yang sebelumnya telah langsung dibebankan ke laba komprehensif lainnya dan dilaporkan ke ekuitas.
A15: Pinjaman | C15: Pembiayaan berjangka mudharabah merupakan pembiayaan kerjasama antara Bank sebagai pelaksana usaha (mudharib) dengan Bank lain sebagai pemilik dana (shahibul maal) selama jangka waktu tertentu. Dana yang diterima dari pemilik dana diakui sebagai dana syirkah temporer sebesar jumlah kas yang diterima. Pada tanggal laporan posisi keuangan, dana syariah temporer diukur dan disajikan sebesar nilai tercatat. Pembiayaan berjangka mudharabah merupakan pembiayaan kerjasama antara Bank sebagai pelaksana usaha (mudharib) dengan Bank lain sebagai pemilik dana (shahibul maal) selama jangka waktu tertentu. Dana yang diterima dari pemilik dana diakui sebagai dana syirkah temporer sebesar jumlah kas yang diterima. Pada tanggal laporan posisi keuangan, dana syariah temporer diukur dan disajikan sebesar nilai tercatat. | D15: Pembiayaan berjangka mudharabah merupakan pembiayaan kerjasama antara Bank sebagai pelaksana usaha (mudharib) dengan Bank lain sebagai pemilik dana (shahibul maal) selama jangka waktu tertentu. Dana yang diterima dari pemilik dana diakui sebagai dana syirkah temporer sebesar jumlah kas yang diterima. Pada tanggal laporan posisi keuangan, dana syariah temporer diukur dan disajikan sebesar nilai tercatat. Pembiayaan berjangka mudharabah merupakan pembiayaan kerjasama antara Bank sebagai pelaksana usaha (mudharib) dengan Bank lain sebagai pemilik dana (shahibul maal) selama jangka waktu tertentu. Dana yang diterima dari pemilik dana diakui sebagai dana syirkah temporer sebesar jumlah kas yang diterima. Pada tanggal laporan posisi keuangan, dana syariah temporer diukur dan disajikan sebesar nilai tercatat. | E15: Pembiayaan berjangka mudharabah merupakan pembiayaan kerjasama antara Bank sebagai pelaksana usaha (mudharib) dengan Bank lain sebagai pemilik dana (shahibul maal) selama jangka waktu tertentu. Dana yang diterima dari pemilik dana diakui sebagai dana syirkah temporer sebesar jumlah kas yang diterima. Pada tanggal laporan posisi keuangan, dana syariah temporer diukur dan disajikan sebesar nilai tercatat. Pembiayaan berjangka mudharabah merupakan pembiayaan kerjasama antara Bank sebagai pelaksana usaha (mudharib) dengan Bank lain sebagai pemilik dana (shahibul maal) selama jangka waktu tertentu. Dana yang diterima dari pemilik dana diakui sebagai dana syirkah temporer sebesar jumlah kas yang diterima. Pada tanggal laporan posisi keuangan, dana syariah temporer diukur dan disajikan sebesar nilai tercatat. | F15: Pembiayaan berjangka mudharabah merupakan pembiayaan kerjasama antara Bank sebagai pelaksana usaha (mudharib) dengan Bank lain sebagai pemilik dana (shahibul maal) selama jangka waktu tertentu. Dana yang diterima dari pemilik dana diakui sebagai dana syirkah temporer sebesar jumlah kas yang diterima. Pada tanggal laporan posisi keuangan, dana syariah temporer diukur dan disajikan sebesar nilai tercatat. Pembiayaan berjangka mudharabah merupakan pembiayaan kerjasama antara Bank sebagai pelaksana usaha (mudharib) dengan Bank lain sebagai pemilik dana (shahibul maal) selama jangka waktu tertentu. Dana yang diterima dari pemilik dana diakui sebagai dana syirkah temporer sebesar jumlah kas yang diterima. Pada tanggal laporan posisi keuangan, dana syariah temporer diukur dan disajikan sebesar nilai tercatat.
A16: Provisi | C16: Provisi diakui jika Bank memiliki kewajiban kini (baik bersifat hukum maupun bersifat konstruktif), akibat peristiwa masa lalu, besar kemungkinannya penyelesaian kewajiban tersebut mengakibatkan arus keluar sumber daya yang mengandung manfaat ekonomi dan estimasi yang andal mengenai jumlah kewajiban tersebut dapat dibuat.Provisi ditelaah pada setiap tanggal pelaporan dan disesuaikan untuk mencerminkan estimasi terbaik yang paling kini. Jika arus keluar sumber daya untuk menyelesaikan kewajiban kemungkinan besar tidak terjadi, maka provisi dibalik. | D16: Provisi diakui jika Bank memiliki kewajiban kini (baik bersifat hukum maupun bersifat konstruktif), akibat peristiwa masa lalu, besar kemungkinannya penyelesaian kewajiban tersebut mengakibatkan arus keluar sumber daya yang mengandung manfaat ekonomi dan estimasi yang andal mengenai jumlah kewajiban tersebut dapat dibuat.Provisi ditelaah pada setiap tanggal pelaporan dan disesuaikan untuk mencerminkan estimasi terbaik yang paling kini. Jika arus keluar sumber daya untuk menyelesaikan kewajiban kemungkinan besar tidak terjadi, maka provisi dibalik. | E16: Provisi diakui jika Bank memiliki kewajiban kini (baik bersifat hukum maupun bersifat konstruktif), akibat peristiwa masa lalu, besar kemungkinannya penyelesaian kewajiban tersebut mengakibatkan arus keluar sumber daya yang mengandung manfaat ekonomi dan estimasi yang andal mengenai jumlah kewajiban tersebut dapat dibuat.Provisi ditelaah pada setiap tanggal pelaporan dan disesuaikan untuk mencerminkan estimasi terbaik yang paling kini. Jika arus keluar sumber daya untuk menyelesaikan kewajiban kemungkinan besar tidak terjadi, maka provisi dibalik. | F16: Provisi diakui jika Bank memiliki kewajiban kini (baik bersifat hukum maupun bersifat konstruktif), akibat peristiwa masa lalu, besar kemungkinannya penyelesaian kewajiban tersebut mengakibatkan arus keluar sumber daya yang mengandung manfaat ekonomi dan estimasi yang andal mengenai jumlah kewajiban tersebut dapat dibuat.Provisi ditelaah pada setiap tanggal pelaporan dan disesuaikan untuk mencerminkan estimasi terbaik yang paling kini. Jika arus keluar sumber daya untuk menyelesaikan kewajiban kemungkinan besar tidak terjadi, maka provisi dibalik.
A17: Imbalan kerja karyawan | C17: Nilai kini atas imbalan kerja karyawan tergantung dari banyaknya faktor yang dipertimbangkan oleh aktuaris berdasarkan beberapa asumsi. Perubahan atas asumsi-asumsi tersebut akan mempengaruhi carrying amount atas imbalan kerja karyawan.Asumsi yang digunakan dalam menentukan biaya atau pendapatan untuk imbalan kerja termasuk tingkat diskonto. Bank menentukan tingkat diskonto yang tepat pada setiap akhir tahun. Ini merupakan tingkat suku bunga yang digunakan untuk menentukan nilai kini atas arus kas masa depan yang diestimasi akan digunakan untuk membayar imbalan kerja. Dalam menentukan tingkat diskonto yang tepat, Bank mempertimbangkan tingkat suku bunga atas Obligasi Pemerintah yang mempunyai jatuh tempo yang menyerupai jangka waktu imbalan kerja karyawan. | D17: Nilai kini atas imbalan kerja karyawan tergantung dari banyaknya faktor yang dipertimbangkan oleh aktuaris berdasarkan beberapa asumsi. Perubahan atas asumsi-asumsi tersebut akan mempengaruhi carrying amount atas imbalan kerja karyawan.Asumsi yang digunakan dalam menentukan biaya atau pendapatan untuk imbalan kerja termasuk tingkat diskonto. Bank menentukan tingkat diskonto yang tepat pada setiap akhir tahun. Ini merupakan tingkat suku bunga yang digunakan untuk menentukan nilai kini atas arus kas masa depan yang diestimasi akan digunakan untuk membayar imbalan kerja. Dalam menentukan tingkat diskonto yang tepat, Bank mempertimbangkan tingkat suku bunga atas Obligasi Pemerintah yang mempunyai jatuh tempo yang menyerupai jangka waktu imbalan kerja karyawan. | E17: Nilai kini atas imbalan kerja karyawan tergantung dari banyaknya faktor yang dipertimbangkan oleh aktuaris berdasarkan beberapa asumsi. Perubahan atas asumsi-asumsi tersebut akan mempengaruhi carrying amount atas imbalan kerja karyawan.Asumsi yang digunakan dalam menentukan biaya atau pendapatan untuk imbalan kerja termasuk tingkat diskonto. Bank menentukan tingkat diskonto yang tepat pada setiap akhir tahun. Ini merupakan tingkat suku bunga yang digunakan untuk menentukan nilai kini atas arus kas masa depan yang diestimasi akan digunakan untuk membayar imbalan kerja. Dalam menentukan tingkat diskonto yang tepat, Bank mempertimbangkan tingkat suku bunga atas Obligasi Pemerintah yang mempunyai jatuh tempo yang menyerupai jangka waktu imbalan kerja karyawan. | F17: Nilai kini atas imbalan kerja karyawan tergantung dari banyaknya faktor yang dipertimbangkan oleh aktuaris berdasarkan beberapa asumsi. Perubahan atas asumsi-asumsi tersebut akan mempengaruhi carrying amount atas imbalan kerja karyawan.Asumsi yang digunakan dalam menentukan biaya atau pendapatan untuk imbalan kerja termasuk tingkat diskonto. Bank menentukan tingkat diskonto yang tepat pada setiap akhir tahun. Ini merupakan tingkat suku bunga yang digunakan untuk menentukan nilai kini atas arus kas masa depan yang diestimasi akan digunakan untuk membayar imbalan kerja. Dalam menentukan tingkat diskonto yang tepat, Bank mempertimbangkan tingkat suku bunga atas Obligasi Pemerintah yang mempunyai jatuh tempo yang menyerupai jangka waktu imbalan kerja karyawan.
A18: Laba per saham | C18: Laba per lembar saham dasar dihitung dengan membagi laba tahun berjalan dengan jumlah rata-rata tertimbang saham yang ditempatkan dan disetor penuh pada tahun yang bersangkutan.Efek dilutif yang mempengaruhi laba per saham dasar Perseroan sebagai akibat dari Management Employee Stock Option Program (“MESOP”) pada Catatan 28 atas laporan keuangan Bank. Perhitungan laba per saham dilusian telah diungkapkan pada laporan laba rugi dan penghasilan komprehensif lain dan pada Catatan 38 atas laporan keuangan Bank. | D18: Laba per lembar saham dasar dihitung dengan membagi laba tahun berjalan dengan jumlah rata-rata tertimbang saham yang ditempatkan dan disetor penuh pada tahun yang bersangkutan.Efek dilutif yang mempengaruhi laba per saham dasar Perseroan sebagai akibat dari Management Employee Stock Option Program (“MESOP”). Perhitungan laba per saham dilusian telah diungkapkan pada laporan laba rugi dan penghasilan komprehensif lain dan pada Catatan 40 atas laporan keuangan Bank.Pada tanggal 30 Juni 2023 dan 31 Desember 2022, tidak ada instrumen yang berpotensi menjadi saham biasa. Oleh karena itu, laba per saham dilusian sama dengan laba per saham dasar. | E18: Laba per lembar saham dasar dihitung dengan membagi laba tahun berjalan dengan jumlah rata-rata tertimbang saham yang ditempatkan dan disetor penuh pada tahun yang bersangkutan.Efek dilutif yang mempengaruhi laba per saham dasar Perseroan sebagai akibat dari Management Employee Stock Option Program (). Perhitungan laba per saham dilusian telah diungkapkan pada laporan laba rugi dan penghasilan komprehensif lain dan pada Catatan 40 atas laporan keuangan Bank.Pada tanggal 30 Juni 2023 dan 31 Desember 2022, tidak ada instrumen yang berpotensi menjadi saham biasa. Oleh karena itu, laba per saham dilusian sama dengan laba per saham dasar. | F18: Laba per lembar saham dasar dihitung dengan membagi laba tahun berjalan dengan jumlah rata-rata tertimbang saham yang ditempatkan dan disetor penuh pada tahun yang bersangkutan.
A19: Dividen
A20: Pelaporan segmen | C20: Segmen adalah bagian yang dapat dibedakan dari Bank yang terlibat baik dalam menyediakan produk tertentu (segmen usaha), maupun dalam menyediakan produk dalam lingkungan ekonomi tertentu (segmen geografis), yang memiliki risiko dan imbalan yang berbeda dengan segmen lainnya.Pendapatan, beban, hasil, aset dan liabilitas segmen mencakup hal-hal yang dapat diatribusikan langsung kepada suatu segmen serta hal-hal yang dapat dialokasikan dengan dasar yang sesuai kepada segmen tersebut.Bank menyajikan segmen operasi berdasarkan laporan internal yang disajikan kepada Dewan Direksi sebagai pengambil keputusan operasional dan keuangan. | D20: Segmen adalah bagian yang dapat dibedakan dari Bank yang terlibat baik dalam menyediakan produk tertentu (segmen usaha), maupun dalam menyediakan produk dalam lingkungan ekonomi tertentu (segmen geografis), yang memiliki risiko dan imbalan yang berbeda dengan segmen lainnya.Pendapatan, beban, hasil, aset dan liabilitas segmen mencakup hal-hal yang dapat diatribusikan langsung kepada suatu segmen serta hal-hal yang dapat dialokasikan dengan dasar yang sesuai kepada segmen tersebut.Bank menyajikan segmen operasi berdasarkan laporan internal yang disajikan kepada Dewan Direksi sebagai pengambil keputusan operasional dan keuangan. | E20: Segmen adalah bagian yang dapat dibedakan dari Bank yang terlibat baik dalam menyediakan produk tertentu (segmen usaha), maupun dalam menyediakan produk dalam lingkungan ekonomi tertentu (segmen geografis), yang memiliki risiko dan imbalan yang berbeda dengan segmen lainnya.Pendapatan, beban, hasil, aset dan liabilitas segmen mencakup hal-hal yang dapat diatribusikan langsung kepada suatu segmen serta hal-hal yang dapat dialokasikan dengan dasar yang sesuai kepada segmen tersebut.Bank menyajikan segmen operasi berdasarkan laporan internal yang disajikan kepada Dewan Direksi sebagai pengambil keputusan operasional dan keuangan. | F20: Segmen adalah bagian yang dapat dibedakan dari Bank yang terlibat baik dalam menyediakan produk tertentu (segmen usaha), maupun dalam menyediakan produk dalam lingkungan ekonomi tertentu (segmen geografis), yang memiliki risiko dan imbalan yang berbeda dengan segmen lainnya. Pendapatan, beban, hasil, aset dan liabilitas segmen mencakup hal-hal yang dapat diatribusikan langsung kepada suatu segmen serta hal-hal yang dapat dialokasikan dengan dasar yang sesuai kepada segmen tersebut. Bank menyajikan segmen operasi berdasarkan laporan internal yang disajikan kepada Dewan Direksi sebagai pengambil keputusan operasional dan keuangan.
A21: Instrumen keuangan derivatif
A22: Penerapan standar akutansi baru | C22: Berikut ini adalah standar akuntansi keuangan, perubahan dan interpretasi standar akuntansi keuangan yang berlaku efektif sejak 1 Januari 2022.• Amendemen PSAK No. 22 “Kombinasi Bisnis tentang Referensi ke Kerangka Konseptual”;• Amendemen PSAK No. 57: “Provisi, Liabilitas Kontinjensi dan Aset Kontinjensi tentang Kontrak Memberatkan - Biaya Memenuhi Kontrak”; • Penyesuaian tahunan PSAK No. 71: “Instrumen Keuangan”; dan• Penyesuain tahunan PSAK No. 73: “Sewa”.Implementasi dari standar-standar tersebut tidak menghasilkan perubahan substansial terhadap kebijakan akuntansi Bank dan tidak memiliki dampak yang material terhadap laporan keuangan di periode berjalan atau periode sebelumnya. | D22: Berikut ini adalah standar akuntansi keuangan, perubahan dan interpretasi standar akuntansi keuangan yang berlaku efektif sejak 1 Januari 2023:• Amendemen PSAK 1: "Penyajian Laporan Keuangan" tentang pengungkapan kebijakan akuntansi yang mengubah istilah "signifikan" menjadi "material" dan memberi penjelasan mengenai kebijakan akuntansi material";• Amendemen PSAK 1: "Penyajian Laporan Keuangan" tentang klasifikasi liabilitas;• Amendemen PSAK 25: "Kebijakan Akuntansi, Perubahan Estimasi Akuntansi, dan Kesalahan" tentang definisi "estimasi akuntansi" dan penjelasannya;• Amendemen PSAK 16: “Aset Tetap” tentang hasil sebelum penggunaan yang diintensikan;• Amendemen PSAK 46: "Pajak Penghasilan" tentang Pajak Tangguhan terkait Aset dan Liabilitas yang timbul dari Transaksi Tunggal yang diadopsi dari Amendemen IAS 12 Pajak Penghasilan tentang Pajak Tangguhan terkait Aset dan Liabilitas yang timbul dari Transaksi Tunggal; dan• Amendemen PSAK 107: “Akuntansi Ijarah”.Kecuali untuk perubahan yang dijelaskan di bawah ini, implementasi dari standar-standar tersebut tidak menghasilkan perubahan substansial terhadap kebijakan akuntansi Bank dan tidak memiliki dampak yang material terhadap laporan keuangan Bank di tahun berjalan atau tahun sebelumnya.PSAK 107: “Akuntansi Ijarah”Sesuai dengan persyaratan transisi pada PSAK 107 “Akuntansi Ijarah”, Bank menerapkan secara retrospektif ketentuan akuntansi ijarah pada akad ijarah yang masih berlaku saat tanggal 1 Januari 2023. Dampak perubahan kebijakan akuntansi sebelumnya atas akad ijarah yang masih berlaku saat tanggal awal penerapan diakui pada saldo laba awal. Bank telah membukukan selisih metode pengakuan pendapatan pada PSAK 107 (2016) menjadi metode sesuai PSAK 107 (Revisi 2021) sebesar Rp78.403 pada saldo laba awal pada 1 Januari 2023 dan akun liaibilitas lain-lain sebesar Rp 95.528, serta selisih antara pendapatan ijarah yang akan diterima yang dihitung dengan metode merata pada akun aset lain-lain sejumlah Rp 1.830. Bank juga mereklasifikasi saldo pokok ijarah multijasa dari aset yang diperoleh untuk ijarah menjadi piutang ijarah sebesar Rp 220.544. | E22: Berikut ini adalah standar akuntansi keuangan baru, perubahan dan interpretasi standar akuntansi keuangan yang berlaku efektif sejak 1 Januari 2024: Amandemen PSAK 116, tentang liabilitas sewa dalam jual dan sewa balik. Amendemen ini mengatur pengukuran selanjutnya atas transaksi jual dan sewa balik; Amendemen PSAK 201, Laporan Keuangan tentang liabilitas jangka panjang dengan kovenan. Amendemen ini mengatur bahwa hanya kovenan yang harus dipatuhi entitas pada atau sebelum tanggal pelaporan yang akan memengaruhi klasifikasi liabilitas jangka pendek atau jangka panjang serta pengungkapannya; Amendemen PSAK 207 Arus Kas dan PSAK 107 Keuangan: Pengungkapan tentang pengaturan pembiayaan pemasok. Amendemen ini memperjelas pengungkapan terkait pengaturan pembiayaan pemasok; dan Revisi PSAK 409 Zakat, Infak, dan Sedekah terkait dengan pengukuran selanjutnya untuk aset zakat, infak, dan sedekah yang terpapar fluktuasi nilai wajar signifikan,serta menambahkan pengaturan baru seperti sedekah jasa dan diskon atau potongan atas pembelian aset atau jasa dan Revisi PSAK 401 Laporan Keuangan Syariah tentang menghilangkan penyajian laporan perubahan aset kelolaan sebagai salah satu komponen laporan keuangan. Implementasi dari standar-standar tersebut tidak menghasilkan perubahan substansial terhadap kebijakan akuntansi Bank dan tidak memiliki dampak yang material terhadap laporan keuangan Bank di periode berjalan atau tahun sebelumnya. | F22: Berikut ini adalah standar akuntansi keuangan baru, perubahan dan interpretasi standar akuntansi keuangan yang berlaku efektif sejak 1 Januari 2025: Amendemen PSAK 221: Perubahan Kurs Valuta Asing tentang kekurangan ketertukaran. Implementasi dari standar-standar tersebut tidak menghasilkan perubahan substansial terhadap kebijakan akuntansi Bank dan tidak memiliki dampak yang material terhadap laporan keuangan Bank di tahun berjalan atau tahun sebelumnya.
A23: Kombinasi bisnis | C23: Dalam PSAK No. 38, pengalihan bisnis antara entitas sepengendali tidak mengakibatkan perubahan substansi ekonomi kepemilikan atas bisnis yang dialihkan dan tidak dapat menimbulkan laba atau rugi bagi grup secara keseluruhan ataupun bagi entitas individual dalam grup tersebut. Karena pengalihan bisnis antara entitas sepengendali tidak mengakibatkan perubahan substansi ekonomi, bisnis yang dipertukarkan dicatat pada nilai buku sebagai kombinasi bisnis dengan menggunakan metode penyatuan kepemilikan.Dalam menerapkan metode penyatuan kepemilikan, komponen laporan keuangan dimana terjadi kombinasi bisnis dan untuk periode lain yang disajikan untuk tujuan perbandingan, disajikan sedemikian rupa seolah-olah kombinasi bisnis telah terjadi sejak awal periode terjadi sepengendalian. Selisih antara nilai tercatat transaksi kombinasi bisnis dan jumlah imbalan yang dialihkan diakui dalam akun “Tambahan modal disetor”. | D23: Dalam PSAK No. 38, pengalihan bisnis antara entitas sepengendali tidak mengakibatkan perubahan substansi ekonomi kepemilikan atas bisnis yang dialihkan dan tidak dapat menimbulkan laba atau rugi bagi grup secara keseluruhan ataupun bagi entitas individual dalam grup tersebut. Karena pengalihan bisnis antara entitas sepengendali tidak mengakibatkan perubahan substansi ekonomi, bisnis yang dipertukarkan dicatat pada nilai buku sebagai kombinasi bisnis dengan menggunakan metode penyatuan kepemilikan.Dalam menerapkan metode penyatuan kepemilikan, komponen laporan keuangan dimana terjadi kombinasi bisnis dan untuk periode lain yang disajikan untuk tujuan perbandingan, disajikan sedemikian rupa seolah-olah kombinasi bisnis telah terjadi sejak awal periode terjadi sepengendalian. Selisih antara nilai tercatat transaksi kombinasi bisnis dan jumlah imbalan yang dialihkan diakui dalam akun “Tambahan modal disetor”.
A24: Penentuan nilai wajar
A25: Transaksi dan saldo dalam mata uang asing | C25: Bank menyelenggarakan catatan akuntansinya dalam Rupiah Indonesia. Transaksi yang melibatkan mata uang asing dicatat pada nilai tukar pada saat terjadinya transaksi. Pada tanggal laporan posisi keuangan, aset dan liabilitas moneter dalam mata uang asing dijabarkan ke dalam mata uang Rupiah dengan menggunakan kurs Reuters pada pukul 16:00 WIB (Waktu Indonesia Bagian Barat).Keuntungan atau kerugian yang timbul sebagai akibat dari penjabaran aset dan liabilitas moneter dalam mata uang asing dicatat dalam laporan laba rugi dan penghasilan komprehensif lain tahun berjalan. | D25: Bank menyelenggarakan catatan akuntansinya dalam Rupiah Indonesia. Transaksi yang melibatkan mata uang asing dicatat pada nilai tukar pada saat terjadinya transaksi. Pada tanggal laporan posisi keuangan, aset dan liabilitas moneter dalam mata uang asing dijabarkan ke dalam mata uang Rupiah dengan menggunakan kurs Reuters pada pukul 16:00 WIB (Waktu Indonesia Bagian Barat).Keuntungan atau kerugian yang timbul sebagai akibat dari penjabaran aset dan liabilitas moneter dalam mata uang asing dicatat dalam laporan laba rugi dan penghasilan komprehensif lain tahun berjalan. | E25: Bank menyelenggarakan catatan akuntansinya dalam Rupiah Indonesia. Transaksi yang melibatkan mata uang asing dicatat pada nilai tukar pada saat terjadinya transaksi. Pada tanggal laporan posisi keuangan, aset dan liabilitas moneter dalam mata uang asing dijabarkan ke dalam mata uang Rupiah dengan menggunakan kurs Reuters pada pukul 16:00 WIB (Waktu Indonesia Bagian Barat).Keuntungan atau kerugian yang timbul sebagai akibat dari penjabaran aset dan liabilitas moneter dalam mata uang asing dicatat dalam laporan laba rugi dan penghasilan komprehensif lain tahun berjalan. | F25: Bank menyelenggarakan catatan akuntansinya dalam Rupiah Indonesia sebagai mata uang fungsional. Transaksi yang melibatkan mata uang asing dicatat pada nilai tukar pada saat terjadinya transaksi. Pada tanggal laporan posisi keuangan, aset dan liabilitas moneter dalam mata uang asing dijabarkan ke dalam mata uang Rupiah dengan menggunakan kurs Reuters pada pukul 16:00 WIB (Waktu Indonesia Bagian Barat). Keuntungan atau kerugian yang timbul sebagai akibat dari penjabaran aset dan liabilitas moneter dalam mata uang asing dicatat dalam laporan laba rugi dan penghasilan komprehensif lain tahun berjalan.
A26: Giro pada Bank Indonesia dan bank lain | C26: Giro dan penempatan pada Bank Indonesia terdiri dari giro wadiah pada Bank Indonesia dan penanaman dana pada Bank Indonesia berupa Fasilitas Simpanan Bank Indonesia Syariah (“FASBIS”) dan Sertifikat Bank Indonesia Syariah (“SBIS”).Giro pada bank lain dinyatakan sebesar saldo giro dikurangi dengan cadangan kerugian penurunan nilai. Bonus yang diterima Bank dari Bank Umum Syariah diakui sebagai pendapatan usaha lainnya. Penerimaan jasa giro dari bank non-syariah tidak diakui sebagai pendapatan Bank.Dana penerimaan jasa giro yang berasal dari bank non-syariah dikategorikan sebagai dana Non-Halal, sehingga Bank Syariah menyalurkannya sebagai dana kebajikan. Sebelum dana kebajikan tersebut disalurkan, maka pencatatannya di sisi liabilitas. | D26: Giro dan penempatan pada Bank Indonesia terdiri dari giro wadiah pada Bank Indonesia dan penanaman dana pada Bank Indonesia berupa Fasilitas Simpanan Bank Indonesia Syariah (“FASBIS”) dan Sertifikat Bank Indonesia Syariah (“SBIS”).Giro pada bank lain dinyatakan sebesar saldo giro dikurangi dengan cadangan kerugian penurunan nilai. Bonus yang diterima Bank dari Bank Umum Syariah diakui sebagai pendapatan usaha lainnya. Penerimaan jasa giro dari bank non-syariah tidak diakui sebagai pendapatan Bank.Dana penerimaan jasa giro yang berasal dari bank non-syariah dikategorikan sebagai dana Non-Halal, sehingga Bank Syariah menyalurkannya sebagai dana kebajikan. Sebelum dana kebajikan tersebut disalurkan, maka pencatatannya di sisi liabilitas. | E26: Giro dan penempatan pada Bank Indonesia terdiri dari giro wadiah pada Bank Indonesia dan penanaman dana pada Bank Indonesia berupa Fasilitas Simpanan Bank Indonesia Syariah () dan Sertifikat Bank Indonesia Syariah ().Giro pada bank lain dinyatakan sebesar saldo giro dikurangi dengan cadangan kerugian penurunan nilai. Bonus yang diterima Bank dari Bank Umum Syariah diakui sebagai pendapatan usaha lainnya. Penerimaan jasa giro dari bank non-syariah tidak diakui sebagai pendapatan Bank.Dana penerimaan jasa giro yang berasal dari bank non-syariah dikategorikan sebagai dana Non-Halal, sehingga Bank Syariah menyalurkannya sebagai dana kebajikan. Sebelum dana kebajikan tersebut disalurkan, maka pencatatannya di sisi liabilitas. | F26: Giro dan penempatan pada Bank Indonesia terdiri dari giro wadiah pada Bank Indonesia dan penanaman dana pada Bank Indonesia berupa Fasilitas Simpanan Bank Indonesia Syariah () dan Sertifikat Bank Indonesia Syariah ().Giro pada bank lain dinyatakan sebesar saldo giro dikurangi dengan cadangan kerugian penurunan nilai. Bonus yang diterima Bank dari Bank Umum Syariah diakui sebagai pendapatan usaha lainnya. Penerimaan jasa giro dari bank non-syariah tidak diakui sebagai pendapatan Bank.Dana penerimaan jasa giro yang berasal dari bank non-syariah dikategorikan sebagai dana Non-Halal, sehingga Bank Syariah menyalurkannya sebagai dana kebajikan. Sebelum dana kebajikan tersebut disalurkan, maka pencatatannya di sisi liabilitas.
A27: Penempatan pada Bank Indonesia dan bank lain | C27: FASBIS dan SBIS merupakan sertifikat yang diterbitkan Bank Indonesia sebagai bukti penitipan dana berjangka pendek dengan prinsip masing-masing adalah wadiah dan jualah. Giro dan penempatan pada Bank Indonesia disajikan sebesar saldo penempatan. | D27: FASBIS dan SBIS merupakan sertifikat yang diterbitkan Bank Indonesia sebagai bukti penitipan dana berjangka pendek dengan prinsip masing-masing adalah wadiah dan jualah. Giro dan penempatan pada Bank Indonesia disajikan sebesar saldo penempatan. | E27: FASBIS dan SBIS merupakan sertifikat yang diterbitkan Bank Indonesia sebagai bukti penitipan dana berjangka pendek dengan prinsip masing-masing adalah wadiah dan jualah. Giro dan penempatan pada Bank Indonesia disajikan sebesar saldo penempatan. | F27: FASBIS dan SBIS merupakan sertifikat yang diterbitkan Bank Indonesia sebagai bukti penitipan dana berjangka pendek dengan prinsip masing-masing adalah wadiah dan jualah. Giro dan penempatan pada Bank Indonesia disajikan sebesar saldo penempatan.
A28: Efek-efek | C28: Surat berharga syariah adalah surat bukti penanaman dalam surat berharga berdasarkan prinsip syariah yang lazim diperdagangkan di pasar uang syariah dan/atau pasar modal syariah, antara lain obligasi syariah (sukuk).Pada saat pengakuan awal, Bank menentukan klasifikasi investasi pada sukuk sebagai diukur pada biaya perolehan, diukur pada nilai wajar melalui penghasilan komprehensif lain atau diukur pada nilai wajar melalui laba rugi.a. Diukur pada biaya perolehan• Investasi tersebut dimiliki dalam suatu model usaha yang bertujuan utama untuk memperoleh arus kas kontraktual dan terdapat persyaratan kontraktual dalam menentukan tanggal tertentu atas pembayaran pokok dan atau hasilnya;• Biaya perolehan sukuk termasuk biaya transaksi; dan• Selisih antara biaya perolehan dan nilai nominal diamortisasi secara garis lurus selama jangka waktu sukuk dan diakui dalam laba rugi.b. Diukur pada nilai wajar melalui penghasilan komprehensif lain• Investasi tersebut dimiliki dalam suatu model usaha yang bertujuan utama untuk memperoleh arus kas kontraktual dan melakukan penjualan sukuk, terdapat persyaratan kontraktual dalam menentukan tanggal tertentu atas pembayaran pokok dan atau hasilnya;• Biaya perolehan sukuk termasuk biaya transaksi;• Selisih antara biaya perolehan dan nilai nominal diamortisasi secara garis lurus selama jangka waktu sukuk dan diakui dalam laba rugi; dan• Keuntungan atau kerugian dari perubahan nilai wajar diakui dalam penghasilan komprehensif lain setelah memperhitungkan saldo selisih biaya perolehan dan nilai nominal yang belum diamortisasi dan saldo akumulasi keuntungan dan kerugian nilai wajar yang telah diakui dalam penghasilan komprehensif lain sebelumnya. Ketika investasi sukuk dihentikan pengakuannya, akumulasi keuntungan atau kerugian yang sebelumnya diakui dalam penghasilan komprehensif lain direklasifikasi ke laba rugi sebagai penyesuaian reklasifikasi.c. Diukur pada nilai wajar melalui laba rugi• Biaya perolehan sukuk tidak termasuk biaya transaksi; dan• Selisih antara nilai wajar dan jumlah tercatat diakui dalam laba rugi. | D28: Surat berharga syariah adalah surat bukti penanaman dalam surat berharga berdasarkan prinsip syariah yang lazim diperdagangkan di pasar uang syariah dan/atau pasar modal syariah, antara lain obligasi syariah (sukuk).Pada saat pengakuan awal, Bank menentukan klasifikasi investasi pada sukuk sebagai diukur pada biaya perolehan, diukur pada nilai wajar melalui penghasilan komprehensif lain atau diukur pada nilai wajar melalui laba rugi.a. Diukur pada biaya perolehan• Investasi tersebut dimiliki dalam suatu model usaha yang bertujuan utama untuk memperoleh arus kas kontraktual dan terdapat persyaratan kontraktual dalam menentukan tanggal tertentu atas pembayaran pokok dan atau hasilnya;• Biaya perolehan sukuk termasuk biaya transaksi; dan• Selisih antara biaya perolehan dan nilai nominal diamortisasi secara garis lurus selama jangka waktu sukuk dan diakui dalam laba rugi.b. Diukur pada nilai wajar melalui penghasilan komprehensif lain• Investasi tersebut dimiliki dalam suatu model usaha yang bertujuan utama untuk memperoleh arus kas kontraktual dan melakukan penjualan sukuk, terdapat persyaratan kontraktual dalam menentukan tanggal tertentu atas pembayaran pokok dan atau hasilnya;• Biaya perolehan sukuk termasuk biaya transaksi;• Selisih antara biaya perolehan dan nilai nominal diamortisasi secara garis lurus selama jangka waktu sukuk dan diakui dalam laba rugi; dan• Keuntungan atau kerugian dari perubahan nilai wajar diakui dalam penghasilan komprehensif lain setelah memperhitungkan saldo selisih biaya perolehan dan nilai nominal yang belum diamortisasi dan saldo akumulasi keuntungan dan kerugian nilai wajar yang telah diakui dalam penghasilan komprehensif lain sebelumnya. Ketika investasi sukuk dihentikan pengakuannya, akumulasi keuntungan atau kerugian yang sebelumnya diakui dalam penghasilan komprehensif lain direklasifikasi ke laba rugi sebagai penyesuaian reklasifikasi.c. Diukur pada nilai wajar melalui laba rugi• Biaya perolehan sukuk tidak termasuk biaya transaksi; dan• Selisih antara nilai wajar dan jumlah tercatat diakui dalam laba rugi. | E28: Surat berharga syariah adalah surat bukti penanaman dalam surat berharga berdasarkan prinsip syariah yang lazim diperdagangkan di pasar uang syariah dan/atau pasar modal syariah, antara lain obligasi syariah (sukuk).Pada saat pengakuan awal, Bank menentukan klasifikasi investasi pada sukuk sebagai diukur pada biaya perolehan, diukur pada nilai wajar melalui penghasilan komprehensif lain atau diukur pada nilai wajar melalui laba rugi.a. Diukur pada biaya perolehan Investasi tersebut dimiliki dalam suatu model usaha yang bertujuan utama untuk memperoleh arus kas kontraktual dan terdapat persyaratan kontraktual dalam menentukan tanggal tertentu atas pembayaran pokok dan atau hasilnya; Biaya perolehan sukuk termasuk biaya transaksi; dan Selisih antara biaya perolehan dan nilai nominal diamortisasi secara garis lurus selama jangka waktu sukuk dan diakui dalam laba rugi.b. Diukur pada nilai wajar melalui penghasilan komprehensif lain Investasi tersebut dimiliki dalam suatu model usaha yang bertujuan utama untuk memperoleh arus kas kontraktual dan melakukan penjualan sukuk, terdapat persyaratan kontraktual dalam menentukan tanggal tertentu atas pembayaran pokok dan atau hasilnya; Biaya perolehan sukuk termasuk biaya transaksi; Selisih antara biaya perolehan dan nilai nominal diamortisasi secara garis lurus selama jangka waktu sukuk dan diakui dalam laba rugi; dan Keuntungan atau kerugian dari perubahan nilai wajar diakui dalam penghasilan komprehensif lain setelah memperhitungkan saldo selisih biaya perolehan dan nilai nominal yang belum diamortisasi dan saldo akumulasi keuntungan dan kerugian nilai wajar yang telah diakui dalam penghasilan komprehensif lain sebelumnya. Ketika investasi sukuk dihentikan pengakuannya, akumulasi keuntungan atau kerugian yang sebelumnya diakui dalam penghasilan komprehensif lain direklasifikasi ke laba rugi sebagai penyesuaian reklasifikasi.c. Diukur pada nilai wajar melalui laba rugi Biaya perolehan sukuk tidak termasuk biaya transaksi; dan Selisih antara nilai wajar dan jumlah tercatat diakui dalam laba rugi. | F28: Surat berharga syariah adalah surat bukti penanaman dalam surat berharga berdasarkan prinsip syariah yang lazim diperdagangkan di pasar uang syariah dan/atau pasar modal syariah, antara lain obligasi syariah (sukuk).Pada saat pengakuan awal, Bank menentukan klasifikasi investasi pada sukuk sebagai diukur pada biaya perolehan, diukur pada nilai wajar melalui penghasilan komprehensif lain atau diukur pada nilai wajar melalui laba rugi.a. Diukur pada biaya perolehan Investasi tersebut dimiliki dalam suatu model usaha yang bertujuan utama untuk memperoleh arus kas kontraktual dan terdapat persyaratan kontraktual dalam menentukan tanggal tertentu atas pembayaran pokok dan atau hasilnya; Biaya perolehan sukuk termasuk biaya transaksi; dan Selisih antara biaya perolehan dan nilai nominal diamortisasi secara garis lurus selama jangka waktu sukuk dan diakui dalam laba rugi.b. Diukur pada nilai wajar melalui penghasilan komprehensif lain Investasi tersebut dimiliki dalam suatu model usaha yang bertujuan utama untuk memperoleh arus kas kontraktual dan melakukan penjualan sukuk, terdapat persyaratan kontraktual dalam menentukan tanggal tertentu atas pembayaran pokok dan atau hasilnya; Biaya perolehan sukuk termasuk biaya transaksi; Selisih antara biaya perolehan dan nilai nominal diamortisasi secara garis lurus selama jangka waktu sukuk dan diakui dalam laba rugi; dan Keuntungan atau kerugian dari perubahan nilai wajar diakui dalam penghasilan komprehensif lain setelah memperhitungkan saldo selisih biaya perolehan dan nilai nominal yang belum diamortisasi dan saldo akumulasi keuntungan dan kerugian nilai wajar yang telah diakui dalam penghasilan komprehensif lain sebelumnya. Ketika investasi sukuk dihentikan pengakuannya, akumulasi keuntungan atau kerugian yang sebelumnya diakui dalam penghasilan komprehensif lain direklasifikasi ke laba rugi sebagai penyesuaian reklasifikasi.c. Diukur pada nilai wajar melalui laba rugi Biaya perolehan sukuk tidak termasuk biaya transaksi; dan Selisih antara nilai wajar dan jumlah tercatat diakui dalam laba rugi.
A29: Investasi jangka pendek | C29: Tagihan dan liabilitas akseptasi merupakan transaksi Letter of Credit (“L/C”) dan Surat Kredit Berdokumen dalam Negeri (“SKBDN”) yang diterima oleh bank penerima.Tagihan dan liabilitas akseptasi dinyatakan sebesar biaya perolehan diamortisasi. Tagihan akseptasi disajikan setelah dikurangi cadangan kerugian penurunan nilai.Tagihan akseptasi diklasifikasikan sebagai pinjaman yang diberikan dan piutang. Liabilitas akseptasi diklasifikasi sebagai kewajiban keuangan yang dicatat pada biaya perolehan diamortisasi. | D29: Tagihan dan liabilitas akseptasi merupakan transaksi Letter of Credit (“L/C”) dan Surat Kredit Berdokumen dalam Negeri (“SKBDN”) yang diterima oleh bank penerima.Tagihan dan liabilitas akseptasi dinyatakan sebesar biaya perolehan diamortisasi. Tagihan akseptasi disajikan setelah dikurangi cadangan kerugian penurunan nilai.Tagihan akseptasi diklasifikasikan sebagai pinjaman yang diberikan dan piutang. Liabilitas akseptasi diklasifikasi sebagai kewajiban keuangan yang dicatat pada biaya perolehan diamortisasi. | E29: Tagihan dan liabilitas akseptasi merupakan transaksi Letter of Credit (/C) dan Surat Kredit Berdokumen dalam Negeri () yang diterima oleh bank penerima.Tagihan dan liabilitas akseptasi dinyatakan sebesar biaya perolehan diamortisasi. Tagihan akseptasi disajikan setelah dikurangi cadangan kerugian penurunan nilai.Tagihan akseptasi diklasifikasikan sebagai pinjaman yang diberikan dan piutang. Liabilitas akseptasi diklasifikasi sebagai kewajiban keuangan yang dicatat pada biaya perolehan diamortisasi. | F29: Tagihan dan liabilitas akseptasi merupakan transaksi Letter of Credit (/C) dan Surat Kredit Berdokumen dalam Negeri () yang diterima oleh bank penerima. Tagihan dan liabilitas akseptasi dinyatakan sebesar biaya perolehan diamortisasi. Tagihan akseptasi disajikan setelah dikurangi cadangan kerugian penurunan nilai. Tagihan akseptasi diklasifikasikan sebagai pinjaman yang diberikan dan piutang. Liabilitas akseptasi diklasifikasi sebagai kewajiban keuangan yang dicatat pada biaya perolehan diamortisasi.
A30: Aset hak guna | C30: Pada tanggal permulaan kontrak, Bank menilai apakah kontrak merupakan atau mengandung sewa. Suatu kontrak merupakan atau mengandung sewa jika kontrak tersebut memberikan hak untuk mengendalikan penggunaan aset identifikasian selama suatu jangka waktu untuk dipertukarkan dengan imbalan. Bank tidak mengakui aset hak guna dan liabilitas sewa untuk:• Sewa dengan jangka waktu kurang atau sama dengan 12 bulan dan tidak terdapat opsi beli; dan• Sewa atas aset dengan nilai rendah. Untuk menilai apakah kontrak memberikan hak untuk mengendalikan penggunaan aset identifikasian, Bank harus menilai apakah:• Bank memiliki hak untuk mendapatkan secara substansial seluruh manfaat ekonomi dari penggunaan aset identifikasian; dan• Bank memiliki hak untuk mengarahkan penggunaan aset identifikasian. Bank memiliki hak ini ketika Bank memiliki hak untuk pengambilan keputusan yang relevan tentang bagaimana dan untuk tujuan apa aset digunakan telah ditentukan sebelumnya dan:1. Bank memiliki hak untuk mengoperasikan aset; dan2. Bank telah mendesain aset dengan cara menetapkan sebelumnya bagaimana dan untuk tujuan apa aset akan digunakan selama periode penggunaan.Pada tanggal permulaan sewa, Bank mengakui aset hak guna dan liabilitas sewa. Aset hak guna diukur pada biaya perolehan, dimana meliputi jumlah pengukuran awal liabilitas sewa yang disesuaikan dengan pembayaran sewa yang dilakukan pada atau sebelum tanggal permulaan, ditambah dengan biaya langsung awal yang dikeluarkan. Aset hak guna diamortisasi dengan menggunakan metode garis lurus sepanjang jangka waktu sewa.Liabilitas sewa diukur pada nilai kini pembayaran sewa yang belum dibayar pada tanggal permulaan, didiskontokan dengan menggunakan suku bunga implisit dalam sewa atau jika suku bunga tersebut tidak dapat ditentukan, maka menggunakan suku bunga pinjaman inkremental. Pada umumnya, Bank menggunakan suku bunga pinjaman inkremental sebagai tingkat bunga diskonto.Pembayaran sewa dialokasikan menjadi bagian pokok dan biaya keuangan. Biaya keuangan dibebankan pada laba rugi selama periode sewa sehingga menghasilkan tingkat suku bunga periodik yang konstan atas saldo liabilitas untuk setiap periode.Jika sewa mengalihkan kepemilikan aset pendasar kepada Bank pada akhir masa sewa atau jika biaya perolehan aset hak guna merefleksikan Bank akan mengeksekusi opsi beli, maka Bank menyusutkan aset hak guna dari tanggal permulaan hingga akhir umur manfaat aset pendasar. Jika tidak, maka Bank menyusutkan aset hak guna dari tanggal permulaan hingga tanggal yang lebih awal antara akhir umur manfaat aset hak guna atau akhir masa sewa. | D30: Pada tanggal permulaan kontrak, Bank menilai apakah kontrak merupakan atau mengandung sewa. Suatu kontrak merupakan atau mengandung sewa jika kontrak tersebut memberikan hak untuk mengendalikan penggunaan aset identifikasian selama suatu jangka waktu untuk dipertukarkan dengan imbalan. Bank tidak mengakui aset hak guna dan liabilitas sewa untuk:• Sewa dengan jangka waktu kurang atau sama dengan 12 bulan dan tidak terdapat opsi beli; dan• Sewa atas aset dengan nilai rendah. Untuk menilai apakah kontrak memberikan hak untuk mengendalikan penggunaan aset identifikasian, Bank harus menilai apakah:• Bank memiliki hak untuk mendapatkan secara substansial seluruh manfaat ekonomi dari penggunaan aset identifikasian; dan• Bank memiliki hak untuk mengarahkan penggunaan aset identifikasian. Bank memiliki hak ini ketika Bank memiliki hak untuk pengambilan keputusan yang relevan tentang bagaimana dan untuk tujuan apa aset digunakan telah ditentukan sebelumnya dan:1. Bank memiliki hak untuk mengoperasikan aset; dan2. Bank telah mendesain aset dengan cara menetapkan sebelumnya bagaimana dan untuk tujuan apa aset akan digunakan selama periode penggunaan.Pada tanggal permulaan sewa, Bank mengakui aset hak guna dan liabilitas sewa. Aset hak guna diukur pada biaya perolehan, dimana meliputi jumlah pengukuran awal liabilitas sewa yang disesuaikan dengan pembayaran sewa yang dilakukan pada atau sebelum tanggal permulaan, ditambah dengan biaya langsung awal yang dikeluarkan. Aset hak guna diamortisasi dengan menggunakan metode garis lurus sepanjang jangka waktu sewa.Liabilitas sewa diukur pada nilai kini pembayaran sewa yang belum dibayar pada tanggal permulaan, didiskontokan dengan menggunakan suku bunga implisit dalam sewa atau jika suku bunga tersebut tidak dapat ditentukan, maka menggunakan suku bunga pinjaman inkremental. Pada umumnya, Bank menggunakan suku bunga pinjaman inkremental sebagai tingkat bunga diskonto.Pembayaran sewa dialokasikan menjadi bagian pokok dan biaya keuangan. Biaya keuangan dibebankan pada laba rugi selama periode sewa sehingga menghasilkan tingkat suku bunga periodik yang konstan atas saldo liabilitas untuk setiap periode.Jika sewa mengalihkan kepemilikan aset pendasar kepada Bank pada akhir masa sewa atau jika biaya perolehan aset hak guna merefleksikan Bank akan mengeksekusi opsi beli, maka Bank menyusutkan aset hak guna dari tanggal permulaan hingga akhir umur manfaat aset pendasar. Jika tidak, maka Bank menyusutkan aset hak guna dari tanggal permulaan hingga tanggal yang lebih awal antara akhir umur manfaat aset hak guna atau akhir masa sewa. | E30: Pada tanggal permulaan kontrak, Bank menilai apakah kontrak merupakan atau mengandung sewa. Suatu kontrak merupakan atau mengandung sewa jika kontrak tersebut memberikan hak untuk mengendalikan penggunaan aset identifikasian selama suatu jangka waktu untuk dipertukarkan dengan imbalan. Bank tidak mengakui aset hak guna dan liabilitas sewa untuk: Sewa dengan jangka waktu kurang atau sama dengan 12 bulan dan tidak terdapat opsi beli; dan Sewa atas aset dengan nilai rendah. Untuk menilai apakah kontrak memberikan hak untuk mengendalikan penggunaan aset identifikasian, Bank harus menilai apakah: Bank memiliki hak untuk mendapatkan secara substansial seluruh manfaat ekonomi dari penggunaan aset identifikasian; dan Bank memiliki hak untuk mengarahkan penggunaan aset identifikasian. Bank memiliki hak ini ketika Bank memiliki hak untuk pengambilan keputusan yang relevan tentang bagaimana dan untuk tujuan apa aset digunakan telah ditentukan sebelumnya dan:1. Bank memiliki hak untuk mengoperasikan aset; dan2. Bank telah mendesain aset dengan cara menetapkan sebelumnya bagaimana dan untuk tujuan apa aset akan digunakan selama periode penggunaan.Pada tanggal permulaan sewa, Bank mengakui aset hak guna dan liabilitas sewa. Aset hak guna diukur pada biaya perolehan, dimana meliputi jumlah pengukuran awal liabilitas sewa yang disesuaikan dengan pembayaran sewa yang dilakukan pada atau sebelum tanggal permulaan, ditambah dengan biaya langsung awal yang dikeluarkan. Aset hak guna diamortisasi dengan menggunakan metode garis lurus sepanjang jangka waktu sewa.Liabilitas sewa diukur pada nilai kini pembayaran sewa yang belum dibayar pada tanggal permulaan, didiskontokan dengan menggunakan suku bunga implisit dalam sewa atau jika suku bunga tersebut tidak dapat ditentukan, maka menggunakan suku bunga pinjaman inkremental. Pada umumnya, Bank menggunakan suku bunga pinjaman inkremental sebagai tingkat bunga diskonto.Pembayaran sewa dialokasikan menjadi bagian pokok dan biaya keuangan. Biaya keuangan dibebankan pada laba rugi selama periode sewa sehingga menghasilkan tingkat suku bunga periodik yang konstan atas saldo liabilitas untuk setiap periode.Jika sewa mengalihkan kepemilikan aset pendasar kepada Bank pada akhir masa sewa atau jika biaya perolehan aset hak guna merefleksikan Bank akan mengeksekusi opsi beli, maka Bank menyusutkan aset hak guna dari tanggal permulaan hingga akhir umur manfaat aset pendasar. Jika tidak, maka Bank menyusutkan aset hak guna dari tanggal permulaan hingga tanggal yang lebih awal antara akhir umur manfaat aset hak guna atau akhir masa sewa. | F30: Pada tanggal permulaan kontrak, Bank menilai apakah kontrak merupakan atau mengandung sewa. Suatu kontrak merupakan atau mengandung sewa jika kontrak tersebut memberikan hak untuk mengendalikan penggunaan aset identifikasian selama suatu jangka waktu untuk dipertukarkan dengan imbalan. Bank tidak mengakui aset hak guna dan liabilitas sewa untuk: Sewa dengan jangka waktu kurang atau sama dengan 12 bulan dan tidak terdapat opsi beli; dan Sewa atas aset dengan nilai rendah. Untuk menilai apakah kontrak memberikan hak untuk mengendalikan penggunaan aset identifikasian, Bank harus menilai apakah: Bank memiliki hak untuk mendapatkan secara substansial seluruh manfaat ekonomi dari penggunaan aset identifikasian; dan Bank memiliki hak untuk mengarahkan penggunaan aset identifikasian. Bank memiliki hak ini ketika Bank memiliki hak untuk pengambilan keputusan yang relevan tentang bagaimana dan untuk tujuan apa aset digunakan telah ditentukan sebelumnya dan: 1. Bank memiliki hak untuk mengoperasikan aset; dan 2. Bank telah mendesain aset dengan cara menetapkan sebelumnya bagaimana dan untuk tujuan apa aset akan digunakan selama periode penggunaan.Pada tanggal permulaan sewa, Bank mengakui aset hak guna dan liabilitas sewa. Aset hak guna diukur pada biaya perolehan, dimana meliputi jumlah pengukuran awal liabilitas sewa yang disesuaikan dengan pembayaran sewa yang dilakukan pada atau sebelum tanggal permulaan, ditambah dengan biaya langsung awal yang dikeluarkan. Aset hak guna diamortisasi dengan menggunakan metode garis lurus sepanjang jangka waktu sewa.Liabilitas sewa diukur pada nilai kini pembayaran sewa yang belum dibayar pada tanggal permulaan, didiskontokan dengan menggunakan suku bunga implisit dalam sewa atau jika suku bunga tersebut tidak dapat ditentukan, maka menggunakan suku bunga pinjaman inkremental. Pada umumnya, Bank menggunakan suku bunga pinjaman inkremental sebagai tingkat bunga diskonto.Pembayaran sewa dialokasikan menjadi bagian pokok dan biaya keuangan. Biaya keuangan dibebankan pada laba rugi selama periode sewa sehingga menghasilkan tingkat suku bunga periodik yang konstan atas saldo liabilitas untuk setiap periode.Jika sewa mengalihkan kepemilikan aset pendasar kepada Bank pada akhir masa sewa atau jika biaya perolehan aset hak guna merefleksikan Bank akan mengeksekusi opsi beli, maka Bank menyusutkan aset hak guna dari tanggal permulaan hingga akhir umur manfaat aset pendasar. Jika tidak, maka Bank menyusutkan aset hak guna dari tanggal permulaan hingga tanggal yang lebih awal antara akhir umur manfaat aset hak guna atau akhir masa sewa.
A31: Properti investasi
A32: Goodwill
A33: Investasi pada entitas asosiasi
A34: Aset takberwujud | D34: Aset tidak berwujud diakui jika, dan hanya jika, biaya perolehan aset tersebut dapat diukur secara andal dan kemungkinan besar Bank akan memperoleh manfaat ekonomis masa depan dari aset tersebut. Aset tidak berwujud terdiri dari perangkat lunak. Perangkat lunak yang dibeli oleh Bank dicatat sebesar biaya perolehan dikurangi akumulasi amortisasi. Metode amortisasi, estimasi masa manfaat dan nilai residual ditelaah pada setiap akhir tahun pelaporan dan disesuaikan jika dianggap tepat. Biaya yg dapat diatribusikan secara langsung dikapitalisasi sebagai bagian produk perangkat lunak mencakup beban pekerja pengembang perangkat lunak dan bagian overhead yang relevan. Biaya yang terkait dengan pemeliharaan perangkat lunak diakui sebagai beban pada saat terjadinya. Biaya pengembangan yang sebelumnya diakui sebagai beban, tidak dapat diakui sebagai aset pada periode berikutnya. Perangkat lunak diamortisasi sejak bulan ketika aset tersebut digunakan dengan menggunakan metode garis lurus selama taksiran masa manfaat aset yaitu 5 tahun. | E34: Aset tidak berwujud diakui jika, dan hanya jika, biaya perolehan aset tersebut dapat diukur secara andal dan kemungkinan besar Bank akan memperoleh manfaat ekonomis masa depan dari aset tersebut. Aset tidak berwujud terdiri dari perangkat lunak. Perangkat lunak yang dibeli oleh Bank dicatat sebesar biaya perolehan dikurangi akumulasi amortisasi. Metode amortisasi, estimasi masa manfaat dan nilai residual ditelaah pada setiap akhir tahun pelaporan dan disesuaikan jika dianggap tepat. Biaya yg dapat diatribusikan secara langsung dikapitalisasi sebagai bagian produk perangkat lunak mencakup beban pekerja pengembang perangkat lunak dan bagian overhead yang relevan. Biaya yang terkait dengan pemeliharaan perangkat lunak diakui sebagai beban pada saat terjadinya. Biaya pengembangan yang sebelumnya diakui sebagai beban, tidak dapat diakui sebagai aset pada periode berikutnya. Perangkat lunak diamortisasi sejak bulan ketika aset tersebut digunakan dengan menggunakan metode garis lurus selama taksiran masa manfaat aset yaitu 5 tahun. | F34: Aset tidak berwujud diakui jika, dan hanya jika, biaya perolehan aset tersebut dapat diukur secara andal dan kemungkinan besar Bank akan memperoleh manfaat ekonomis masa depan dari aset tersebut. Aset tidak berwujud terdiri dari perangkat lunak. Perangkat lunak yang dibeli oleh Bank dicatat sebesar biaya perolehan dikurangi akumulasi amortisasi. Metode amortisasi, estimasi masa manfaat dan nilai residual ditelaah pada setiap akhir tahun pelaporan dan disesuaikan jika dianggap tepat. Biaya yg dapat diatribusikan secara langsung dikapitalisasi sebagai bagian produk perangkat lunak mencakup beban pekerja pengembang perangkat lunak dan bagian overhead yang relevan. Biaya yang terkait dengan pemeliharaan perangkat lunak diakui sebagai beban pada saat terjadinya. Biaya pengembangan yang sebelumnya diakui sebagai beban, tidak dapat diakui sebagai aset pada periode berikutnya. Perangkat lunak diamortisasi sejak bulan ketika aset tersebut digunakan dengan menggunakan metode garis lurus selama taksiran masa manfaat aset yaitu 5 tahun.
A35: Beban dibayar dimuka | C35: Biaya dibayar dimuka diamortisasi selama masa manfaat dengan menggunakan metode garis lurus (straight-line method). Agunan yang diambil alih sehubungan dengan penyelesaian pembiayaan diakui sebesar nilai realisasi bersih maksimum sebesar kewajiban nasabah. Nilai realisasi bersih adalah nilai wajar aset setelah dikurangi estimasi biaya pelepasan. | D35: Biaya dibayar dimuka diamortisasi selama masa manfaat dengan menggunakan metode garis lurus (straight-line method). Agunan yang diambil alih sehubungan dengan penyelesaian pembiayaan diakui sebesar nilai realisasi bersih maksimum sebesar kewajiban nasabah. Nilai realisasi bersih adalah nilai wajar aset setelah dikurangi estimasi biaya pelepasan. | E35: Biaya dibayar dimuka diamortisasi selama masa manfaat dengan menggunakan metode garis lurus (straight-line method). Agunan yang diambil alih sehubungan dengan penyelesaian pembiayaan diakui sebesar nilai realisasi bersih maksimum sebesar kewajiban nasabah. Nilai realisasi bersih adalah nilai wajar aset setelah dikurangi estimasi biaya pelepasan. | F35: Biaya dibayar dimuka diamortisasi selama masa manfaat dengan menggunakan metode garis lurus. Agunan yang diambil alih sehubungan dengan penyelesaian pembiayaan diakui sebesar nilai realisasi bersih maksimum sebesar kewajiban nasabah. Nilai realisasi bersih adalah nilai wajar aset setelah dikurangi estimasi biaya pelepasan. Setelah pengakuan awal, AYDA dicatat sebesar nilai yang lebih rendah antara nilai tercatat dengan nilai wajarnya setelah dikurangi biaya untuk menjualnya.
A36: Piutang dan utang asuransi
A37: Piutang pembiayaan konsumen
A38: Liabilitas atas kontrak
A39: Simpanan nasabah dan simpanan dari bank lain | C39: Simpanan merupakan simpanan pihak lain dalam bentuk giro wadiah dan tabungan wadiah. Simpanan dari bank lain dinyatakan sebesar nilai kewajiban Bank kepada bank lain.Giro wadiah digunakan sebagai instrumen pembayaran dan dapat ditarik setiap saat melalui cek dan bilyet giro, serta mendapatkan bonus sesuai dengan kebijakan Bank. Giro wadiah dinyatakan sebesar titipan pemegang giro di Bank. | D39: Simpanan merupakan simpanan pihak lain dalam bentuk giro wadiah dan tabungan wadiah. Simpanan dari bank lain dinyatakan sebesar nilai kewajiban Bank kepada bank lain.Giro wadiah digunakan sebagai instrumen pembayaran dan dapat ditarik setiap saat melalui cek dan bilyet giro, serta mendapatkan bonus sesuai dengan kebijakan Bank. Giro wadiah dinyatakan sebesar titipan pemegang giro di Bank. | E39: Simpanan merupakan simpanan pihak lain dalam bentuk giro wadiah dan tabungan wadiah. Simpanan dari bank lain dinyatakan sebesar nilai kewajiban Bank kepada bank lain.Giro wadiah digunakan sebagai instrumen pembayaran dan dapat ditarik setiap saat melalui cek dan bilyet giro, serta mendapatkan bonus sesuai dengan kebijakan Bank. Giro wadiah dinyatakan sebesar titipan pemegang giro di Bank. | F39: Simpanan merupakan simpanan pihak lain dalam bentuk giro wadiah dan tabungan wadiah. Simpanan dari bank lain dinyatakan sebesar nilai kewajiban Bank kepada bank lain. Giro wadiah digunakan sebagai instrumen pembayaran dan dapat ditarik setiap saat melalui cek dan bilyet giro, serta mendapatkan bonus sesuai dengan kebijakan Bank. Giro wadiah dinyatakan sebesar titipan pemegang giro di Bank.
A40: Obligasi subordinasi | D40: Sukuk Mudharabah Subordinasi diakui sebesar nilai wajar pada awalnya dan selanjutnya diukur sebesar biaya perolehan diamortisasi dengan menggunakan garis lurus. Biaya perolehan diamortisasi dihitung dengan memperhitungkan adanya diskonto atau premi terkait dengan pengakuan awal dan biaya transaksi. | E40: Sukuk Mudharabah Subordinasi diakui sebesar nilai wajar pada awalnya dan selanjutnya diukur sebesar biaya perolehan diamortisasi dengan menggunakan garis lurus. Biaya perolehan diamortisasi dihitung dengan memperhitungkan adanya diskonto atau premi terkait dengan pengakuan awal dan biaya transaksi. | F40: Sukuk Mudharabah Subordinasi diakui sebesar nilai wajar pada awalnya dan selanjutnya diukur sebesar biaya perolehan diamortisasi dengan menggunakan garis lurus. Biaya perolehan diamortisasi dihitung dengan memperhitungkan adanya diskonto atau premi terkait dengan pengakuan awal dan biaya transaksi.
A41: Efek-efek yang dibeli dengan janji dibeli kembali
A42: Saham treasuri
A43: Modal saham | D43: Saham Seri A Dwiwarna adalah saham yang dimiliki khusus oleh Negara Republik Indonesia yang memberikan hak istimewa sebagai berikut:• menyetujui dalam Rapat Umum Pemegang Saham (“RUPS”) mengenai perubahan Anggaran Dasar, perubahan permodalan, penggabungan, peleburan, pemisahan, pembubaran, serta pengambilalihan Bank oleh perusahaan lain;• menetapkan pedoman terkait pengembangan strategis Bank secara organik maupun non-organik;• mengusulkan penyelenggaraan RUPS dan mata acara RUPS; dan• meminta dan mengakses data dan dokumen Bank.Pelaksanaan hak-hak istimewa pemegang saham Seri A Dwiwarna dapat dikuasakan kepada pemegang saham pengendali Seri B terbanyak, kecuali pelaksanaan hak terkait persetujuan atas penggabungan, peleburan, pemisahan, pembubaran serta pengambilalihan Bank oleh perusahaan lain.Saham biasa Seri B adalah saham biasa atas nama yang dapat dimiliki oleh Negara Republik Indonesia dan/atau masyarakat. Pemegang Saham Seri B mempunyai hak memberikan suara dimana setiap satu saham berhak memberikan satu hak suara.Melalui PMHMETD I yang dilakukan pada bulan Desember 2022, Bank meningkatkan modal dan disetor penuh sebanyak 4.999.952.795 lembar saham (nilai penuh) atau sebesar Rp2.499.976, yang mengakibatkan kenaikan tambahan modal disetor sebesar Rp2.437.676 (setelah dikurangi oleh biaya emisi) (lihat Catatan 1d). | E43: Saham Seri A Dwiwarna adalah saham yang dimiliki khusus oleh Negara Republik Indonesia yang memberikan hak istimewa sebagai berikut: menyetujui dalam Rapat Umum Pemegang Saham () mengenai perubahan Anggaran Dasar, perubahan permodalan, penggabungan, peleburan, pemisahan, pembubaran, serta pengambilalihan Bank oleh perusahaan lain; menetapkan pedoman terkait pengembangan strategis Bank secara organik maupun non-organik; mengusulkan penyelenggaraan RUPS dan mata acara RUPS; dan meminta dan mengakses data dan dokumen Bank.Pelaksanaan hak-hak istimewa pemegang saham Seri A Dwiwarna dapat dikuasakan kepada pemegang saham pengendali Seri B terbanyak, kecuali pelaksanaan hak terkait persetujuan atas penggabungan, peleburan, pemisahan, pembubaran serta pengambilalihan Bank oleh perusahaan lain.Saham biasa Seri B adalah saham biasa atas nama yang dapat dimiliki oleh Negara Republik Indonesia dan/atau masyarakat. Pemegang Saham Seri B mempunyai hak memberikan suara dimana setiap satu saham berhak memberikan satu hak suara.Melalui PMHMETD I yang dilakukan pada bulan Desember 2022, Bank meningkatkan modal dan disetor penuh sebanyak 4.999.952.795 lembar saham (nilai penuh) atau sebesar Rp2.499.976, yang mengakibatkan kenaikan tambahan modal disetor sebesar Rp2.437.676 (setelah dikurangi oleh biaya emisi) (lihat Catatan 1d). | F43: Saham Seri A Dwiwarna adalah saham yang dimiliki khusus oleh Negara Republik Indonesia yang memberikan hak istimewa sebagai berikut: menyetujui dalam Rapat Umum Pemegang Saham () mengenai perubahan Anggaran Dasar, perubahan permodalan, penggabungan, peleburan, pemisahan, pembubaran, serta pengambilalihan Bank oleh perusahaan lain; menetapkan pedoman terkait pengembangan strategis Bank secara organik maupun nonorganik; mengusulkan penyelenggaraan RUPS dan mata acara RUPS; dan meminta dan mengakses data dan dokumen Bank. Pelaksanaan hak-hak istimewa pemegang saham Seri A Dwiwarna dapat dikuasakan kepada pemegang saham pengendali Seri B terbanyak, kecuali pelaksanaan hak terkait persetujuan atas penggabungan, peleburan, pemisahan, pembubaran serta pengambilalihan Bank oleh perusahaan lain. Saham biasa Seri B adalah saham biasa atas nama yang dapat dimiliki oleh Negara Republik Indonesia dan/atau masyarakat. Pemegang Saham Seri B mempunyai hak memberikan suara dimana setiap satu saham berhak memberikan satu hak suara.
A44: Pengaturan pembayaran berbasis saham
A45: Biaya emisi efek ekuitas
A46: Instrumen keuangan
A47: Aset tidak lancar yang diklasifikasikan sebagai dimiliki untuk dijual
A48: Peristiwa setelah tanggal periode pelaporan
A49: Penerapan standar akuntansi baru | D49: Berikut ini adalah standar akuntansi keuangan, perubahan dan interpretasi standar akuntansi keuangan yang berlaku efektif sejak 1 Januari 2023:• Amendemen PSAK 1: "Penyajian Laporan Keuangan" tentang pengungkapan kebijakan akuntansi yang mengubah istilah "signifikan" menjadi "material" dan memberi penjelasan mengenai kebijakan akuntansi material";• Amendemen PSAK 1: "Penyajian Laporan Keuangan" tentang klasifikasi liabilitas;• Amendemen PSAK 25: "Kebijakan Akuntansi, Perubahan Estimasi Akuntansi, dan Kesalahan" tentang definisi "estimasi akuntansi" dan penjelasannya;• Amendemen PSAK 16: “Aset Tetap” tentang hasil sebelum penggunaan yang diintensikan;• Amendemen PSAK 46: "Pajak Penghasilan" tentang Pajak Tangguhan terkait Aset dan Liabilitas yang timbul dari Transaksi Tunggal yang diadopsi dari Amendemen IAS 12 Pajak Penghasilan tentang Pajak Tangguhan terkait Aset dan Liabilitas yang timbul dari Transaksi Tunggal; dan• Amendemen PSAK 107: “Akuntansi Ijarah”.Kecuali untuk perubahan yang dijelaskan di bawah ini, implementasi dari standar-standar tersebut tidak menghasilkan perubahan substansial terhadap kebijakan akuntansi Bank dan tidak memiliki dampak yang material terhadap laporan keuangan Bank di tahun berjalan atau tahun sebelumnya.PSAK 107: “Akuntansi Ijarah”Sesuai dengan persyaratan transisi pada PSAK 107 “Akuntansi Ijarah”, Bank menerapkan secara retrospektif ketentuan akuntansi ijarah pada akad ijarah yang masih berlaku saat tanggal 1 Januari 2023. Dampak perubahan kebijakan akuntansi sebelumnya atas akad ijarah yang masih berlaku saat tanggal awal penerapan diakui pada saldo laba awal. Bank telah membukukan selisih metode pengakuan pendapatan pada PSAK 107 (2016) menjadi metode sesuai PSAK 107 (Revisi 2021) sebesar Rp78.403 pada saldo laba awal pada 1 Januari 2023 dan akun liaibilitas lain-lain sebesar Rp 95.528, serta selisih antara pendapatan ijarah yang akan diterima yang dihitung dengan metode merata pada akun aset lain-lain sejumlah Rp 1.830. Bank juga mereklasifikasi saldo pokok ijarah multijasa dari aset yang diperoleh untuk ijarah menjadi piutang ijarah sebesar Rp 220.544. | E49: Berikut ini adalah standar akuntansi keuangan baru, perubahan dan interpretasi standar akuntansi keuangan yang berlaku efektif sejak 1 Januari 2024: Amendemen PSAK 116: tentang liabilitas sewa pada transaksi jual dan sewa-balik; Amendemen PSAK 201: Laporan Keuangan tentang klasifikasi liabilitas lancar atau tidak lancar; Amendemen PSAK 201: Laporan Keuangan tentang liabilitas jangka panjang dengan kovenan; Revisi PSAK 401: Laporan Keuangan Syariah tentang penghilangan penyajian laporan perubahan aset kelolaan sebagai salah satu komponen laporan keuangan; dan Implementasi dari standar-standar tersebut tidak menghasilkan perubahan substansial terhadap kebijakan akuntansi Bank dan tidak memiliki dampak yang material terhadap laporan keuangan Bank di periode berjalan atau tahun sebelumnya. | F49: Berikut ini adalah standar akuntansi keuangan baru, perubahan dan interpretasi standar akuntansi keuangan yang berlaku efektif sejak 1 Januari 2025: Amendemen PSAK 221: Perubahan Kurs Valuta Asing tentang kekurangan ketertukaran. Implementasi dari standar-standar tersebut tidak menghasilkan perubahan substansial terhadap kebijakan akuntansi Bank dan tidak memiliki dampak yang material terhadap laporan keuangan Bank di tahun berjalan atau tahun sebelumnya.
A50: Standar akuntansi yang telah disahkan namun belum berlaku efektif | C50: Dewan Standar Akuntansi Keuangan Ikatan Akuntan Indonesia (“DSAK-IAI”) telah menerbitkan standar baru, amendemen dan interpretasi berikut, namun belum berlaku efektif untuk tahun buku yang dimulai pada 1 Januari 2022 adalah sebagai berikut:- Amendemen PSAK No. 1: “Penyajian Laporan Keuangan” tentang pengungkapan kebijakan akuntansi yang mengubah istilah “signifikan” menjadi “material” dan memberi penjelasan mengenai kebijakan akuntansi material”;- Amendemen PSAK No. 1: “Penyajian Laporan Keuangan” tentang klasifikasi liabilitas;- Amendemen PSAK No. 25: “Kebijakan Akuntansi, Perubahan Estimasi Akuntansi, dan Kesalahan” tentang definisi “estimasi akuntansi” dan penjelasannya;- Amendemen PSAK No. 16: “Aset Tetap” tentang hasil sebelum penggunaan yang diintensikan;- Amendemen PSAK No. 46: “Pajak Penghasilan” tentang Pajak Tangguhan terkait Aset dan Liabilitas yang timbul dari Transaksi Tunggal yang diadopsi dari Amendemen IAS No. 12 Pajak Penghasilan tentang Pajak Tangguhan terkait Aset dan Liabilitas yang timbul dari Transaksi Tunggal; dan- Amendemen PSAK No. 107: “AkuntansiIjarah”.Standar tersebut akan berlaku efektif pada 1 Januari 2023 dan penerapan dini diperbolehkan.- Amendemen PSAK 1: “Penyajian Laporan Keuangan” terkait liabilitas jangka Panjang dengan kovenan; dan- Amendemen PSAK 73: “Sewa” terkait liabilitas sewa pada transaksi jual dan sewa-balik.Standar tersebut akan berlaku efektif pada 1 Januari 2024 dan penerapan dini diperbolehkan. | D50: Dewan Standar Akuntansi Keuangan Ikatan Akuntan Indonesia (“DSAK-IAI”) telah menerbitkan standar baru, amendemen dan interpretasi berikut, namun belum berlaku efektif untuk tahun buku yang dimulai pada 1 Januari 2023 adalah sebagai berikut:- Amendemen PSAK 1: “Penyajian Laporan Keuangan” terkait liabilitas jangka panjang dengan kovenan; dan- Amendemen PSAK 73: “Sewa” terkait liabilitas sewa pada transaksi jual dan sewa-balik.Standar tersebut akan berlaku efektif pada 1 Januari 2024 dan penerapan dini diperbolehkan.- PSAK 74: “Kontrak Asuransi”; dan- Amendemen PSAK 74: “Kontrak Asuransi” terkait Penerapan Awal PSAK 74 dan PSAK 71 - Informasi Komparatif.Standar tersebut akan berlaku efektif pada 1 Januari 2025.Pada saat penerbitan laporan keuangan, Bank masih mempelajari dampak yang mungkin timbul dari penerapan standar baru dan revisi tersebut serta pengaruhnya pada laporan keuangan. | E50: Dewan Standar Akuntansi Keuangan Ikatan Akuntan Indonesia (-IAI) telah menerbitkan standar baru, amendemen dan interpretasi berikut, namun belum berlaku efektif untuk tahun buku yang dimulai pada 1 Januari 2024 adalah sebagai berikut: - Amendemen PSAK 221: Perubahan Kurs Valuta Asing tentang kekurangan ketertukaran. Standar tersebut akan berlaku efektif pada 1 Januari 2025 dan penerapan dini diperbolehkan. Pada saat penerbitan laporan keuangan, Bank masih mempelajari dampak yang mungkin timbul dari penerapan standar baru dan revisi tersebut serta pengaruhnya pada laporan keuangan. | F50: Dewan Standar Akuntansi Keuangan Ikatan Akuntan Indonesia (-IAI) telah menerbitkan standar baru, amendemen dan interpretasi berikut, namun belum berlaku efektif untuk tahun buku yang dimulai pada 1 Januari 2025 adalah sebagai berikut: - Amendemen PSAK 109: dan Pengukuran Instrumen Keuangan tentang penghentian pengakuan liabilitas keuangan, serta mengklarifikasi penilaian karakteristik arus kas untuk aset keuangan dengan fitur ESG-linked, aset keuangan dengan fitur non-recourse, dan instrumen yang terikat secara kontraktual seperti tranche. - Amendemen PSAK 107: dan Pengukuran Instrumen Keuangan tentang persyaratan pengungkapan investasi pada instrumen ekuitas yang diukur pada nilai wajar melalui penghasilan komprehensif lain dan menambah ketentuan terkait instrumen keuangan dengan persyaratan kontraktual yang mengubah waktu atau jumlah arus kas kontraktual. Standar tersebut akan berlaku efektif pada 1 Januari 2026. Pada saat penerbitan laporan keuangan, Bank masih mempelajari dampak yang mungkin timbul dari penerapan standar baru dan revisi tersebut serta pengaruhnya pada laporan keuangan.
A51: Utang pembiayaan konsumen

Sheet CREDIT BY SECTOR
A1: Rincian piutang usaha berdasarkan rincian pihak
A2: 1
A3: Period
A4: Rupiah
A5: Perindustrian - Rupiah - Total
A6: Perindustrian - Rupiah - Lancar
A7: Perindustrian - Rupiah - Dalam perhatian khusus
A8: Perindustrian - Rupiah - Kurang lancar
A9: Perindustrian - Rupiah - Diragukan
A10: Perindustrian - Rupiah - Macet
A11: Perdagangan, restoran dan hotel - Rupiah - Total
A12: Perdagangan, restoran dan hotel - Rupiah - Lancar
A13: Perdagangan, restoran dan hotel - Rupiah - Dalam perhatian khusus
A14: Perdagangan, restoran dan hotel - Rupiah - Kurang lancar
... A168: Jumlah pinjaman - Bersih - Macet

Sheet GIRO BREAKDOWN
A1: Rincian piutang usaha berdasarkan rincian pihak
A2: 1
A3: Period | C3: 2021-12-31 | D3: 2022-12-31 | E3: 2023-12-31 | F3: 2024-12-31 | G3: 2025-12-31
A4: Rupiah
A5: Giro - Total
A6: Giro - Pihak Berelasi - Total
A7: Giro - Pihak Berelasi - Rupiah
A8: Giro - Pihak Berelasi - Mata uang asing
A9: Giro - Pihak Ketiga - Total
A10: Giro - Pihak Ketiga - Rupiah
A11: Giro - Pihak Ketiga - Mata uang asing
A12: Giro wadiah - Total | C12: 21090.695 | D12: 21797.852 | E12: 20847.524 | F12: 19147.079 | G12: 27790.474
A13: Giro wadiah - Pihak Berelasi - Total | C13: 1333.744 | D13: 2410.156 | E13: 2823.859 | F13: 2886.845 | G13: 2855.644
A14: Giro wadiah - Pihak Berelasi - Rupiah | C14: 1301.454 | D14: 2404.787 | E14: 2818.082 | F14: 2847.492 | G14: 2833.391
A15: Giro wadiah - Pihak Berelasi - Mata uang asing | C15: 32.29 | D15: 5.369 | E15: 5.777 | F15: 39.353 | G15: 22.253
A16: Giro wadiah - Pihak Ketiga - Total | C16: 19756.951 | D16: 19387.696 | E16: 18023.665 | F16: 16260.234 | G16: 24934.83
A17: Giro wadiah - Pihak Ketiga - Rupiah | C17: 18757.585 | D17: 18439.514 | E17: 16475.273 | F17: 15113.9 | G17: 23444.933
A18: Giro wadiah - Pihak Ketiga - Mata uang asing | C18: 999.366 | D18: 948.182 | E18: 1548.392 | F18: 1146.334 | G18: 1489.897

Sheet SAVINGS BREAKDOWN
A1: Rincian piutang usaha berdasarkan rincian pihak
A2: 1
A3: Period | C3: 2021-12-31 | D3: 2022-12-31 | E3: 2023-12-31 | F3: 2024-12-31 | G3: 2025-12-31
A4: Rupiah
A5: Tabungan - Total
A6: Tabungan - Pihak Berelasi - Total
A7: Tabungan - Pihak Berelasi - Rupiah
A8: Tabungan - Pihak Berelasi - Mata uang asing
A9: Tabungan - Pihak Ketiga - Total
A10: Tabungan - Pihak Ketiga - Rupiah
A11: Tabungan - Pihak Ketiga - Mata uang asing
A12: Tabungan wadiah - Total | C12: 36157.195 | D12: 44214.405 | E12: 47026.374 | F12: 55280.067 | G12: 63311.121
A13: Tabungan wadiah - Pihak Berelasi - Total | C13: 11.176 | D13: 12.747 | E13: 10.163 | F13: 13.901 | G13: 17.47
A14: Tabungan wadiah - Pihak Berelasi - Rupiah | C14: 9.616 | D14: 11.97 | E14: 9.35 | F14: 11.364 | G14: 16.159
A15: Tabungan wadiah - Pihak Berelasi - Mata uang asing | C15: 1.56 | D15: 0.777 | E15: 0.813 | F15: 2.537 | G15: 1.311
A16: Tabungan wadiah - Pihak Ketiga - Total | C16: 36146.019 | D16: 44201.658 | E16: 47016.211 | F16: 55266.166 | G16: 63293.651
A17: Tabungan wadiah - Pihak Ketiga - Rupiah | C17: 34815.161 | D17: 42804.765 | E17: 45708.696 | F17: 54045.084 | G17: 62015.96
A18: Tabungan wadiah - Pihak Ketiga - Mata uang asing | C18: 1330.858 | D18: 1396.893 | E18: 1307.515 | F18: 1221.082 | G18: 1277.691

Sheet TIME DEPOSITS BREAKDOWN
A1: Deposito berjangka dan deposito wakalah
A2: 1
A3: Period | C3: 2021-12-31 | D3: 2022-12-31 | E3: 2023-12-31 | F3: 2024-12-31 | G3: 2025-12-31
A4: Rupiah
A5: Deposito berjangka - Total
A6: Deposito berjangka - Pihak Berelasi - Total
A7: Deposito berjangka - Pihak Berelasi - Rupiah
A8: Deposito berjangka - Pihak Berelasi - Mata uang asing
A9: Deposito berjangka - Pihak Ketiga - Total
A10: Deposito berjangka - Pihak Ketiga - Rupiah
A11: Deposito berjangka - Pihak Ketiga - Mata uang asing
A12: Deposito wakalah - Total
A13: Deposito wakalah - Pihak Berelasi - Total
A14: Deposito wakalah - Pihak Berelasi - Rupiah
A15: Deposito wakalah - Pihak Berelasi - Mata uang asing
... A18: Deposito wakalah - Pihak Ketiga - Mata uang asing

Sheet DEPOSIT INTEREST RATE
A1: Tingkat bunga rata-rata per tahun dana pihak ketiga
A3: Period | C3: 2021-12-31 | D3: 2022-12-31 | E3: 2023-12-31 | F3: 2024-12-31 | G3: 2025-12-31
A4: Tingkat bunga giro
A5: Tingkat bunga giro - Rupiah
A6: Tingkat bunga giro - Mata uang asing
A7: Imbal hasil giro wadiah
A8: Imbal hasil giro wadiah - Rupiah | C8: 0.00% - 0.38% | D8: 0.01% - 0.03% | F8: 0.02% - 0.04% | G8: 0.18% - 0.24%
A9: Imbal hasil giro wadiah - Mata uang asing | C9: 0.00% - 0.09% | D9: 0.00% - 0.00% | F9: 0 | G9: 0
A10: Tingkat bunga tabungan
A11: Tingkat bunga tabungan - Rupiah
A12: Tingkat bunga tabungan - Mata uang asing
A13: Imbal hasil tabungan wadiah
A14: Imbal hasil tabungan wadiah - Rupiah | C14: 0.00% - 0.04% | D14: 0.00% - 0.00% | E14: 0.00% - 0.00% | F14: 0.00% - 0.00% | G14: 0.46% - 0.49%
A15: Imbal hasil tabungan wadiah - Mata uang asing | D15: 0.00% - 0.00% | F15: 0 | G15: 0
A16: Tingkat bunga deposito berjangka
A17: Tingkat bunga deposito berjangka - Rupiah
A18: Tingkat bunga deposito berjangka - Mata uang asing
A19: Imbal hasil deposito wakalah
A20: Imbal hasil deposito wakalah - Rupiah
A21: Imbal hasil deposito wakalah - Mata uang asing

Sheet INTEREST REVENUE BREAKDOWN
A1: Pendapatan bunga dan syariah
A2: 1
A3: Period | C3: 2021-12-31 | D3: 2022-12-31 | E3: 2023-12-31 | F3: 2024-12-31 | G3: 2025-12-31
A4: Pendapatan bunga dan syariah
A5: Pendapatan bunga
A6: Kredit yang diberikan
A7: Obligasi pemerintah
A8: Pendapatan pembiayaan konsumen
A9: Efek-efek
A10: Penempatan pada Bank Indonesia dan bank lain
A11: Lain-lain
A12: Subjumlah pendapatan bunga
A13: Pendapatan syariah dan pendapatan pengelolaan dana oleh bank sebagai mudharib
A14: Pendapatan keuntungan murabahah dan pendapatan bersih istishna | C14: 10184.236 | D14: 11354.885 | E14: 12627.78 | F14: 13404.055 | G14: 14510.697
A15: Pendapatan bagi hasil musyarakah | C15: 4237.16 | D15: 4722.224 | E15: 5843.007 | F15: 7841.527 | G15: 9978.945
